Workbook

Sheet Planilha1
A1: PREFEITURA MUNICIPAL DE JANUÁRIA- MG Avenida Aeroporto, 250. Bairro: Aeroporto - CEP 39480-000 - Januária/MG CNPJ 21.461.546/0001-10 Telefax: 0xx (38) 3621-2656 SECRETARIA MUNICIPAL DE OBRAS E SERVIÇOS URBANOS | J1: MEDIÇÃO 01 | S1: MEDIÇÃO 02 | AB1: MEDIÇÃO 03
A9: PLANILHA ORÇAMENTÁRIA DE CUSTOS
A10: PREFEITURA MUNICIPAL DE JANUÁRIA
A11: OBRA:CONSTRUÇÃO DA PRAÇA LIBERADE
A12: LOCAL: JANUÁRIA - MG
A13: REGIÃO/MÊS DE REFERÊNCIA: SETOP REGIÃO NORTE AGOSTO/2023 - SINAPI DEZEMBRO/2023
A14: PRAZO DE EXECUÇÃO: 4 MESES | J14: FISÍCO | M14: FINANCEIRO | S14: FISÍCO | V14: FINANCEIRO | AB14: FISÍCO | AE14: FINANCEIRO
A15: ITEM | B15: CÓDIGO | C15: DESCRIÇÃO | D15: UNIDADE | E15: QUANTIDADE | F15: VALOR UNIT. | G15: VALOR UNIT. C/ BDI | H15: VALOR TOTAL | J15: ANTERIOR | K15: ATUAL | L15: ACUMULADO | M15: ANTERIOR | N15: ATUAL | O15: ACUMULADO | S15: ANTERIOR | T15: ATUAL | U15: ACUMULADO | V15: ANTERIOR | W15: ATUAL | X15: ACUMULADO | AB15: ANTERIOR | AC15: ATUAL | AD15: ACUMULADO | AE15: ANTERIOR | AF15: ATUAL | AG15: ACUMULADO
A16: 1 | B16: SERVIÇOS INICIAIS | H16: =SUM(H17:H20) -> 37626.63
A17: 1.1 | B17: ED-28427 | C17: FORNECIMENTO E COLOCAÇÃO DE PLACA DE OBRA EM CHAPA GALVANIZADA #26, ESP. 0,45MM, DIMENSÃO (3X1,5)M, PLOTADA COM ADESIVO VINÍLICO, AFIXADA COM REBITES 4,8X40MM, EM ESTRUTURA METÁLICA DE METALON 20X20MM, ESP. 1,25MM,INCLUSIVE SUPORTE EM EUCALIPTO AUTOCLAVADO PINTADO COM TINTA PVA DUAS (2) DEMÃOS | D17: UNID | E17: 1 | F17: 1627 | G17: =F17+F17*$G$12 -> 1627 | H17: 1627 | K17: =Q17 -> 1 | L17: =J17+K17 -> 1 | N17: =K17*G17 -> 1627 | O17: =M17+N17 -> 1627 | P17: 1 | Q17: =ROUND(E17*P17,2) -> 1 | S17: =K17 -> 1 | T17: =Z17 -> 0 | U17: =S17+T17 -> 1 | V17: =S17*G17 -> 1627 | W17: =T17*G17 -> 0 | X17: =V17+W17 -> 1627 | Y17: 1 | Z17: =ROUND((E17-L17)*Y17,2) -> 0 | AB17: =U17 -> 1 | AC17: =AI17 -> 0 | AD17: =AB17+AC17 -> 1 | AE17: =AB17*G17 -> 1627 | AF17: =AC17*G17 -> 0 | AG17: =AE17+AF17 -> 1627 | AH17: 0 | AI17: =ROUND(E17*AH17,2) -> 0
A18: 1.2 | B18: ED-28427 | C18: BARRACÃO DE OBRA, EM CHAPA DE COMPENSADO RESINADO,INCLUSIVE INSTALAÇÕES SANITÁRIAS E MOBILIÁRIO - PADRÃO DER-MG | D18: M² | E18: 8 | F18: 489.45 | G18: =F18+F18*$G$12 -> 489.45 | H18: 3915.6 | K18: =Q18 -> 8 | L18: =J18+K18 -> 8 | N18: =K18*G18 -> 3915.6 | O18: =M18+N18 -> 3915.6 | P18: 1 | Q18: =ROUND(E18*P18,2) -> 8 | S18: =K18 -> 8 | T18: =Z18 -> 0 | U18: =S18+T18 -> 8 | V18: =S18*G18 -> 3915.6 | W18: =T18*G18 -> 0 | X18: =V18+W18 -> 3915.6 | Y18: 1 | Z18: =ROUND((E18-L18)*Y18,2) -> 0 | AB18: =U18 -> 8 | AC18: =AI18 -> 0 | AD18: =AB18+AC18 -> 8 | AE18: =AB18*G18 -> 3915.6 | AF18: =AC18*G18 -> 0 | AG18: =AE18+AF18 -> 3915.6 | AH18: 0 | AI18: =ROUND(E18*AH18,2) -> 0
A19: 1.3 | B19: ED-50159 | C19: TAPUME FIXO DE PROTEÇÃO PARA FECHAMENTO DE OBRA EM CHAPA DE COMPENSADO, ESP. 12MM, COM MÓDULO NA DIMENSÃO DE (110X220)CM, INCLUSIVE PINTURA LÁTEX (PVA) COM DUAS (2) DEMÃOS, EXCLUSIVE ABERTURA PARA PORTÃO | D19: M | E19: 160 | F19: 198.29 | G19: =F19+F19*$G$12 -> 198.29 | H19: 31726.4 | K19: =Q19 -> 160 | L19: =J19+K19 -> 160 | N19: =K19*G19 -> 31726.4 | O19: =M19+N19 -> 31726.4 | P19: 1 | Q19: =ROUND(E19*P19,2) -> 160 | S19: =K19 -> 160 | T19: =Z19 -> 0 | U19: =S19+T19 -> 160 | V19: =S19*G19 -> 31726.4 | W19: =T19*G19 -> 0 | X19: =V19+W19 -> 31726.4 | Y19: 1 | Z19: =ROUND((E19-L19)*Y19,2) -> 0 | AB19: =U19 -> 160 | AC19: =AI19 -> 0 | AD19: =AB19+AC19 -> 160 | AE19: =AB19*G19 -> 31726.4 | AF19: =AC19*G19 -> 0 | AG19: =AE19+AF19 -> 31726.4 | AH19: 0 | AI19: =ROUND(E19*AH19,2) -> 0
A20: 1.4 | B20: ED-50162 | C20: PORTÃO PARA TAPUME FIXO DE PROTEÇÃO COM FECHAMENTO DE OBRA EM CHAPA DE COMPENSADO, ESP. 12MM, COM MÓDULO NA DIMENSÃO DE (110X220)CM, INCLUSIVE FERRAGENS E PINTURA LÁTEX (PVA) COM DUAS (2) DEMÃOS | D20: M² | E20: =2.1*0.9 -> 1.89 | F20: 189.22 | G20: =F20+F20*$G$12 -> 189.22 | H20: 357.63 | K20: =Q20 -> 1.89 | L20: =J20+K20 -> 1.89 | N20: =K20*G20 -> 357.6258 | O20: =M20+N20 -> 357.6258 | P20: 1 | Q20: =ROUND(E20*P20,2) -> 1.89 | S20: =K20 -> 1.89 | T20: =Z20 -> 0 | U20: =S20+T20 -> 1.89 | V20: =S20*G20 -> 357.6258 | W20: =T20*G20 -> 0 | X20: =V20+W20 -> 357.6258 | Y20: 1 | Z20: =ROUND((E20-L20)*Y20,2) -> 0 | AB20: =U20 -> 1.89 | AC20: =AI20 -> 0 | AD20: =AB20+AC20 -> 1.89 | AE20: =AB20*G20 -> 357.6258 | AF20: =AC20*G20 -> 0 | AG20: =AE20+AF20 -> 357.6258 | AH20: 0 | AI20: =ROUND(E20*AH20,2) -> 0
A21: 2 | B21: MOVIMENTAÇÃO DE TERRA | H21: =SUM(H22:H24) -> 12272.13 | N21: =SUM(N17:N20) -> 37626.626 | O21: =SUM(O17:O20) -> 37626.626 | V21: =SUM(V17:V20) -> 37626.626 | W21: =SUM(W17:W20) -> 0 | X21: =V21+W21 -> 37626.626 | AE21: =SUM(AE17:AE20) -> 37626.626 | AF21: =SUM(AF17:AF20) -> 0 | AG21: =AE21+AF21 -> 37626.626
A22: 2.2 | B22: ED-51107 | C22: ESCAVAÇÃO MANUAL DE VALA COM PROFUNDIDADE MENOR OU IGUAL A 1,5M, INCLUSIVE DESCARGA LATERAL | D22: M³ | E22: 35.46 | F22: 84.57 | G22: =F22+F22*$G$12 -> 84.57 | H22: 2998.85 | K22: =Q22 -> 1.77 | L22: =J22+K22 -> 1.77 | N22: =K22*G22 -> 149.6889 | O22: =M22+N22 -> 149.6889 | P22: 0.05 | Q22: =ROUND(E22*P22,2) -> 1.77 | S22: =K22 -> 1.77 | T22: =Z22 -> 26.95 | U22: =S22+T22 -> 28.72 | V22: =S22*G22 -> 149.6889 | W22: =T22*G22 -> 2279.1615 | X22: =V22+W22 -> 2428.8504 | Y22: 0.8 | Z22: =ROUND((E22-L22)*Y22,2) -> 26.95 | AB22: =U22 -> 28.72 | AC22: =AI22 -> 6.74 | AD22: =AB22+AC22 -> 35.46 | AE22: =AB22*G22 -> 2428.8504 | AF22: =AC22*G22 -> 570.0018 | AG22: =AE22+AF22 -> 2998.8522 | AH22: 0.19 | AI22: =ROUND(E22*AH22,2) -> 6.74 | AJ22: 4514
A23: 2.3 | B23: ED-51120 | C23: REATERRO MANUAL DE VALA, INCLUSIVE ESPALHAMENTO E COMPACTAÇÃO MANUAL COM SOQUETE | D23: M³ | E23: 14.11 | F23: 84.57 | G23: =F23+F23*$G$12 -> 84.57 | H23: 1193.28 | K23: =Q23 -> 0.71 | L23: =J23+K23 -> 0.71 | N23: =K23*G23 -> 60.0447 | O23: =M23+N23 -> 60.0447 | P23: 0.05 | Q23: =ROUND(E23*P23,2) -> 0.71 | S23: =K23 -> 0.71 | T23: =Z23 -> 10.72 | U23: =S23+T23 -> 11.43 | V23: =S23*G23 -> 60.0447 | W23: =T23*G23 -> 906.5904 | X23: =V23+W23 -> 966.6351 | Y23: 0.8 | Z23: =ROUND((E23-L23)*Y23,2) -> 10.72 | AB23: =U23 -> 11.43 | AC23: =AI23 -> 2.68 | AD23: =AB23+AC23 -> 14.11 | AE23: =AB23*G23 -> 966.6351 | AF23: =AC23*G23 -> 226.6476 | AG23: =AE23+AF23 -> 1193.2827 | AH23: 0.19 | AI23: =ROUND(E23*AH23,2) -> 2.68 | AJ23: 4514
A24: 2.4 | B24: ED-51124 | C24: REGULARIZAÇÃO E COMPACTAÇÃO MECÂNICA DE TERRENO COM ROLO VIBRATÓRIO, EXCLUSIVE DESMATAMENTO, DESTOCAMENTO, LIMPEZA/ROÇADA DO TERRENO | D24: M² | E24: =40*50 -> 2000 | F24: 4.04 | G24: =F24+F24*$G$12 -> 4.04 | H24: 8080 | K24: =Q24 -> 100 | L24: =J24+K24 -> 100 | N24: =K24*G24 -> 404 | O24: =M24+N24 -> 404 | P24: 0.05 | Q24: =ROUND(E24*P24,2) -> 100 | S24: =K24 -> 100 | T24: =Z24 -> 1710 | U24: =S24+T24 -> 1810 | V24: =S24*G24 -> 404 | W24: =T24*G24 -> 6908.4 | X24: =V24+W24 -> 7312.4 | Y24: 0.9 | Z24: =ROUND((E24-L24)*Y24,2) -> 1710 | AB24: =U24 -> 1810 | AC24: =AI24 -> 190 | AD24: =AB24+AC24 -> 2000 | AE24: =AB24*G24 -> 7312.4 | AF24: =AC24*G24 -> 767.6 | AG24: =AE24+AF24 -> 8080 | AH24: 0.095 | AI24: =ROUND(E24*AH24,2) -> 190 | AJ24: 4514
A25: 3 | B25: PAVIMENTAÇÃO | H25: =SUM(H26:H32) -> 148519.67 | N25: =SUM(N22:N24) -> 613.7336 | O25: =SUM(O22:O24) -> 613.7336 | V25: =SUM(V22:V24) -> 613.7336 | W25: =SUM(W22:W24) -> 10094.152 | X25: =V25+W25 -> 10707.885 | AE25: =SUM(AE22:AE24) -> 10707.886 | AF25: =SUM(AF22:AF24) -> 1564.2494 | AG25: =AE25+AF25 -> 12272.135
A26: 3.1 | B26: ED-15227 | C26: PISO PODOTÁTIL DE CONCRETO, DIRECIONAL, APLICADO EM PISO (20X20CM) COM JUNTA SECA, COR VERMELHO/AMARELO, ASSENTAMENTO COM ARGAMASSA INDUSTRIALIZADA, INCLUSIVE FORNECIMENTO E INSTALAÇÃO | D26: M² | E26: 59 | F26: 62.75 | G26: =F26+F26*$G$12 -> 62.75 | H26: 3702.25 | K26: =Q26 -> 0 | L26: =J26+K26 -> 0 | N26: =K26*G26 -> 0 | O26: =M26+N26 -> 0 | P26: 0 | Q26: =ROUND(E26*P26,2) -> 0 | S26: =K26 -> 0 | T26: =Z26 -> 26.55 | U26: =S26+T26 -> 26.55 | V26: =S26*G26 -> 0 | W26: =T26*G26 -> 1666.0125 | X26: =V26+W26 -> 1666.0125 | Y26: 0.45 | Z26: =ROUND((E26-L26)*Y26,2) -> 26.55 | AB26: =U26 -> 26.55 | AC26: =AI26 -> 10.03 | AD26: =AB26+AC26 -> 36.58 | AE26: =AB26*G26 -> 1666.0125 | AF26: =AC26*G26 -> 629.3825 | AG26: =AE26+AF26 -> 2295.395 | AH26: 0.17 | AI26: =ROUND(E26*AH26,2) -> 10.03 | AJ26: 4514
A27: 3.2 | B27: ED-15226 | C27: PISO PODOTÁTIL DE CONCRETO, ALERTA, APLICADO EM PISO (20X20CM) COM JUNTA SECA, COR VERMELHO/AMARELO, ASSENTAMENTO COM ARGAMASSA INDUSTRIALIZADA, INCLUSIVE FORNECIMENTO E INSTALAÇÃO | D27: M² | E27: 5.04 | F27: 100.4 | G27: =F27+F27*$G$12 -> 100.4 | H27: 506.02 | K27: =Q27 -> 0 | L27: =J27+K27 -> 0 | N27: =K27*G27 -> 0 | O27: =M27+N27 -> 0 | P27: 0 | Q27: =ROUND(E27*P27,2) -> 0 | S27: =K27 -> 0 | T27: =Z27 -> 2.02 | U27: =S27+T27 -> 2.02 | V27: =S27*G27 -> 0 | W27: =T27*G27 -> 202.808 | X27: =V27+W27 -> 202.808 | Y27: 0.4 | Z27: =ROUND((E27-L27)*Y27,2) -> 2.02 | AB27: =U27 -> 2.02 | AC27: =AI27 -> 1.51 | AD27: =AB27+AC27 -> 3.53 | AE27: =AB27*G27 -> 202.808 | AF27: =AC27*G27 -> 151.604 | AG27: =AE27+AF27 -> 354.412 | AH27: 0.3 | AI27: =ROUND(E27*AH27,2) -> 1.51 | AJ27: 4514
A28: 3.3 | B28: ED-50417 | C28: EXECUÇÃO DE PAVIMENTO INTERTRAVADO, ESPESSURA 6CM, FCK 35MPA, INCLUINDO FORNECIMENTO E TRANSPORTE DE TODOS OS MATERIAIS E COLCHÃO DE ASSENTAMENTO COM ESPESSURA 6CM (CINZA) | D28: M² | E28: 655 | F28: 67.77 | G28: =F28+F28*$G$12 -> 67.77 | H28: 44389.35 | K28: =Q28 -> 0 | L28: =J28+K28 -> 0 | N28: =K28*G28 -> 0 | O28: =M28+N28 -> 0 | P28: 0 | Q28: =ROUND(E28*P28,2) -> 0 | S28: =K28 -> 0 | T28: =Z28 -> 0 | U28: =S28+T28 -> 0 | V28: =S28*G28 -> 0 | W28: =T28*G28 -> 0 | X28: =V28+W28 -> 0 | Y28: 0 | Z28: =ROUND((E28-L28)*Y28,2) -> 0 | AB28: =U28 -> 0 | AC28: =AI28 -> 655 | AD28: =AB28+AC28 -> 655 | AE28: =AB28*G28 -> 0 | AF28: =AC28*G28 -> 44389.35 | AG28: =AE28+AF28 -> 44389.35 | AH28: 1 | AI28: =ROUND(E28*AH28,2) -> 655 | AJ28: 4514
A29: 3.4 | B29: 93680 | C29: EXECUÇÃO DE PAVIMENTO EM PISO INTERTRAVADO, COM BLOCO RETANGULAR COLORIDO DE 20 X 10 CM, ESPESSURA 6 CM. AF_10/2022 (VERMELHO) | D29: M² | E29: 455 | F29: 79.07 | G29: =F29+F29*$G$12 -> 79.07 | H29: 35976.85 | K29: =Q29 -> 0 | L29: =J29+K29 -> 0 | N29: =K29*G29 -> 0 | O29: =M29+N29 -> 0 | P29: 0 | Q29: =ROUND(E29*P29,2) -> 0 | S29: =K29 -> 0 | T29: =Z29 -> 0 | U29: =S29+T29 -> 0 | V29: =S29*G29 -> 0 | W29: =T29*G29 -> 0 | X29: =V29+W29 -> 0 | Y29: 0 | Z29: =ROUND((E29-L29)*Y29,2) -> 0 | AB29: =U29 -> 0 | AC29: =AI29 -> 0 | AD29: =AB29+AC29 -> 0 | AE29: =AB29*G29 -> 0 | AF29: =AC29*G29 -> 0 | AG29: =AE29+AF29 -> 0 | AH29: 0 | AI29: =ROUND(E29*AH29,2) -> 0
A30: 3.5 | B30: 93680 | C30: EXECUÇÃO DE PAVIMENTO EM PISO INTERTRAVADO, COM BLOCO RETANGULAR COLORIDO DE 20 X 10 CM, ESPESSURA 6 CM. AF_10/2022 (AMARELO) | D30: M² | E30: 630 | F30: 71.54 | G30: =F30+F30*$G$12 -> 71.54 | H30: 45070.2 | K30: =Q30 -> 0 | L30: =J30+K30 -> 0 | N30: =K30*G30 -> 0 | O30: =M30+N30 -> 0 | P30: 0 | Q30: =ROUND(E30*P30,2) -> 0 | S30: =K30 -> 0 | T30: =Z30 -> 0 | U30: =S30+T30 -> 0 | V30: =S30*G30 -> 0 | W30: =T30*G30 -> 0 | X30: =V30+W30 -> 0 | Y30: 0 | Z30: =ROUND((E30-L30)*Y30,2) -> 0 | AB30: =U30 -> 0 | AC30: =AI30 -> 0 | AD30: =AB30+AC30 -> 0 | AE30: =AB30*G30 -> 0 | AF30: =AC30*G30 -> 0 | AG30: =AE30+AF30 -> 0 | AH30: 0 | AI30: =ROUND(E30*AH30,2) -> 0
A31: 3.6 | B31: ED-51145 | C31: PASSEIOS DE CONCRETO E = 6 CM, FCK = 10 MPA, JUNTA SECA | D31: M² | E31: 330 | F31: 53.97 | G31: =F31+F31*$G$12 -> 53.97 | H31: 17810.1 | K31: =Q31 -> 0 | L31: =J31+K31 -> 0 | N31: =K31*G31 -> 0 | O31: =M31+N31 -> 0 | P31: 0 | Q31: =ROUND(E31*P31,2) -> 0 | S31: =K31 -> 0 | T31: =Z31 -> 267.3 | U31: =S31+T31 -> 267.3 | V31: =S31*G31 -> 0 | W31: =T31*G31 -> 14426.181 | X31: =V31+W31 -> 14426.181 | Y31: 0.81 | Z31: =ROUND((E31-L31)*Y31,2) -> 267.3 | AB31: =U31 -> 267.3 | AC31: =AI31 -> 62.7 | AD31: =AB31+AC31 -> 330 | AE31: =AB31*G31 -> 14426.181 | AF31: =AC31*G31 -> 3383.919 | AG31: =AE31+AF31 -> 17810.1 | AH31: 0.19 | AI31: =ROUND(E31*AH31,2) -> 62.7 | AJ31: 4515
A32: 3.7 | B32: ED-51148 | C32: RAMPA PARA ACESSO DE DEFICIENTE, EM CONCRETO SIMPLES FCK = 25MPA, DESEMPENADA, COM PINTURA INDICATIVA, 02 DEMÃOS | D32: UND | E32: 2 | F32: 532.45 | G32: =F32+F32*$G$12 -> 532.45 | H32: 1064.9 | K32: =Q32 -> 0 | L32: =J32+K32 -> 0 | N32: =K32*G32 -> 0 | O32: =M32+N32 -> 0 | P32: 0 | Q32: =ROUND(E32*P32,2) -> 0 | S32: =K32 -> 0 | T32: =Z32 -> 2 | U32: =S32+T32 -> 2 | V32: =S32*G32 -> 0 | W32: =T32*G32 -> 1064.9 | X32: =V32+W32 -> 1064.9 | Y32: 1 | Z32: =ROUND((E32-L32)*Y32,2) -> 2 | AB32: =U32 -> 2 | AC32: =AI32 -> 0 | AD32: =AB32+AC32 -> 2 | AE32: =AB32*G32 -> 1064.9 | AF32: =AC32*G32 -> 0 | AG32: =AE32+AF32 -> 1064.9 | AH32: 0 | AI32: =ROUND(E32*AH32,2) -> 0
A33: 4 | B33: INFRAESTRUTURA (MURO, CANTEIROS E PALCO) | H33: =SUM(H34:H44) -> 89831.52 | N33: =SUM(N26:N32) -> 0 | O33: =SUM(O26:O32) -> 0 | V33: =SUM(V26:V32) -> 0 | W33: =SUM(W26:W32) -> 17359.901 | X33: =V33+W33 -> 17359.901 | AE33: =SUM(AE26:AE32) -> 17359.901 | AF33: =SUM(AF26:AF32) -> 48554.255 | AG33: =AE33+AF33 -> 65914.157
A34: 4.1 | B34: ED-50408 | C34: MURO DIVISÓRIO TIJOLO FURADO E = 10 CM, REBOCADO E PINTADO A LATEX H = 2,20 A 2,50 M, INCLUSIVE SAPATA DECONCRETO ARMADO FCK = 15MPA, 50x55 CM. | D34: M | E34: 25 | F34: 878.5 | G34: =F34+F34*$G$12 -> 878.5 | H34: 21962.5 | K34: =Q34 -> 20 | L34: =J34+K34 -> 20 | N34: =K34*G34 -> 17570 | O34: =M34+N34 -> 17570 | P34: 0.8 | Q34: =ROUND(E34*P34,2) -> 20 | S34: =K34 -> 20 | T34: =Z34 -> 12.5 | U34: =S34+T34 -> 32.5 | V34: =S34*G34 -> 17570 | W34: =T34*G34 -> 10981.25 | X34: =V34+W34 -> 28551.25 | Y34: 2.5 | Z34: =ROUND((E34-L34)*Y34,2) -> 12.5 | AB34: =U34 -> 32.5 | AC34: =AI34 -> 0 | AD34: =AB34+AC34 -> 32.5 | AE34: =AB34*G34 -> 28551.25 | AF34: =AC34*G34 -> 0 | AG34: =AE34+AF34 -> 28551.25 | AH34: 0 | AI34: =ROUND(E34*AH34,2) -> 0
A35: 4.2 | B35: ED-48192 | C35: ALVENARIA DE VEDAÇÃO COM BLOCO DE CONCRETO, ESP. 14CM, PARA REVESTIMENTO, INCLUSIVE ARGAMASSA PARA ASSENTAMENTO | D35: M² | E35: 148.71 | F35: 70.28 | G35: =F35+F35*$G$12 -> 70.28 | H35: 10451.34 | K35: =Q35 -> 14.87 | L35: =J35+K35 -> 14.87 | N35: =K35*G35 -> 1045.0636 | O35: =M35+N35 -> 1045.0636 | P35: 0.1 | Q35: =ROUND(E35*P35,2) -> 14.87 | S35: =K35 -> 14.87 | T35: =Z35 -> 107.07 | U35: =S35+T35 -> 121.94 | V35: =S35*G35 -> 1045.0636 | W35: =T35*G35 -> 7524.8796 | X35: =V35+W35 -> 8569.9432 | Y35: 0.8 | Z35: =ROUND((E35-L35)*Y35,2) -> 107.07 | AB35: =U35 -> 121.94 | AC35: =AI35 -> 26.77 | AD35: =AB35+AC35 -> 148.71 | AE35: =AB35*G35 -> 8569.9432 | AF35: =AC35*G35 -> 1881.3956 | AG35: =AE35+AF35 -> 10451.339 | AH35: 0.18 | AI35: =ROUND(E35*AH35,2) -> 26.77 | AJ35: 4515
A36: 4.3 | B36: 87894 | C36: CHAPISCO APLICADO EM ALVENARIA (SEM PRESENÇA DE VÃOS) E ESTRUTURAS DE CONCRETO DE FACHADA, COM COLHER DE PEDREIRO. ARGAMASSA TRAÇO 1:3 COM PREPARO EM BETONEIRA 400L. AF_10/2022 | D36: M² | E36: 340 | F36: 8.33 | G36: =F36+F36*$G$12 -> 8.33 | H36: 2832.2 | K36: =Q36 -> 34 | L36: =J36+K36 -> 34 | N36: =K36*G36 -> 283.22 | O36: =M36+N36 -> 283.22 | P36: 0.1 | Q36: =ROUND(E36*P36,2) -> 34 | S36: =K36 -> 34 | T36: =Z36 -> 244.8 | U36: =S36+T36 -> 278.8 | V36: =S36*G36 -> 283.22 | W36: =T36*G36 -> 2039.184 | X36: =V36+W36 -> 2322.404 | Y36: 0.8 | Z36: =ROUND((E36-L36)*Y36,2) -> 244.8 | AB36: =U36 -> 278.8 | AC36: =AI36 -> 61.2 | AD36: =AB36+AC36 -> 340 | AE36: =AB36*G36 -> 2322.404 | AF36: =AC36*G36 -> 509.796 | AG36: =AE36+AF36 -> 2832.2 | AH36: 0.18 | AI36: =ROUND(E36*AH36,2) -> 61.2 | AJ36: 4515
A37: 4.4 | B37: ED-50761 | C37: REBOCO COM ARGAMASSA, TRAÇO 1:2:8 (CIMENTO, CAL E AREIA, ESP. 20MM, APLICAÇÃO MANUAL, PREPARO MECÂNICO | D37: M² | E37: =E36 -> 340 | F37: 44.18 | G37: =F37+F37*$G$12 -> 44.18 | H37: 15021.2 | K37: =Q37 -> 34 | L37: =J37+K37 -> 34 | N37: =K37*G37 -> 1502.12 | O37: =M37+N37 -> 1502.12 | P37: 0.1 | Q37: =ROUND(E37*P37,2) -> 34 | S37: =K37 -> 34 | T37: =Z37 -> 244.8 | U37: =S37+T37 -> 278.8 | V37: =S37*G37 -> 1502.12 | W37: =T37*G37 -> 10815.264 | X37: =V37+W37 -> 12317.384 | Y37: 0.8 | Z37: =ROUND((E37-L37)*Y37,2) -> 244.8 | AB37: =U37 -> 278.8 | AC37: =AI37 -> 61.2 | AD37: =AB37+AC37 -> 340 | AE37: =AB37*G37 -> 12317.384 | AF37: =AC37*G37 -> 2703.816 | AG37: =AE37+AF37 -> 15021.2 | AH37: 0.18 | AI37: =ROUND(E37*AH37,2) -> 61.2 | AJ37: 4515
A38: 4.5 | B38: ED-50514 | C38: PREPARAÇÃO PARA EMASSAMENTO OU PINTURA (LÁTEX/ACRÍLICA) EM PAREDE, INCLUSIVE UMA (1) DEMÃO DE SELADOR ACRÍLICO | D38: M² | E38: 460 | F38: 6.28 | G38: =F38+F38*$G$12 -> 6.28 | H38: 2888.8 | K38: =Q38 -> 0 | L38: =J38+K38 -> 0 | N38: =K38*G38 -> 0 | O38: =M38+N38 -> 0 | P38: 0 | Q38: =ROUND(E38*P38,2) -> 0 | S38: =K38 -> 0 | T38: =Z38 -> 0 | U38: =S38+T38 -> 0 | V38: =S38*G38 -> 0 | W38: =T38*G38 -> 0 | X38: =V38+W38 -> 0 | Y38: 0 | Z38: =ROUND((E38-L38)*Y38,2) -> 0 | AB38: =U38 -> 0 | AC38: =AI38 -> 0 | AD38: =AB38+AC38 -> 0 | AE38: =AB38*G38 -> 0 | AF38: =AC38*G38 -> 0 | AG38: =AE38+AF38 -> 0 | AH38: 0 | AI38: =ROUND(E38*AH38,2) -> 0
A39: 4.6 | B39: ED-50459 | C39: PINTURA ACRÍLICA PARA PISO EM PASSEIO/SUPERFÍCIE CIMENTADA, DUAS (2) DEMÃOS | D39: M² | E39: 460 | F39: 7.91 | G39: =F39+F39*$G$12 -> 7.91 | H39: 3638.6 | K39: =Q39 -> 0 | L39: =J39+K39 -> 0 | N39: =K39*G39 -> 0 | O39: =M39+N39 -> 0 | P39: 0 | Q39: =ROUND(E39*P39,2) -> 0 | S39: =K39 -> 0 | T39: =Z39 -> 0 | U39: =S39+T39 -> 0 | V39: =S39*G39 -> 0 | W39: =T39*G39 -> 0 | X39: =V39+W39 -> 0 | Y39: 0 | Z39: =ROUND((E39-L39)*Y39,2) -> 0 | AB39: =U39 -> 0 | AC39: =AI39 -> 0 | AD39: =AB39+AC39 -> 0 | AE39: =AB39*G39 -> 0 | AF39: =AC39*G39 -> 0 | AG39: =AE39+AF39 -> 0 | AH39: 0 | AI39: =ROUND(E39*AH39,2) -> 0
A40: 4.7 | B40: ED-48388 | C40: CINTA DE AMARRAÇÃO DE ALVENARIA COM BLOCO DE CONCRETO ESTRUTURAL, CANALETA TIPO "U", ESP. 14CM, (FBK 4,5MPA), PARA REVESTIMENTO, INCLUSIVE ARGAMASSA PARA ASSENTAMENTO, EXCLUSIVE GRAUTE E ARMAÇÃO | D40: M | E40: 171 | F40: 24.71 | G40: =F40+F40*$G$12 -> 24.71 | H40: 4225.41 | K40: =Q40 -> 8.55 | L40: =J40+K40 -> 8.55 | N40: =K40*G40 -> 211.2705 | O40: =M40+N40 -> 211.2705 | P40: 0.05 | Q40: =ROUND(E40*P40,2) -> 8.55 | S40: =K40 -> 8.55 | T40: =Z40 -> 162.45 | U40: =S40+T40 -> 171 | V40: =S40*G40 -> 211.2705 | W40: =T40*G40 -> 4014.1395 | X40: =V40+W40 -> 4225.41 | Y40: 1 | Z40: =ROUND((E40-L40)*Y40,2) -> 162.45 | AB40: =U40 -> 171 | AC40: =AI40 -> 0 | AD40: =AB40+AC40 -> 171 | AE40: =AB40*G40 -> 4225.41 | AF40: =AC40*G40 -> 0 | AG40: =AE40+AF40 -> 4225.41 | AH40: 0 | AI40: =ROUND(E40*AH40,2) -> 0
A41: 4.8 | B41: ED-49619 | C41: FORNECIMENTO DE CONCRETO ESTRUTURAL, PREPARADO EM OBRA, COM FCK 25MPA, INCLUSIVE LANÇAMENTO, ADENSAMENTO E ACABAMENTO | D41: M³ | E41: 28.87 | F41: 878.5 | G41: =F41+F41*$G$12 -> 878.5 | H41: 25362.3 | K41: =Q41 -> 1.44 | L41: =J41+K41 -> 1.44 | N41: =K41*G41 -> 1265.04 | O41: =M41+N41 -> 1265.04 | P41: 0.05 | Q41: =ROUND(E41*P41,2) -> 1.44 | S41: =K41 -> 1.44 | T41: =Z41 -> 27.43 | U41: =S41+T41 -> 28.87 | V41: =S41*G41 -> 1265.04 | W41: =T41*G41 -> 24097.255 | X41: =V41+W41 -> 25362.295 | Y41: 1 | Z41: =ROUND((E41-L41)*Y41,2) -> 27.43 | AB41: =U41 -> 28.87 | AC41: =AI41 -> 0 | AD41: =AB41+AC41 -> 28.87 | AE41: =AB41*G41 -> 25362.295 | AF41: =AC41*G41 -> 0 | AG41: =AE41+AF41 -> 25362.295 | AH41: 0 | AI41: =ROUND(E41*AH41,2) -> 0
A42: 4.9 | B42: ED-48297 | C42: CORTE, DOBRA E MONTAGEM DE AÇO CA-60, DIÂMETRO (4,2MM A 5,0MM), INCLUSIVE ESPAÇADOR | D42: KG | E42: 132.66 | F42: 14.98 | G42: =F42+F42*$G$12 -> 14.98 | H42: 1987.25 | K42: =Q42 -> 6.63 | L42: =J42+K42 -> 6.63 | N42: =K42*G42 -> 99.3174 | O42: =M42+N42 -> 99.3174 | P42: 0.05 | Q42: =ROUND(E42*P42,2) -> 6.63 | S42: =K42 -> 6.63 | T42: =Z42 -> 126.03 | U42: =S42+T42 -> 132.66 | V42: =S42*G42 -> 99.3174 | W42: =T42*G42 -> 1887.9294 | X42: =V42+W42 -> 1987.2468 | Y42: 1 | Z42: =ROUND((E42-L42)*Y42,2) -> 126.03 | AB42: =U42 -> 132.66 | AC42: =AI42 -> 0 | AD42: =AB42+AC42 -> 132.66 | AE42: =AB42*G42 -> 1987.2468 | AF42: =AC42*G42 -> 0 | AG42: =AE42+AF42 -> 1987.2468 | AH42: 0 | AI42: =ROUND(E42*AH42,2) -> 0
A43: 4.10 | B43: ED-48295 | C43: CORTE, DOBRA E MONTAGEM DE AÇO CA-50, DIÂMETRO (6,3MM A 12,5MM), INCLUSIVE ESPAÇADOR | D43: KG | E43: 73.5 | F43: 15.06 | G43: =F43+F43*$G$12 -> 15.06 | H43: 1106.91 | K43: =Q43 -> 3.68 | L43: =J43+K43 -> 3.68 | N43: =K43*G43 -> 55.4208 | O43: =M43+N43 -> 55.4208 | P43: 0.05 | Q43: =ROUND(E43*P43,2) -> 3.68 | S43: =K43 -> 3.68 | T43: =Z43 -> 69.82 | U43: =S43+T43 -> 73.5 | V43: =S43*G43 -> 55.4208 | W43: =T43*G43 -> 1051.4892 | X43: =V43+W43 -> 1106.91 | Y43: 1 | Z43: =ROUND((E43-L43)*Y43,2) -> 69.82 | AB43: =U43 -> 73.5 | AC43: =AI43 -> 0 | AD43: =AB43+AC43 -> 73.5 | AE43: =AB43*G43 -> 1106.91 | AF43: =AC43*G43 -> 0 | AG43: =AE43+AF43 -> 1106.91 | AH43: 0 | AI43: =ROUND(E43*AH43,2) -> 0
A44: 4.11 | B44: ED-49643 | C44: FÔRMA E DESFORMA DE TÁBUA E SARRAFO, REAPROVEITAMENTO (3X), EXCLUSIVE ESCORAMENTO | D44: M² | E44: 4.9 | F44: 72.4573 | G44: =F44+F44*$G$12 -> 72.4573 | H44: 355.01 | K44: =Q44 -> 0.25 | L44: =J44+K44 -> 0.25 | N44: =K44*G44 -> 18.114325 | O44: =M44+N44 -> 18.114325 | P44: 0.05 | Q44: =ROUND(E44*P44,2) -> 0.25 | S44: =K44 -> 0.25 | T44: =Z44 -> 4.65 | U44: =S44+T44 -> 4.9 | V44: =S44*G44 -> 18.114325 | W44: =T44*G44 -> 336.92645 | X44: =V44+W44 -> 355.04077 | Y44: 1 | Z44: =ROUND((E44-L44)*Y44,2) -> 4.65 | AB44: =U44 -> 4.9 | AC44: =AI44 -> 0 | AD44: =AB44+AC44 -> 4.9 | AE44: =AB44*G44 -> 355.04077 | AF44: =AC44*G44 -> 0 | AG44: =AE44+AF44 -> 355.04077 | AH44: 0 | AI44: =ROUND(E44*AH44,2) -> 0
A45: 5 | B45: ILUMINAÇÃO | H45: =SUM(H46:H83) -> 44622.27 | N45: =SUM(N34:N44) -> 22049.567 | O45: =SUM(O34:O44) -> 22049.567 | V45: =SUM(V34:V44) -> 22049.567 | W45: =SUM(W34:W44) -> 62748.317 | X45: =V45+W45 -> 84797.884 | AE45: =SUM(AE34:AE44) -> 84797.884 | AF45: =SUM(AF34:AF44) -> 5095.0076 | AG45: =AE45+AF45 -> 89892.891
A46: 5.1 | B46: =[1]COMPOSIÇÃO!B4 -> COMPOSIÇÃO 01 | C46: SUPORTE NÚCLEO GALVANIZADO PARA FIXAÇÃO DE 4 PÉTALAS LUMINÁRIA PÚBLICA DE POSTE | D46: UNID | E46: 5 | F46: 426.45 | G46: =F46+F46*$G$12 -> 426.45 | H46: 2132.25 | K46: =Q46 -> 0 | L46: =J46+K46 -> 0 | N46: =K46*G46 -> 0 | O46: =M46+N46 -> 0 | P46: 0 | Q46: =ROUND(E46*P46,2) -> 0 | S46: =K46 -> 0 | T46: =Z46 -> 0 | U46: =S46+T46 -> 0 | V46: =S46*G46 -> 0 | W46: =T46*G46 -> 0 | X46: =V46+W46 -> 0 | Y46: 0 | Z46: =ROUND((E46-L46)*Y46,2) -> 0 | AB46: =U46 -> 0 | AC46: =AI46 -> 0 | AD46: =AB46+AC46 -> 0 | AE46: =AB46*G46 -> 0 | AF46: =AC46*G46 -> 0 | AG46: =AE46+AF46 -> 0 | AH46: 0 | AI46: =ROUND(E46*AH46,2) -> 0
A47: 5.2 | B47: =[1]COMPOSIÇÃO!B11 -> COMPOSIÇÃO 02 | C47: POSTE DE CONCRETO CÔNICO DE 11 METROS(ILUMINAÇÃO PÚBLICA) - 150 A 200 Dan | D47: UNID | E47: 5 | F47: 2127.11 | G47: =F47+F47*$G$12 -> 2127.11 | H47: 10635.55 | K47: =Q47 -> 0 | L47: =J47+K47 -> 0 | N47: =K47*G47 -> 0 | O47: =M47+N47 -> 0 | P47: 0 | Q47: =ROUND(E47*P47,2) -> 0 | S47: =K47 -> 0 | T47: =Z47 -> 0 | U47: =S47+T47 -> 0 | V47: =S47*G47 -> 0 | W47: =T47*G47 -> 0 | X47: =V47+W47 -> 0 | Y47: 0 | Z47: =ROUND((E47-L47)*Y47,2) -> 0 | AB47: =U47 -> 0 | AC47: =AI47 -> 5 | AD47: =AB47+AC47 -> 5 | AE47: =AB47*G47 -> 0 | AF47: =AC47*G47 -> 10635.55 | AG47: =AE47+AF47 -> 10635.55 | AH47: 1 | AI47: =ROUND(E47*AH47,2) -> 5 | AJ47: 4518
A48: 5.3 | B48: =[1]COMPOSIÇÃO!B21 -> COMPOSIÇÃO 03 | C48: LUMINÁRIA PÚBLICA DE LED DE 150 W (COM TOMADA PARA RELÉ) | D48: UNID | E48: 20 | F48: 342.81 | G48: =F48+F48*$G$12 -> 342.81 | H48: 6856.2 | K48: =Q48 -> 0 | L48: =J48+K48 -> 0 | N48: =K48*G48 -> 0 | O48: =M48+N48 -> 0 | P48: 0 | Q48: =ROUND(E48*P48,2) -> 0 | S48: =K48 -> 0 | T48: =Z48 -> 0 | U48: =S48+T48 -> 0 | V48: =S48*G48 -> 0 | W48: =T48*G48 -> 0 | X48: =V48+W48 -> 0 | Y48: 0 | Z48: =ROUND((E48-L48)*Y48,2) -> 0 | AB48: =U48 -> 0 | AC48: =AI48 -> 0 | AD48: =AB48+AC48 -> 0 | AE48: =AB48*G48 -> 0 | AF48: =AC48*G48 -> 0 | AG48: =AE48+AF48 -> 0 | AH48: 0 | AI48: =ROUND(E48*AH48,2) -> 0
A49: 5.4 | B49: =[1]COMPOSIÇÃO!B28 -> COMPOSIÇÃO 04 | C49: CINTA CIRCULAR DE AÇO DE 23MM PARA POSTE CIRCULAR EM CONCRETO | D49: UNID | E49: 2 | F49: 113.2 | G49: =F49+F49*$G$12 -> 113.2 | H49: 226.4 | K49: =Q49 -> 0 | L49: =J49+K49 -> 0 | N49: =K49*G49 -> 0 | O49: =M49+N49 -> 0 | P49: 0 | Q49: =ROUND(E49*P49,2) -> 0 | S49: =K49 -> 0 | T49: =Z49 -> 0 | U49: =S49+T49 -> 0 | V49: =S49*G49 -> 0 | W49: =T49*G49 -> 0 | X49: =V49+W49 -> 0 | Y49: 0 | Z49: =ROUND((E49-L49)*Y49,2) -> 0 | AB49: =U49 -> 0 | AC49: =AI49 -> 0 | AD49: =AB49+AC49 -> 0 | AE49: =AB49*G49 -> 0 | AF49: =AC49*G49 -> 0 | AG49: =AE49+AF49 -> 0 | AH49: 0 | AI49: =ROUND(E49*AH49,2) -> 0
A50: 5.5 | B50: ED-49197 | C50: CAIXA DE INSPEÇÃO EM CONCRETO, TIPO "ZA" PASSEIO, PADRÃO CEMIG, DIMENSÃO (28X28)CM, ALTURA 40CM, COM TAMPA E ARO ARTICULADO EM FERRO FUNDIDO, INCLUSIVE ESCAVAÇÃO, APILOAMENTO, LASTRO DE BRITA, REATERRO E TRANSPORTE E RETIRADA DO MATERIAL ESCAVADO (EM CAÇAMBA) | D50: UNID | E50: 1 | F50: 265.24 | G50: =F50+F50*$G$12 -> 265.24 | H50: 265.24 | K50: =Q50 -> 0 | L50: =J50+K50 -> 0 | N50: =K50*G50 -> 0 | O50: =M50+N50 -> 0 | P50: 0 | Q50: =ROUND(E50*P50,2) -> 0 | S50: =K50 -> 0 | T50: =Z50 -> 0 | U50: =S50+T50 -> 0 | V50: =S50*G50 -> 0 | W50: =T50*G50 -> 0 | X50: =V50+W50 -> 0 | Y50: 0 | Z50: =ROUND((E50-L50)*Y50,2) -> 0 | AB50: =U50 -> 0 | AC50: =AI50 -> 0 | AD50: =AB50+AC50 -> 0 | AE50: =AB50*G50 -> 0 | AF50: =AC50*G50 -> 0 | AG50: =AE50+AF50 -> 0 | AH50: 0 | AI50: =ROUND(E50*AH50,2) -> 0
A51: 5.6 | B51: ED-49199 | C51: CAIXA DE INSPEÇÃO EM CONCRETO, TIPO "ZB" PASSEIO, PADRÃO CEMIG, DIMENSÃO (52X44)CM, ALTURA 70CM, COM TAMPA E ARO ARTICULADO EM FERRO FUNDIDO, INCLUSIVE ESCAVAÇÃO, APILOAMENTO, LASTRO DE BRITA, REATERRO E TRANSPORTE E RETIRADA DO MATERIAL ESCAVADO (EM CAÇAMBA) | D51: UNID | E51: 8 | F51: 867.18 | G51: =F51+F51*$G$12 -> 867.18 | H51: 6937.44 | K51: =Q51 -> 0 | L51: =J51+K51 -> 0 | N51: =K51*G51 -> 0 | O51: =M51+N51 -> 0 | P51: 0 | Q51: =ROUND(E51*P51,2) -> 0 | S51: =K51 -> 0 | T51: =Z51 -> 0 | U51: =S51+T51 -> 0 | V51: =S51*G51 -> 0 | W51: =T51*G51 -> 0 | X51: =V51+W51 -> 0 | Y51: 0 | Z51: =ROUND((E51-L51)*Y51,2) -> 0 | AB51: =U51 -> 0 | AC51: =AI51 -> 8 | AD51: =AB51+AC51 -> 8 | AE51: =AB51*G51 -> 0 | AF51: =AC51*G51 -> 6937.44 | AG51: =AE51+AF51 -> 6937.44 | AH51: 1 | AI51: =ROUND(E51*AH51,2) -> 8 | AJ51: 4518
A52: 5.7 | B52: ED-49133 | C52: CABO DE COBRE NU # 16 MM2, ENTERRADO, EXCLUSIVE ESCAVAÇÃO E REATERRO | D52: M | E52: 5 | F52: 23.1 | G52: =F52+F52*$G$12 -> 23.1 | H52: 115.5 | K52: =Q52 -> 0 | L52: =J52+K52 -> 0 | N52: =K52*G52 -> 0 | O52: =M52+N52 -> 0 | P52: 0 | Q52: =ROUND(E52*P52,2) -> 0 | S52: =K52 -> 0 | T52: =Z52 -> 0 | U52: =S52+T52 -> 0 | V52: =S52*G52 -> 0 | W52: =T52*G52 -> 0 | X52: =V52+W52 -> 0 | Y52: 0 | Z52: =ROUND((E52-L52)*Y52,2) -> 0 | AB52: =U52 -> 0 | AC52: =AI52 -> 0 | AD52: =AB52+AC52 -> 0 | AE52: =AB52*G52 -> 0 | AF52: =AC52*G52 -> 0 | AG52: =AE52+AF52 -> 0 | AH52: 0 | AI52: =ROUND(E52*AH52,2) -> 0
A53: 5.8 | B53: ED-48998 | C53: CABO DE COBRE FLEXÍVEL, CLASSE 5, ISOLAMENTO TIPO EPR/HEPR, NÃO HALOGENADO, ANTICHAMA, TERMOFIXO, UNIPOLAR, SEÇÃO 10 MM2, 90°C, 0,6/1KV - (VERMELHO) | D53: M | E53: 360 | F53: 17.17 | G53: =F53+F53*$G$12 -> 17.17 | H53: 6181.2 | K53: =Q53 -> 0 | L53: =J53+K53 -> 0 | N53: =K53*G53 -> 0 | O53: =M53+N53 -> 0 | P53: 0 | Q53: =ROUND(E53*P53,2) -> 0 | S53: =K53 -> 0 | T53: =Z53 -> 0 | U53: =S53+T53 -> 0 | V53: =S53*G53 -> 0 | W53: =T53*G53 -> 0 | X53: =V53+W53 -> 0 | Y53: 0 | Z53: =ROUND((E53-L53)*Y53,2) -> 0 | AB53: =U53 -> 0 | AC53: =AI53 -> 0 | AD53: =AB53+AC53 -> 0 | AE53: =AB53*G53 -> 0 | AF53: =AC53*G53 -> 0 | AG53: =AE53+AF53 -> 0 | AH53: 0 | AI53: =ROUND(E53*AH53,2) -> 0
A54: 5.9 | B54: ED-48998 | C54: CABO DE COBRE FLEXÍVEL, CLASSE 5, ISOLAMENTO TIPO EPR/HEPR, NÃO HALOGENADO, ANTICHAMA, TERMOFIXO, UNIPOLAR, SEÇÃO 10 MM2, 90°C, 0,6/1KV - (VERDE) | D54: M | E54: 180 | F54: 17.17 | G54: =F54+F54*$G$12 -> 17.17 | H54: 3090.6 | K54: =Q54 -> 0 | L54: =J54+K54 -> 0 | N54: =K54*G54 -> 0 | O54: =M54+N54 -> 0 | P54: 0 | Q54: =ROUND(E54*P54,2) -> 0 | S54: =K54 -> 0 | T54: =Z54 -> 0 | U54: =S54+T54 -> 0 | V54: =S54*G54 -> 0 | W54: =T54*G54 -> 0 | X54: =V54+W54 -> 0 | Y54: 0 | Z54: =ROUND((E54-L54)*Y54,2) -> 0 | AB54: =U54 -> 0 | AC54: =AI54 -> 0 | AD54: =AB54+AC54 -> 0 | AE54: =AB54*G54 -> 0 | AF54: =AC54*G54 -> 0 | AG54: =AE54+AF54 -> 0 | AH54: 0 | AI54: =ROUND(E54*AH54,2) -> 0
A55: 5.10 | B55: ED-49001 | C55: CABO DE COBRE FLEXÍVEL, CLASSE 5, ISOLAMENTO TIPO EPR/HEPR, NÃO HALOGENADO, ANTICHAMA, TERMOFIXO, UNIPOLAR, SEÇÃO 16 MM2, 90°C, 0,6/1KV - (AZUL) | D55: M | E55: 34 | F55: 25.51 | G55: =F55+F55*$G$12 -> 25.51 | H55: 867.34 | K55: =Q55 -> 0 | L55: =J55+K55 -> 0 | N55: =K55*G55 -> 0 | O55: =M55+N55 -> 0 | P55: 0 | Q55: =ROUND(E55*P55,2) -> 0 | S55: =K55 -> 0 | T55: =Z55 -> 0 | U55: =S55+T55 -> 0 | V55: =S55*G55 -> 0 | W55: =T55*G55 -> 0 | X55: =V55+W55 -> 0 | Y55: 0 | Z55: =ROUND((E55-L55)*Y55,2) -> 0 | AB55: =U55 -> 0 | AC55: =AI55 -> 0 | AD55: =AB55+AC55 -> 0 | AE55: =AB55*G55 -> 0 | AF55: =AC55*G55 -> 0 | AG55: =AE55+AF55 -> 0 | AH55: 0 | AI55: =ROUND(E55*AH55,2) -> 0
A56: 5.11 | B56: ED-49001 | C56: CABO DE COBRE FLEXÍVEL, CLASSE 5, ISOLAMENTO TIPO EPR/HEPR, NÃO HALOGENADO, ANTICHAMA, TERMOFIXO, UNIPOLAR, SEÇÃO 16 MM2, 90°C, 0,6/1KV - (PRETO) | D56: M | E56: 68 | F56: 25.51 | G56: =F56+F56*$G$12 -> 25.51 | H56: 1734.68 | K56: =Q56 -> 0 | L56: =J56+K56 -> 0 | N56: =K56*G56 -> 0 | O56: =M56+N56 -> 0 | P56: 0 | Q56: =ROUND(E56*P56,2) -> 0 | S56: =K56 -> 0 | T56: =Z56 -> 0 | U56: =S56+T56 -> 0 | V56: =S56*G56 -> 0 | W56: =T56*G56 -> 0 | X56: =V56+W56 -> 0 | Y56: 0 | Z56: =ROUND((E56-L56)*Y56,2) -> 0 | AB56: =U56 -> 0 | AC56: =AI56 -> 0 | AD56: =AB56+AC56 -> 0 | AE56: =AB56*G56 -> 0 | AF56: =AC56*G56 -> 0 | AG56: =AE56+AF56 -> 0 | AH56: 0 | AI56: =ROUND(E56*AH56,2) -> 0
A57: 5.12 | B57: 91927 | C57: CABO DE COBRE FLEXÍVEL ISOLADO, 2,5 MM², ANTI-CHAMA 0,6/1,0 KV, PARA CIRCUITOS TERMINAIS - FORNECIMENTO E INSTALAÇÃO. AF_03/2023 -(PRETO) | D57: M | E57: 25 | F57: 5.37 | G57: =F57+F57*$G$12 -> 5.37 | H57: 134.25 | K57: =Q57 -> 0 | L57: =J57+K57 -> 0 | N57: =K57*G57 -> 0 | O57: =M57+N57 -> 0 | P57: 0 | Q57: =ROUND(E57*P57,2) -> 0 | S57: =K57 -> 0 | T57: =Z57 -> 0 | U57: =S57+T57 -> 0 | V57: =S57*G57 -> 0 | W57: =T57*G57 -> 0 | X57: =V57+W57 -> 0 | Y57: 0 | Z57: =ROUND((E57-L57)*Y57,2) -> 0 | AB57: =U57 -> 0 | AC57: =AI57 -> 0 | AD57: =AB57+AC57 -> 0 | AE57: =AB57*G57 -> 0 | AF57: =AC57*G57 -> 0 | AG57: =AE57+AF57 -> 0 | AH57: 0 | AI57: =ROUND(E57*AH57,2) -> 0
A58: 5.13 | B58: 91927 | C58: CABO DE COBRE FLEXÍVEL ISOLADO, 2,5 MM², ANTI-CHAMA 0,6/1,0 KV, PARA CIRCUITOS TERMINAIS - FORNECIMENTO E INSTALAÇÃO. AF_03/2023 -(VERDE) | D58: M | E58: 13 | F58: 5.37 | G58: =F58+F58*$G$12 -> 5.37 | H58: 69.81 | K58: =Q58 -> 0 | L58: =J58+K58 -> 0 | N58: =K58*G58 -> 0 | O58: =M58+N58 -> 0 | P58: 0 | Q58: =ROUND(E58*P58,2) -> 0 | S58: =K58 -> 0 | T58: =Z58 -> 0 | U58: =S58+T58 -> 0 | V58: =S58*G58 -> 0 | W58: =T58*G58 -> 0 | X58: =V58+W58 -> 0 | Y58: 0 | Z58: =ROUND((E58-L58)*Y58,2) -> 0 | AB58: =U58 -> 0 | AC58: =AI58 -> 0 | AD58: =AB58+AC58 -> 0 | AE58: =AB58*G58 -> 0 | AF58: =AC58*G58 -> 0 | AG58: =AE58+AF58 -> 0 | AH58: 0 | AI58: =ROUND(E58*AH58,2) -> 0
A59: 5.14 | B59: 404-I | C59: FITA ISOLANTE DE BORRACHA AUTOFUSAO, USO ATE 69 KV (ALTA TENSAO)- 20 METROS | D59: UNID | E59: 4 | F59: 1.63 | G59: =F59+F59*$G$12 -> 1.63 | H59: 6.52 | K59: =Q59 -> 0 | L59: =J59+K59 -> 0 | N59: =K59*G59 -> 0 | O59: =M59+N59 -> 0 | P59: 0 | Q59: =ROUND(E59*P59,2) -> 0 | S59: =K59 -> 0 | T59: =Z59 -> 0 | U59: =S59+T59 -> 0 | V59: =S59*G59 -> 0 | W59: =T59*G59 -> 0 | X59: =V59+W59 -> 0 | Y59: 0 | Z59: =ROUND((E59-L59)*Y59,2) -> 0 | AB59: =U59 -> 0 | AC59: =AI59 -> 0 | AD59: =AB59+AC59 -> 0 | AE59: =AB59*G59 -> 0 | AF59: =AC59*G59 -> 0 | AG59: =AE59+AF59 -> 0 | AH59: 0 | AI59: =ROUND(E59*AH59,2) -> 0
A60: 5.15 | B60: 20111-I | C60: FITA ISOLANTE ADESIVA ANTICHAMA, USO ATE 750 V, EM ROLO DE 19 MM X 20 M | D60: UNID | E60: 4 | F60: 12.05 | G60: =F60+F60*$G$12 -> 12.05 | H60: 48.2 | K60: =Q60 -> 0 | L60: =J60+K60 -> 0 | N60: =K60*G60 -> 0 | O60: =M60+N60 -> 0 | P60: 0 | Q60: =ROUND(E60*P60,2) -> 0 | S60: =K60 -> 0 | T60: =Z60 -> 0 | U60: =S60+T60 -> 0 | V60: =S60*G60 -> 0 | W60: =T60*G60 -> 0 | X60: =V60+W60 -> 0 | Y60: 0 | Z60: =ROUND((E60-L60)*Y60,2) -> 0 | AB60: =U60 -> 0 | AC60: =AI60 -> 0 | AD60: =AB60+AC60 -> 0 | AE60: =AB60*G60 -> 0 | AF60: =AC60*G60 -> 0 | AG60: =AE60+AF60 -> 0 | AH60: 0 | AI60: =ROUND(E60*AH60,2) -> 0
A61: 5.16 | B61: 93008 | C61: ELETRODUTO RÍGIDO ROSCÁVEL, PVC, DN 50 MM (1 1/2"), PARA REDE ENTERRADA DE DISTRIBUIÇÃO DE ENERGIA ELÉTRICA - FORNECIMENTO E INSTALAÇÃO. AF_12/2021 | D61: UNID | E61: 35 | F61: 23.41 | G61: =F61+F61*$G$12 -> 23.41 | H61: 819.35 | K61: =Q61 -> 0 | L61: =J61+K61 -> 0 | N61: =K61*G61 -> 0 | O61: =M61+N61 -> 0 | P61: 0 | Q61: =ROUND(E61*P61,2) -> 0 | S61: =K61 -> 0 | T61: =Z61 -> 0 | U61: =S61+T61 -> 0 | V61: =S61*G61 -> 0 | W61: =T61*G61 -> 0 | X61: =V61+W61 -> 0 | Y61: 0 | Z61: =ROUND((E61-L61)*Y61,2) -> 0 | AB61: =U61 -> 0 | AC61: =AI61 -> 0 | AD61: =AB61+AC61 -> 0 | AE61: =AB61*G61 -> 0 | AF61: =AC61*G61 -> 0 | AG61: =AE61+AF61 -> 0 | AH61: 0 | AI61: =ROUND(E61*AH61,2) -> 0
A62: 5.17 | B62: 93013 | C62: LUVA PARA ELETRODUTO, PVC, ROSCÁVEL, DN 50 MM (1 1/2"), PARA REDE ENTERRADA DE DISTRIBUIÇÃO DE ENERGIA ELÉTRICA - FORNECIMENTO E INSTALAÇÃO. AF_12/2 | D62: UNID | E62: 33 | F62: 18.69 | G62: =F62+F62*$G$12 -> 18.69 | H62: 616.77 | K62: =Q62 -> 0 | L62: =J62+K62 -> 0 | N62: =K62*G62 -> 0 | O62: =M62+N62 -> 0 | P62: 0 | Q62: =ROUND(E62*P62,2) -> 0 | S62: =K62 -> 0 | T62: =Z62 -> 0 | U62: =S62+T62 -> 0 | V62: =S62*G62 -> 0 | W62: =T62*G62 -> 0 | X62: =V62+W62 -> 0 | Y62: 0 | Z62: =ROUND((E62-L62)*Y62,2) -> 0 | AB62: =U62 -> 0 | AC62: =AI62 -> 0 | AD62: =AB62+AC62 -> 0 | AE62: =AB62*G62 -> 0 | AF62: =AC62*G62 -> 0 | AG62: =AE62+AF62 -> 0 | AH62: 0 | AI62: =ROUND(E62*AH62,2) -> 0
A63: 5.18 | B63: 91893 | C63: CURVA 90 GRAUS PARA ELETRODUTO, PVC, ROSCÁVEL, DN 32 MM (1"), PARA CIRCUITOS TERMINAIS, INSTALADA EM FORRO - FORNECIMENTO E INSTALAÇÃO. AF_03/2023 | D63: UNID | E63: 6 | F63: 20.47 | G63: =F63+F63*$G$12 -> 20.47 | H63: 122.82 | K63: =Q63 -> 0 | L63: =J63+K63 -> 0 | N63: =K63*G63 -> 0 | O63: =M63+N63 -> 0 | P63: 0 | Q63: =ROUND(E63*P63,2) -> 0 | S63: =K63 -> 0 | T63: =Z63 -> 0 | U63: =S63+T63 -> 0 | V63: =S63*G63 -> 0 | W63: =T63*G63 -> 0 | X63: =V63+W63 -> 0 | Y63: 0 | Z63: =ROUND((E63-L63)*Y63,2) -> 0 | AB63: =U63 -> 0 | AC63: =AI63 -> 0 | AD63: =AB63+AC63 -> 0 | AE63: =AB63*G63 -> 0 | AF63: =AC63*G63 -> 0 | AG63: =AE63+AF63 -> 0 | AH63: 0 | AI63: =ROUND(E63*AH63,2) -> 0
A64: 5.19 | B64: 91868 | C64: ELETRODUTO RÍGIDO ROSCÁVEL, PVC, DN 32 MM (1"), PARA CIRCUITOS TERMINAIS, INSTALADO EM LAJE - FORNECIMENTO E INSTALAÇÃO. AF_03/2023 | D64: UNID | E64: 4 | F64: 17.54 | G64: =F64+F64*$G$12 -> 17.54 | H64: 70.16 | K64: =Q64 -> 0 | L64: =J64+K64 -> 0 | N64: =K64*G64 -> 0 | O64: =M64+N64 -> 0 | P64: 0 | Q64: =ROUND(E64*P64,2) -> 0 | S64: =K64 -> 0 | T64: =Z64 -> 0 | U64: =S64+T64 -> 0 | V64: =S64*G64 -> 0 | W64: =T64*G64 -> 0 | X64: =V64+W64 -> 0 | Y64: 0 | Z64: =ROUND((E64-L64)*Y64,2) -> 0 | AB64: =U64 -> 0 | AC64: =AI64 -> 0 | AD64: =AB64+AC64 -> 0 | AE64: =AB64*G64 -> 0 | AF64: =AC64*G64 -> 0 | AG64: =AE64+AF64 -> 0 | AH64: 0 | AI64: =ROUND(E64*AH64,2) -> 0
A65: 5.20 | B65: ED-49328 | C65: ELETRODUTO DE AÇO GALVANIZADO PESADO, INCLUSIVE CONEXÕES, SUPORTES E FIXAÇÃO DN 32 (1.1/4") | D65: M | E65: 2 | F65: 91.25 | G65: =F65+F65*$G$12 -> 91.25 | H65: 182.5 | K65: =Q65 -> 0 | L65: =J65+K65 -> 0 | N65: =K65*G65 -> 0 | O65: =M65+N65 -> 0 | P65: 0 | Q65: =ROUND(E65*P65,2) -> 0 | S65: =K65 -> 0 | T65: =Z65 -> 0 | U65: =S65+T65 -> 0 | V65: =S65*G65 -> 0 | W65: =T65*G65 -> 0 | X65: =V65+W65 -> 0 | Y65: 0 | Z65: =ROUND((E65-L65)*Y65,2) -> 0 | AB65: =U65 -> 0 | AC65: =AI65 -> 0 | AD65: =AB65+AC65 -> 0 | AE65: =AB65*G65 -> 0 | AF65: =AC65*G65 -> 0 | AG65: =AE65+AF65 -> 0 | AH65: 0 | AI65: =ROUND(E65*AH65,2) -> 0
A66: 5.21 | B66: 91908 | C66: CURVA 90 GRAUS PARA ELETRODUTO, PVC, ROSCÁVEL, DN 40 MM (1 1/4"), PARA CIRCUITOS TERMINAIS, INSTALADA EM LAJE - FORNECIMENTO E INSTALAÇÃO. AF_03/2023 | D66: UNID | E66: 3 | F66: 20.85 | G66: =F66+F66*$G$12 -> 20.85 | H66: 62.55 | K66: =Q66 -> 0 | L66: =J66+K66 -> 0 | N66: =K66*G66 -> 0 | O66: =M66+N66 -> 0 | P66: 0 | Q66: =ROUND(E66*P66,2) -> 0 | S66: =K66 -> 0 | T66: =Z66 -> 0 | U66: =S66+T66 -> 0 | V66: =S66*G66 -> 0 | W66: =T66*G66 -> 0 | X66: =V66+W66 -> 0 | Y66: 0 | Z66: =ROUND((E66-L66)*Y66,2) -> 0 | AB66: =U66 -> 0 | AC66: =AI66 -> 0 | AD66: =AB66+AC66 -> 0 | AE66: =AB66*G66 -> 0 | AF66: =AC66*G66 -> 0 | AG66: =AE66+AF66 -> 0 | AH66: 0 | AI66: =ROUND(E66*AH66,2) -> 0
A67: 5.22 | B67: =[1]COMPOSIÇÃO!B35 -> COMPOSIÇÃO 05 | C67: CAIXA PARA MEDIDOR POLIFÁSICO C/ LENTE | D67: UNID | E67: 1 | F67: 789.59 | G67: =F67+F67*$G$12 -> 789.59 | H67: 789.59 | K67: =Q67 -> 0 | L67: =J67+K67 -> 0 | N67: =K67*G67 -> 0 | O67: =M67+N67 -> 0 | P67: 0 | Q67: =ROUND(E67*P67,2) -> 0 | S67: =K67 -> 0 | T67: =Z67 -> 0 | U67: =S67+T67 -> 0 | V67: =S67*G67 -> 0 | W67: =T67*G67 -> 0 | X67: =V67+W67 -> 0 | Y67: 0 | Z67: =ROUND((E67-L67)*Y67,2) -> 0 | AB67: =U67 -> 0 | AC67: =AI67 -> 0 | AD67: =AB67+AC67 -> 0 | AE67: =AB67*G67 -> 0 | AF67: =AC67*G67 -> 0 | AG67: =AE67+AF67 -> 0 | AH67: 0 | AI67: =ROUND(E67*AH67,2) -> 0
A68: 5.23 | B68: =[1]COMPOSIÇÃO!B42 -> COMPOSIÇÃO 06 | C68: BUCHA DE PVC 1 1/4" | D68: UNID | E68: 3 | F68: 13.46 | G68: =F68+F68*$G$12 -> 13.46 | H68: 40.38 | K68: =Q68 -> 0 | L68: =J68+K68 -> 0 | N68: =K68*G68 -> 0 | O68: =M68+N68 -> 0 | P68: 0 | Q68: =ROUND(E68*P68,2) -> 0 | S68: =K68 -> 0 | T68: =Z68 -> 0 | U68: =S68+T68 -> 0 | V68: =S68*G68 -> 0 | W68: =T68*G68 -> 0 | X68: =V68+W68 -> 0 | Y68: 0 | Z68: =ROUND((E68-L68)*Y68,2) -> 0 | AB68: =U68 -> 0 | AC68: =AI68 -> 0 | AD68: =AB68+AC68 -> 0 | AE68: =AB68*G68 -> 0 | AF68: =AC68*G68 -> 0 | AG68: =AE68+AF68 -> 0 | AH68: 0 | AI68: =ROUND(E68*AH68,2) -> 0
A69: 5.24 | B69: =[1]COMPOSIÇÃO!B48 -> COMPOSIÇÃO 07 | C69: DISJUNTOR DE PROTEÇÃO DIFERENCIAL RESIDUAL (DR), BIPOLAR, TIPO DIN, CORRENTE NOMINAL DE 63A, ALTA SENSIBILIDADE, CORRENTE DIFERENCIAL RESIDUAL NOMINAL COM ATUAÇÃO DE 30MA | D69: UNID | E69: 1 | F69: 82.56 | G69: =F69+F69*$G$12 -> 82.56 | H69: 82.56 | K69: =Q69 -> 0 | L69: =J69+K69 -> 0 | N69: =K69*G69 -> 0 | O69: =M69+N69 -> 0 | P69: 0 | Q69: =ROUND(E69*P69,2) -> 0 | S69: =K69 -> 0 | T69: =Z69 -> 0 | U69: =S69+T69 -> 0 | V69: =S69*G69 -> 0 | W69: =T69*G69 -> 0 | X69: =V69+W69 -> 0 | Y69: 0 | Z69: =ROUND((E69-L69)*Y69,2) -> 0 | AB69: =U69 -> 0 | AC69: =AI69 -> 0 | AD69: =AB69+AC69 -> 0 | AE69: =AB69*G69 -> 0 | AF69: =AC69*G69 -> 0 | AG69: =AE69+AF69 -> 0 | AH69: 0 | AI69: =ROUND(E69*AH69,2) -> 0
A70: 5.25 | B70: 96986 | C70: HASTE DE ATERRAMENTO, DIÂMETRO 3/4", COM 3 METROS - FORNECIMENTO E INSTALAÇÃO. AF_08/2023 | D70: UNID | E70: 1 | F70: 193.87 | G70: =F70+F70*$G$12 -> 193.87 | H70: 193.27 | K70: =Q70 -> 0 | L70: =J70+K70 -> 0 | N70: =K70*G70 -> 0 | O70: =M70+N70 -> 0 | P70: 0 | Q70: =ROUND(E70*P70,2) -> 0 | S70: =K70 -> 0 | T70: =Z70 -> 0 | U70: =S70+T70 -> 0 | V70: =S70*G70 -> 0 | W70: =T70*G70 -> 0 | X70: =V70+W70 -> 0 | Y70: 0 | Z70: =ROUND((E70-L70)*Y70,2) -> 0 | AB70: =U70 -> 0 | AC70: =AI70 -> 0 | AD70: =AB70+AC70 -> 0 | AE70: =AB70*G70 -> 0 | AF70: =AC70*G70 -> 0 | AG70: =AE70+AF70 -> 0 | AH70: 0 | AI70: =ROUND(E70*AH70,2) -> 0
A71: 5.26 | B71: 39178 -I | C71: BUCHA EM ALUMINIO, COM ROSCA, DE 1 1/2", PARA ELETRODUTO | D71: UNID | E71: 16 | F71: 3.12 | G71: =F71+F71*$G$12 -> 3.12 | H71: 49.92 | K71: =Q71 -> 0 | L71: =J71+K71 -> 0 | N71: =K71*G71 -> 0 | O71: =M71+N71 -> 0 | P71: 0 | Q71: =ROUND(E71*P71,2) -> 0 | S71: =K71 -> 0 | T71: =Z71 -> 0 | U71: =S71+T71 -> 0 | V71: =S71*G71 -> 0 | W71: =T71*G71 -> 0 | X71: =V71+W71 -> 0 | Y71: 0 | Z71: =ROUND((E71-L71)*Y71,2) -> 0 | AB71: =U71 -> 0 | AC71: =AI71 -> 0 | AD71: =AB71+AC71 -> 0 | AE71: =AB71*G71 -> 0 | AF71: =AC71*G71 -> 0 | AG71: =AE71+AF71 -> 0 | AH71: 0 | AI71: =ROUND(E71*AH71,2) -> 0
A72: 5.27 | B72: ED-51084 | C72: TERMINAL A COMPRESSAO EM COBRE ESTANHADO 1 FURO PARA CABO 16 MM2 | D72: U | E72: 5 | F72: 21.39 | G72: =F72+F72*$G$12 -> 21.39 | H72: 106.95 | K72: =Q72 -> 0 | L72: =J72+K72 -> 0 | N72: =K72*G72 -> 0 | O72: =M72+N72 -> 0 | P72: 0 | Q72: =ROUND(E72*P72,2) -> 0 | S72: =K72 -> 0 | T72: =Z72 -> 0 | U72: =S72+T72 -> 0 | V72: =S72*G72 -> 0 | W72: =T72*G72 -> 0 | X72: =V72+W72 -> 0 | Y72: 0 | Z72: =ROUND((E72-L72)*Y72,2) -> 0 | AB72: =U72 -> 0 | AC72: =AI72 -> 0 | AD72: =AB72+AC72 -> 0 | AE72: =AB72*G72 -> 0 | AF72: =AC72*G72 -> 0 | AG72: =AE72+AF72 -> 0 | AH72: 0 | AI72: =ROUND(E72*AH72,2) -> 0
A73: 5.28 | B73: 11821- I | C73: CONECTOR METALICO TIPO PARAFUSO FENDIDO (SPLIT BOLT), COM SEPARADOR DE CABOS BIMETALICOS, PARA CABOS ATE 25 MM2 | D73: UNID | E73: 25 | F73: 17.04 | G73: =F73+F73*$G$12 -> 17.04 | H73: 426 | K73: =Q73 -> 0 | L73: =J73+K73 -> 0 | N73: =K73*G73 -> 0 | O73: =M73+N73 -> 0 | P73: 0 | Q73: =ROUND(E73*P73,2) -> 0 | S73: =K73 -> 0 | T73: =Z73 -> 0 | U73: =S73+T73 -> 0 | V73: =S73*G73 -> 0 | W73: =T73*G73 -> 0 | X73: =V73+W73 -> 0 | Y73: 0 | Z73: =ROUND((E73-L73)*Y73,2) -> 0 | AB73: =U73 -> 0 | AC73: =AI73 -> 0 | AD73: =AB73+AC73 -> 0 | AE73: =AB73*G73 -> 0 | AF73: =AC73*G73 -> 0 | AG73: =AE73+AF73 -> 0 | AH73: 0 | AI73: =ROUND(E73*AH73,2) -> 0
A74: 5.29 | B74: =[1]COMPOSIÇÃO!B56 -> COMPOSIÇÃO 08 | C74: TERMINAL TUBULAR ILHÓIS ISOLADO LONGO 16MM | D74: UNID | E74: =15+22 -> 37 | F74: 4.58 | G74: =F74+F74*$G$12 -> 4.58 | H74: 169.46 | K74: =Q74 -> 0 | L74: =J74+K74 -> 0 | N74: =K74*G74 -> 0 | O74: =M74+N74 -> 0 | P74: 0 | Q74: =ROUND(E74*P74,2) -> 0 | S74: =K74 -> 0 | T74: =Z74 -> 0 | U74: =S74+T74 -> 0 | V74: =S74*G74 -> 0 | W74: =T74*G74 -> 0 | X74: =V74+W74 -> 0 | Y74: 0 | Z74: =ROUND((E74-L74)*Y74,2) -> 0 | AB74: =U74 -> 0 | AC74: =AI74 -> 0 | AD74: =AB74+AC74 -> 0 | AE74: =AB74*G74 -> 0 | AF74: =AC74*G74 -> 0 | AG74: =AE74+AF74 -> 0 | AH74: 0 | AI74: =ROUND(E74*AH74,2) -> 0
A75: 5.30 | B75: MERCADO | C75: ARAME GALVANIZADO 14 | D75: KG | E75: 1 | F75: 37.27 | G75: =F75+F75*$G$12 -> 37.27 | H75: 37.27 | K75: =Q75 -> 0 | L75: =J75+K75 -> 0 | N75: =K75*G75 -> 0 | O75: =M75+N75 -> 0 | P75: 0 | Q75: =ROUND(E75*P75,2) -> 0 | S75: =K75 -> 0 | T75: =Z75 -> 0 | U75: =S75+T75 -> 0 | V75: =S75*G75 -> 0 | W75: =T75*G75 -> 0 | X75: =V75+W75 -> 0 | Y75: 0 | Z75: =ROUND((E75-L75)*Y75,2) -> 0 | AB75: =U75 -> 0 | AC75: =AI75 -> 0 | AD75: =AB75+AC75 -> 0 | AE75: =AB75*G75 -> 0 | AF75: =AC75*G75 -> 0 | AG75: =AE75+AF75 -> 0 | AH75: 0 | AI75: =ROUND(E75*AH75,2) -> 0
A76: 5.31 | B76: =[1]COMPOSIÇÃO!B62 -> COMPOSIÇÃO 09 | C76: CABEÇOTE DE PVC 1 1/4'' | D76: UNID | E76: 1 | F76: 17.12 | G76: =F76+F76*$G$12 -> 17.12 | H76: 17.12 | K76: =Q76 -> 0 | L76: =J76+K76 -> 0 | N76: =K76*G76 -> 0 | O76: =M76+N76 -> 0 | P76: 0 | Q76: =ROUND(E76*P76,2) -> 0 | S76: =K76 -> 0 | T76: =Z76 -> 0 | U76: =S76+T76 -> 0 | V76: =S76*G76 -> 0 | W76: =T76*G76 -> 0 | X76: =V76+W76 -> 0 | Y76: 0 | Z76: =ROUND((E76-L76)*Y76,2) -> 0 | AB76: =U76 -> 0 | AC76: =AI76 -> 0 | AD76: =AB76+AC76 -> 0 | AE76: =AB76*G76 -> 0 | AF76: =AC76*G76 -> 0 | AG76: =AE76+AF76 -> 0 | AH76: 0 | AI76: =ROUND(E76*AH76,2) -> 0
A77: 5.32 | B77: 91869 | C77: ELETRODUTO RÍGIDO ROSCÁVEL, PVC, DN 40 MM (1 1/4"), PARA CIRCUITOS TERMINAIS, INSTALADO EM LAJE - FORNECIMENTO E INSTALAÇÃO. AF_03/2023 | D77: M | E77: 2 | F77: 22.36 | G77: =F77+F77*$G$12 -> 22.36 | H77: 44.72 | K77: =Q77 -> 0 | L77: =J77+K77 -> 0 | N77: =K77*G77 -> 0 | O77: =M77+N77 -> 0 | P77: 0 | Q77: =ROUND(E77*P77,2) -> 0 | S77: =K77 -> 0 | T77: =Z77 -> 0 | U77: =S77+T77 -> 0 | V77: =S77*G77 -> 0 | W77: =T77*G77 -> 0 | X77: =V77+W77 -> 0 | Y77: 0 | Z77: =ROUND((E77-L77)*Y77,2) -> 0 | AB77: =U77 -> 0 | AC77: =AI77 -> 0 | AD77: =AB77+AC77 -> 0 | AE77: =AB77*G77 -> 0 | AF77: =AC77*G77 -> 0 | AG77: =AE77+AF77 -> 0 | AH77: 0 | AI77: =ROUND(E77*AH77,2) -> 0
A78: 5.33 | B78: 91881 | C78: LUVA PARA ELETRODUTO, PVC, ROSCÁVEL, DN 40 MM (1 1/4”), PARA CIRCUITOS TERMINAIS, INSTALADA EM LAJE - FORNECIMENTO E INSTALAÇÃO. AF_03/2023 | D78: UNID | E78: 6 | F78: 13.19 | G78: =F78+F78*$G$12 -> 13.19 | H78: 79.14 | K78: =Q78 -> 0 | L78: =J78+K78 -> 0 | N78: =K78*G78 -> 0 | O78: =M78+N78 -> 0 | P78: 0 | Q78: =ROUND(E78*P78,2) -> 0 | S78: =K78 -> 0 | T78: =Z78 -> 0 | U78: =S78+T78 -> 0 | V78: =S78*G78 -> 0 | W78: =T78*G78 -> 0 | X78: =V78+W78 -> 0 | Y78: 0 | Z78: =ROUND((E78-L78)*Y78,2) -> 0 | AB78: =U78 -> 0 | AC78: =AI78 -> 0 | AD78: =AB78+AC78 -> 0 | AE78: =AB78*G78 -> 0 | AF78: =AC78*G78 -> 0 | AG78: =AE78+AF78 -> 0 | AH78: 0 | AI78: =ROUND(E78*AH78,2) -> 0
A79: 5.34 | B79: 91908 | C79: CURVA 90 GRAUS PARA ELETRODUTO, PVC, ROSCÁVEL, DN 40 MM (1 1/4"), PARA CIRCUITOS TERMINAIS, INSTALADA EM LAJE - FORNECIMENTO E INSTALAÇÃO. AF_03/2023 | D79: UNID | E79: 2 | F79: 20.85 | G79: =F79+F79*$G$12 -> 20.85 | H79: 41.7 | K79: =Q79 -> 0 | L79: =J79+K79 -> 0 | N79: =K79*G79 -> 0 | O79: =M79+N79 -> 0 | P79: 0 | Q79: =ROUND(E79*P79,2) -> 0 | S79: =K79 -> 0 | T79: =Z79 -> 0 | U79: =S79+T79 -> 0 | V79: =S79*G79 -> 0 | W79: =T79*G79 -> 0 | X79: =V79+W79 -> 0 | Y79: 0 | Z79: =ROUND((E79-L79)*Y79,2) -> 0 | AB79: =U79 -> 0 | AC79: =AI79 -> 0 | AD79: =AB79+AC79 -> 0 | AE79: =AB79*G79 -> 0 | AF79: =AC79*G79 -> 0 | AG79: =AE79+AF79 -> 0 | AH79: 0 | AI79: =ROUND(E79*AH79,2) -> 0
A80: 5.35 | B80: 91910 | C80: CURVA 180 GRAUS PARA ELETRODUTO, PVC, ROSCÁVEL, DN 40 MM (1 1/4"), PARA CIRCUITOS TERMINAIS, INSTALADA EM LAJE - FORNECIMENTO E INSTALAÇÃO. AF_03/2023 | D80: UNID | E80: 1 | F80: 23.64 | G80: =F80+F80*$G$12 -> 23.64 | H80: 23.64 | K80: =Q80 -> 0 | L80: =J80+K80 -> 0 | N80: =K80*G80 -> 0 | O80: =M80+N80 -> 0 | P80: 0 | Q80: =ROUND(E80*P80,2) -> 0 | S80: =K80 -> 0 | T80: =Z80 -> 0 | U80: =S80+T80 -> 0 | V80: =S80*G80 -> 0 | W80: =T80*G80 -> 0 | X80: =V80+W80 -> 0 | Y80: 0 | Z80: =ROUND((E80-L80)*Y80,2) -> 0 | AB80: =U80 -> 0 | AC80: =AI80 -> 0 | AD80: =AB80+AC80 -> 0 | AE80: =AB80*G80 -> 0 | AF80: =AC80*G80 -> 0 | AG80: =AE80+AF80 -> 0 | AH80: 0 | AI80: =ROUND(E80*AH80,2) -> 0
A81: 5.36 | B81: =[1]COMPOSIÇÃO!B69 -> COMPOSIÇÃO 10 | C81: ABRAÇADADEIRA DE AÇO BAP 3 | D81: UNID | E81: 8 | F81: 27.3 | G81: =F81+F81*$G$12 -> 27.3 | H81: 218.4 | K81: =Q81 -> 0 | L81: =J81+K81 -> 0 | N81: =K81*G81 -> 0 | O81: =M81+N81 -> 0 | P81: 0 | Q81: =ROUND(E81*P81,2) -> 0 | S81: =K81 -> 0 | T81: =Z81 -> 0 | U81: =S81+T81 -> 0 | V81: =S81*G81 -> 0 | W81: =T81*G81 -> 0 | X81: =V81+W81 -> 0 | Y81: 0 | Z81: =ROUND((E81-L81)*Y81,2) -> 0 | AB81: =U81 -> 0 | AC81: =AI81 -> 0 | AD81: =AB81+AC81 -> 0 | AE81: =AB81*G81 -> 0 | AF81: =AC81*G81 -> 0 | AG81: =AE81+AF81 -> 0 | AH81: 0 | AI81: =ROUND(E81*AH81,2) -> 0
A82: 5.37 | B82: 11854-I | C82: CONECTOR PARAFUSO FENDIDO SPLIT-BOLT - PARA CABO DE 35MM2 - FORNECIMENTO E INSTALACAO | D82: UNID | E82: 2 | F82: 17.31 | G82: =F82+F82*$G$12 -> 17.31 | H82: 34.62 | K82: =Q82 -> 0 | L82: =J82+K82 -> 0 | N82: =K82*G82 -> 0 | O82: =M82+N82 -> 0 | P82: 0 | Q82: =ROUND(E82*P82,2) -> 0 | S82: =K82 -> 0 | T82: =Z82 -> 0 | U82: =S82+T82 -> 0 | V82: =S82*G82 -> 0 | W82: =T82*G82 -> 0 | X82: =V82+W82 -> 0 | Y82: 0 | Z82: =ROUND((E82-L82)*Y82,2) -> 0 | AB82: =U82 -> 0 | AC82: =AI82 -> 0 | AD82: =AB82+AC82 -> 0 | AE82: =AB82*G82 -> 0 | AF82: =AC82*G82 -> 0 | AG82: =AE82+AF82 -> 0 | AH82: 0 | AI82: =ROUND(E82*AH82,2) -> 0
A83: 5.38 | B83: ED-49523 | C83: RELÉ FOTOELÉTRICO, TENSÃO 120V COM CAPACIDADE DE CARGA 1200VA, INCLUSIVE BASE E INSTALAÇÃO | D83: UNID | E83: 20 | F83: 54.61 | G83: =F83+F83*$G$12 -> 54.61 | H83: 1092.2 | K83: =Q83 -> 0 | L83: =J83+K83 -> 0 | N83: =K83*G83 -> 0 | O83: =M83+N83 -> 0 | P83: 0 | Q83: =ROUND(E83*P83,2) -> 0 | S83: =K83 -> 0 | T83: =Z83 -> 0 | U83: =S83+T83 -> 0 | V83: =S83*G83 -> 0 | W83: =T83*G83 -> 0 | X83: =V83+W83 -> 0 | Y83: 0 | Z83: =ROUND((E83-L83)*Y83,2) -> 0 | AB83: =U83 -> 0 | AC83: =AI83 -> 0 | AD83: =AB83+AC83 -> 0 | AE83: =AB83*G83 -> 0 | AF83: =AC83*G83 -> 0 | AG83: =AE83+AF83 -> 0 | AH83: 0 | AI83: =ROUND(E83*AH83,2) -> 0
A84: 6 | B84: PAISAGISMO | H84: =SUM(H85:H95) -> 36993.66 | N84: =SUM(N46:N83) -> 0 | O84: =SUM(O46:O83) -> 0 | V84: =SUM(V46:V83) -> 0 | W84: =SUM(W46:W83) -> 0 | X84: =V84+W84 -> 0 | AE84: =SUM(AE46:AE83) -> 0 | AF84: =SUM(AF46:AF83) -> 17572.99 | AG84: =AE84+AF84 -> 17572.99
A85: 6.1 | B85: ED-50437 | C85: PLANTIO DE GRAMA ESMERALDA EM PLACAS, INCLUSIVE TERRA VEGETAL E CONSERVAÇÃO POR TRINTA (30) DIAS | D85: M² | E85: 100 | F85: 16.32 | G85: =F85+F85*$G$12 -> 16.32 | H85: 1632 | K85: =Q85 -> 0 | L85: =J85+K85 -> 0 | N85: =K85*G85 -> 0 | O85: =M85+N85 -> 0 | P85: 0 | Q85: =ROUND(E85*P85,2) -> 0 | S85: =K85 -> 0 | T85: =Z85 -> 86 | U85: =S85+T85 -> 86 | V85: =S85*G85 -> 0 | W85: =T85*G85 -> 1403.52 | X85: =V85+W85 -> 1403.52 | Y85: 0.86 | Z85: =ROUND((E85-L85)*Y85,2) -> 86 | AB85: =U85 -> 86 | AC85: =AI85 -> 14 | AD85: =AB85+AC85 -> 100 | AE85: =AB85*G85 -> 1403.52 | AF85: =AC85*G85 -> 228.48 | AG85: =AE85+AF85 -> 1632 | AH85: 0.14 | AI85: =ROUND(E85*AH85,2) -> 14
A86: 6.8 | B86: ED-50433 | C86: PLANTIO E PREPARO DE COVAS DE ARBUSTOS ORNAMENTAIS EM GERAL, EXCETO FORNECIMENTO DAS MUDAS | D86: UNID | E86: 120 | F86: 13.81 | G86: =F86+F86*$G$12 -> 13.81 | H86: 1657.2 | K86: =Q86 -> 0 | L86: =J86+K86 -> 0 | N86: =K86*G86 -> 0 | O86: =M86+N86 -> 0 | P86: 0 | Q86: =ROUND(E86*P86,2) -> 0 | S86: =K86 -> 0 | T86: =Z86 -> 0 | U86: =S86+T86 -> 0 | V86: =S86*G86 -> 0 | W86: =T86*G86 -> 0 | X86: =V86+W86 -> 0 | Y86: 0 | Z86: =ROUND((E86-L86)*Y86,2) -> 0 | AB86: =U86 -> 0 | AC86: =AI86 -> 0 | AD86: =AB86+AC86 -> 0 | AE86: =AB86*G86 -> 0 | AF86: =AC86*G86 -> 0 | AG86: =AE86+AF86 -> 0 | AH86: 0 | AI86: =ROUND(E86*AH86,2) -> 0
A87: 6.9 | B87: ED-50432 | C87: PLANTIO E PREPARO DE COVAS PARA ÁRVORES COM ALTURA MÉDIA DE 2,00M, DIMENSÕES (60X60X60)CM , EXCLUSIVE FORNECIMENTO DAS MUDAS | D87: UNID | E87: 39 | F87: 18.39 | G87: =F87+F87*$G$12 -> 18.39 | H87: 717.21 | K87: =Q87 -> 0 | L87: =J87+K87 -> 0 | N87: =K87*G87 -> 0 | O87: =M87+N87 -> 0 | P87: 0 | Q87: =ROUND(E87*P87,2) -> 0 | S87: =K87 -> 0 | T87: =Z87 -> 39 | U87: =S87+T87 -> 39 | V87: =S87*G87 -> 0 | W87: 717.21 | X87: =V87+W87 -> 717.21 | Y87: 1 | Z87: =ROUND((E87-L87)*Y87,2) -> 39 | AB87: =U87 -> 39 | AC87: =AI87 -> 0 | AD87: =AB87+AC87 -> 39 | AE87: =AB87*G87 -> 717.21 | AF87: =AC87*G87 -> 0 | AG87: =AE87+AF87 -> 717.21 | AH87: 0 | AI87: =ROUND(E87*AH87,2) -> 0
A88: 6.10 | B88: 42440-I | C88: LIXEIRA DUPLA, COM CAPACIDADE VOLUMETRICA DE 60L*, FABRICADA EM TUBO DE ACO UN 702,04 CARBONO, CESTOS EM CHAPA DE ACO E PINTURA NO PROCESSO ELETROSTATICO - PARA ACADEMIA AO AR LIVRE / ACADEMIA DA TERCEIRA IDADE - ATI | D88: UNID | E88: 6 | F88: 1551.07 | G88: =F88+F88*$G$12 -> 1551.07 | H88: 9306.42 | K88: =Q88 -> 0 | L88: =J88+K88 -> 0 | N88: =K88*G88 -> 0 | O88: =M88+N88 -> 0 | P88: 0 | Q88: =ROUND(E88*P88,2) -> 0 | S88: =K88 -> 0 | T88: =Z88 -> 0 | U88: =S88+T88 -> 0 | V88: =S88*G88 -> 0 | W88: =T88*G88 -> 0 | X88: =V88+W88 -> 0 | Y88: 0 | Z88: =ROUND((E88-L88)*Y88,2) -> 0 | AB88: =U88 -> 0 | AC88: =AI88 -> 0 | AD88: =AB88+AC88 -> 0 | AE88: =AB88*G88 -> 0 | AF88: =AC88*G88 -> 0 | AG88: =AE88+AF88 -> 0 | AH88: 0 | AI88: =ROUND(E88*AH88,2) -> 0
A89: 6.11 | B89: MERCADO | C89: TELA DE SEIXO ROLADO | D89: M² | E89: 2.1 | F89: 692.35 | G89: =F89+F89*$G$12 -> 692.35 | H89: 1453.94 | K89: =Q89 -> 0 | L89: =J89+K89 -> 0 | N89: =K89*G89 -> 0 | O89: =M89+N89 -> 0 | P89: 0 | Q89: =ROUND(E89*P89,2) -> 0 | S89: =K89 -> 0 | T89: =Z89 -> 0 | U89: =S89+T89 -> 0 | V89: =S89*G89 -> 0 | W89: =T89*G89 -> 0 | X89: =V89+W89 -> 0 | Y89: 0 | Z89: =ROUND((E89-L89)*Y89,2) -> 0 | AB89: =U89 -> 0 | AC89: =AI89 -> 0 | AD89: =AB89+AC89 -> 0 | AE89: =AB89*G89 -> 0 | AF89: =AC89*G89 -> 0 | AG89: =AE89+AF89 -> 0 | AH89: 0 | AI89: =ROUND(E89*AH89,2) -> 0
A90: 6.12 | B90: MERCADO | C90: BICICLETÁRIO EM U INVERTIDO DE CHUMBAR- 110X78CM | D90: UNID | E90: 20 | F90: 771.59 | G90: =F90+F90*$G$12 -> 771.59 | H90: 15431.8 | K90: =Q90 -> 0 | L90: =J90+K90 -> 0 | N90: =K90*G90 -> 0 | O90: =M90+N90 -> 0 | P90: 0 | Q90: =ROUND(E90*P90,2) -> 0 | S90: =K90 -> 0 | T90: =Z90 -> 0 | U90: =S90+T90 -> 0 | V90: =S90*G90 -> 0 | W90: =T90*G90 -> 0 | X90: =V90+W90 -> 0 | Y90: 0 | Z90: =ROUND((E90-L90)*Y90,2) -> 0 | AB90: =U90 -> 0 | AC90: =AI90 -> 0 | AD90: =AB90+AC90 -> 0 | AE90: =AB90*G90 -> 0 | AF90: =AC90*G90 -> 0 | AG90: =AE90+AF90 -> 0 | AH90: 0 | AI90: =ROUND(E90*AH90,2) -> 0
A91: 6.15 | B91: 40331-I | C91: ASSENTADOR DE MANILHAS (HORISTA) | D91: HR | E91: 78 | F91: 20.83 | G91: =F91+F91*$G$12 -> 20.83 | H91: 1624.74 | K91: =Q91 -> 0 | L91: =J91+K91 -> 0 | N91: =K91*G91 -> 0 | O91: =M91+N91 -> 0 | P91: 0 | Q91: =ROUND(E91*P91,2) -> 0 | S91: =K91 -> 0 | T91: =Z91 -> 78 | U91: =S91+T91 -> 78 | V91: =S91*G91 -> 0 | W91: =T91*G91 -> 1624.74 | X91: =V91+W91 -> 1624.74 | Y91: 1 | Z91: =ROUND((E91-L91)*Y91,2) -> 78 | AB91: =U91 -> 78 | AC91: =AI91 -> 0 | AD91: =AB91+AC91 -> 78 | AE91: =AB91*G91 -> 1624.74 | AF91: =AC91*G91 -> 0 | AG91: =AE91+AF91 -> 1624.74 | AH91: 0 | AI91: =ROUND(E91*AH91,2) -> 0
A92: 6.16 | B92: ED-15451 | C92: BANCO EM CONCRETO APARENTE, TIPO-2, PADRÃO SEE-MG, SEM ENCOSTO, POLIDO COM ACABAMENTO EM VERNIZ, ESP. 5CM, COMPRIMENTO 150CM, LARGURA 40CM, ALTURA 45CM, EXCLUSIVE FIXAÇÃO EM PISO | D92: UNID | E92: 16 | F92: 266.32 | G92: =F92+F92*$G$12 -> 266.32 | H92: 4261.12 | K92: =Q92 -> 0 | L92: =J92+K92 -> 0 | N92: =K92*G92 -> 0 | O92: =M92+N92 -> 0 | P92: 0 | Q92: =ROUND(E92*P92,2) -> 0 | S92: =K92 -> 0 | T92: =Z92 -> 0 | U92: =S92+T92 -> 0 | V92: =S92*G92 -> 0 | W92: =T92*G92 -> 0 | X92: =V92+W92 -> 0 | Y92: 0 | Z92: =ROUND((E92-L92)*Y92,2) -> 0 | AB92: =U92 -> 0 | AC92: =AI92 -> 0 | AD92: =AB92+AC92 -> 0 | AE92: =AB92*G92 -> 0 | AF92: =AC92*G92 -> 0 | AG92: =AE92+AF92 -> 0 | AH92: 0 | AI92: =ROUND(E92*AH92,2) -> 0
A93: 6.17 | B93: ED-50323 | C93: TORNEIRA METÁLICA PARA IRRIGAÇÃO/JARDIM, ACABAMENTO CROMADO, APLICAÇÃO DE PAREDE, INCLUSIVE FORNECIMENTO E INSTALAÇÃO | D93: UNID | E93: 2 | F93: 60.09 | G93: =F93+F93*$G$12 -> 60.09 | H93: 120.18 | K93: =Q93 -> 0 | L93: =J93+K93 -> 0 | N93: =K93*G93 -> 0 | O93: =M93+N93 -> 0 | P93: 0 | Q93: =ROUND(E93*P93,2) -> 0 | S93: =K93 -> 0 | T93: =Z93 -> 0 | U93: =S93+T93 -> 0 | V93: =S93*G93 -> 0 | W93: =T93*G93 -> 0 | X93: =V93+W93 -> 0 | Y93: 0 | Z93: =ROUND((E93-L93)*Y93,2) -> 0 | AB93: =U93 -> 0 | AC93: =AI93 -> 0 | AD93: =AB93+AC93 -> 0 | AE93: =AB93*G93 -> 0 | AF93: =AC93*G93 -> 0 | AG93: =AE93+AF93 -> 0 | AH93: 0 | AI93: =ROUND(E93*AH93,2) -> 0
A94: 6.18 | B94: ED-50221 | C94: PONTO DE EMBUTIR PARA ÁGUA FRIA EM TUBO DE PVC RÍGIDO SOLDÁVEL, DN 20MM (1/2"), EMBUTIDO NA ALVENARIA COM DISTÂNCIA DE ATÉ CINCO (5) METROS DA TOMADA DE ÁGUA, INCLUSIVE CONEXÕES E FIXAÇÃO DO TUBO COM ENCHIMENTO DO RASGO NA ALVENARIA/CONCRETO COM ARGAMASSA | D94: UNID | E94: 2 | F94: 171.06 | G94: =F94+F94*$G$12 -> 171.06 | H94: 342.12 | K94: =Q94 -> 0 | L94: =J94+K94 -> 0 | N94: =K94*G94 -> 0 | O94: =M94+N94 -> 0 | P94: 0 | Q94: =ROUND(E94*P94,2) -> 0 | S94: =K94 -> 0 | T94: =Z94 -> 0 | U94: =S94+T94 -> 0 | V94: =S94*G94 -> 0 | W94: =T94*G94 -> 0 | X94: =V94+W94 -> 0 | Y94: 0 | Z94: =ROUND((E94-L94)*Y94,2) -> 0 | AB94: =U94 -> 0 | AC94: =AI94 -> 0 | AD94: =AB94+AC94 -> 0 | AE94: =AB94*G94 -> 0 | AF94: =AC94*G94 -> 0 | AG94: =AE94+AF94 -> 0 | AH94: 0 | AI94: =ROUND(E94*AH94,2) -> 0
A95: 6.19 | B95: ED-15204 | C95: HIDRÔMETRO COM CAVALETE E REGISTRO D = 1/2" COPASA | D95: UNID | E95: 1 | F95: 446.93 | G95: =F95+F95*$G$12 -> 446.93 | H95: 446.93 | K95: =Q95 -> 0 | L95: =J95+K95 -> 0 | N95: =K95*G95 -> 0 | O95: =M95+N95 -> 0 | P95: 0 | Q95: =ROUND(E95*P95,2) -> 0 | S95: =K95 -> 0 | T95: =Z95 -> 0 | U95: =S95+T95 -> 0 | V95: =S95*G95 -> 0 | W95: =T95*G95 -> 0 | X95: =V95+W95 -> 0 | Y95: 0 | Z95: =ROUND((E95-L95)*Y95,2) -> 0 | AB95: =U95 -> 0 | AC95: =AI95 -> 0 | AD95: =AB95+AC95 -> 0 | AE95: =AB95*G95 -> 0 | AF95: =AC95*G95 -> 0 | AG95: =AE95+AF95 -> 0 | AH95: 0 | AI95: =ROUND(E95*AH95,2) -> 0
A96: 7 | B96: PLAYGROUND | H96: =SUM(H97:H100) -> 28068.08 | K96: =Q96 -> 0 | L96: =J96+K96 -> 0 | N96: =K96*G96 -> 0 | O96: =M96+N96 -> 0 | P96: 0 | Q96: =ROUND(E96*P96,2) -> 0 | V96: =SUM(V85:V95) -> 0 | W96: =SUM(W85:W95) -> 3745.47 | X96: =V96+W96 -> 3745.47 | AE96: =SUM(AE85:AE95) -> 3745.47 | AF96: =SUM(AF85:AF95) -> 228.48 | AG96: =AE96+AF96 -> 3973.95
A97: 7.1 | B97: MERCADO | C97: CASA TARZAN, FORNECIMENTO E INSTALAÇÃO | D97: UNID | E97: 1 | F97: 18825 | G97: =F97+F97*$G$12 -> 18825 | H97: 18825 | K97: =Q97 -> 0 | L97: =J97+K97 -> 0 | N97: =K97*G97 -> 0 | O97: =M97+N97 -> 0 | P97: 0 | Q97: =ROUND(E97*P97,2) -> 0 | S97: =K97 -> 0 | T97: =Z97 -> 0 | U97: =S97+T97 -> 0 | V97: =S97*G97 -> 0 | W97: =T97*G97 -> 0 | X97: =V97+W97 -> 0 | Y97: 0 | Z97: =ROUND((E97-L97)*Y97,2) -> 0 | AB97: =U97 -> 0 | AC97: =AI97 -> 0 | AD97: =AB97+AC97 -> 0 | AE97: =AB97*G97 -> 0 | AF97: =AC97*G97 -> 0 | AG97: =AE97+AF97 -> 0 | AH97: 0 | AI97: =ROUND(E97*AH97,2) -> 0
A98: 7.2 | B98: MERCADO | C98: GANGORRA DUPLA, FORNECIMENTO E INSTALAÇÃO. | D98: UNID | E98: 1 | F98: 2746.36 | G98: =F98+F98*$G$12 -> 2746.36 | H98: 2746.36 | K98: =Q98 -> 0 | L98: =J98+K98 -> 0 | N98: =K98*G98 -> 0 | O98: =M98+N98 -> 0 | P98: 0 | Q98: =ROUND(E98*P98,2) -> 0 | S98: =K98 -> 0 | T98: =Z98 -> 0 | U98: =S98+T98 -> 0 | V98: =S98*G98 -> 0 | W98: =T98*G98 -> 0 | X98: =V98+W98 -> 0 | Y98: 0 | Z98: =ROUND((E98-L98)*Y98,2) -> 0 | AB98: =U98 -> 0 | AC98: =AI98 -> 0 | AD98: =AB98+AC98 -> 0 | AE98: =AB98*G98 -> 0 | AF98: =AC98*G98 -> 0 | AG98: =AE98+AF98 -> 0 | AH98: 0 | AI98: =ROUND(E98*AH98,2) -> 0
A99: 7.3 | B99: MERCADO | C99: CONJUNTO RUSSO, FORNECIMENTO E INSTALAÇÃO | D99: UNID | E99: 1 | F99: 2731.72 | G99: =F99+F99*$G$12 -> 2731.72 | H99: 2731.72 | K99: =Q99 -> 0 | L99: =J99+K99 -> 0 | N99: =K99*G99 -> 0 | O99: =M99+N99 -> 0 | P99: 0 | Q99: =ROUND(E99*P99,2) -> 0 | S99: =K99 -> 0 | T99: =Z99 -> 0 | U99: =S99+T99 -> 0 | V99: =S99*G99 -> 0 | W99: =T99*G99 -> 0 | X99: =V99+W99 -> 0 | Y99: 0 | Z99: =ROUND((E99-L99)*Y99,2) -> 0 | AB99: =U99 -> 0 | AC99: =AI99 -> 0 | AD99: =AB99+AC99 -> 0 | AE99: =AB99*G99 -> 0 | AF99: =AC99*G99 -> 0 | AG99: =AE99+AF99 -> 0 | AH99: 0 | AI99: =ROUND(E99*AH99,2) -> 0
A100: 7.4 | B100: MERCADO | C100: ESCADA HORIZONTAL, FORNECIMENTO E INSTALAÇÃO | D100: UNID | E100: 1 | F100: 3765 | G100: =F100+F100*$G$12 -> 3765 | H100: 3765 | K100: =Q100 -> 0 | L100: =J100+K100 -> 0 | N100: =K100*G100 -> 0 | O100: =M100+N100 -> 0 | P100: 0 | Q100: =ROUND(E100*P100,2) -> 0 | S100: =K100 -> 0 | T100: =Z100 -> 0 | U100: =S100+T100 -> 0 | V100: =S100*G100 -> 0 | W100: =T100*G100 -> 0 | X100: =V100+W100 -> 0 | Y100: 0 | Z100: =ROUND((E100-L100)*Y100,2) -> 0 | AB100: =U100 -> 0 | AC100: =AI100 -> 0 | AD100: =AB100+AC100 -> 0 | AE100: =AB100*G100 -> 0 | AF100: =AC100*G100 -> 0 | AG100: =AE100+AF100 -> 0 | AH100: 0 | AI100: =ROUND(E100*AH100,2) -> 0
A101: 8 | B101: SERVIÇOS FINAIS | H101: =SUM(H102:H103) -> 2066.04 | N101: =SUM(N85:N100) -> 0 | O101: =SUM(O85:O100) -> 0 | V101: =SUM(V97:V100) -> 0 | W101: =SUM(W97:W100) -> 0 | X101: =V101+W101 -> 0 | AE101: =SUM(AE97:AE100) -> 0 | AF101: =SUM(AF97:AF100) -> 0 | AG101: =AE101+AF101 -> 0
A102: 8.1 | B102: ED-50269 | C102: LIMPEZA PERMANENTE DA OBRA - 01 SERVENTE X 8 HORAS DIÁRIAS | D102: MÊS | E102: 0.5 | F102: 1631.5 | G102: =F102+F102*$G$12 -> 1631.5 | H102: 815.75 | K102: =Q102 -> 0 | L102: =J102+K102 -> 0 | N102: =K102*G102 -> 0 | O102: =M102+N102 -> 0 | P102: 0 | Q102: =ROUND(E102*P102,2) -> 0 | S102: =K102 -> 0 | T102: =Z102 -> 0.15 | U102: =S102+T102 -> 0.15 | V102: =S102*G102 -> 0 | W102: =T102*G102 -> 244.725 | X102: =V102+W102 -> 244.725 | Y102: 0.3 | Z102: =ROUND((E102-L102)*Y102,2) -> 0.15 | AB102: =U102 -> 0.15 | AC102: =AI102 -> 0 | AD102: =AB102+AC102 -> 0.15 | AE102: =AB102*G102 -> 244.725 | AF102: =AC102*G102 -> 0 | AG102: =AE102+AF102 -> 244.725 | AH102: 0 | AI102: =ROUND(E102*AH102,2) -> 0
A103: 8.2 | B103: ED-50635 | C103: PLACA DE INAUGURAÇÃO EM ALUMÍNIO FUNDIDO 85 X 50 CM | D103: UNID | E103: 1 | F103: 1250.29 | G103: =F103+F103*$G$12 -> 1250.29 | H103: 1250.29 | K103: =Q103 -> 0 | L103: =J103+K103 -> 0 | N103: =K103*G103 -> 0 | O103: =M103+N103 -> 0 | P103: 0 | Q103: =ROUND(E103*P103,2) -> 0 | S103: =K103 -> 0 | T103: =Z103 -> 0 | U103: =S103+T103 -> 0 | V103: =S103*G103 -> 0 | W103: =T103*G103 -> 0 | X103: =V103+W103 -> 0 | Y103: 0 | Z103: =ROUND((E103-L103)*Y103,2) -> 0 | AB103: =U103 -> 0 | AC103: =AI103 -> 0 | AD103: =AB103+AC103 -> 0 | AE103: =AB103*G103 -> 0 | AF103: =AC103*G103 -> 0 | AG103: =AE103+AF103 -> 0 | AH103: 0 | AI103: =ROUND(E103*AH103,2) -> 0
A104: TOTAL | H104: =H101+H45+H33+H84+H25+H21+H16+H96 -> 400000 | N104: =SUM(N102:N103) -> 0 | O104: =SUM(O102:O103) -> 0 | V104: =SUM(V102:V103) -> 0 | W104: =SUM(W102:W103) -> 244.725 | X104: =V104+W104 -> 244.725 | AE104: =SUM(AE102:AE103) -> 244.725 | AF104: =SUM(AF102:AF103) -> 0 | AG104: =AE104+AF104 -> 244.725
J105: TOTAL MEDIDO 01= | N105: =SUM(N21+N25+N33+N45+N84+N101+N104) -> 60289.926 | S105: TOTAL MEDIDO 02 = | V105: =SUM(V21+V25+V33+V45+V84+V96+V101+V104) -> 60289.926 | W105: =SUM(W21+W25+W33+W45+W84+W96+W101+W104) -> 94192.566 | AB105: TOTAL MEDIDO 03 = | AE105: =SUM(AE21+AE25+AE33+AE45+AE84+AE96+AE101+AE104) -> 154482.49 | AF105: =SUM(AF21+AF25+AF33+AF45+AF84+AF96+AF101+AF104) -> 73014.982
J110: ANTÔNIO HENRIQUE SOUZA SANTANA - SECRETÁRIO MUNICIPAL DE OBRAS E SERVIÇOS URBANOS | L110: FERNANDA GONÇALVES COSTA - ENGENHEIRA CIVIL CREA-MG 247206/D | O110: FRANCIELLE A. LOPES PIMENTA - ARQUITETA E URBANISTA CAU-MG A144799-8
S112: ANTÔNIO HENRIQUE SOUZA SANTANA - SECRETÁRIO MUNICIPAL DE OBRAS E SERVIÇOS URBANOS | X112: FERNANDA GONÇALVES COSTA - ENGENHEIRA CIVIL CREA-MG 247206/D
...

Sheet PANILHA 
A1: PREFEITURA MUNICIPAL DE JANUÁRIA- MG Avenida Aeroporto, 250. Bairro: Aeroporto - CEP 39480-000 - Januária/MG CNPJ 21.461.546/0001-10 Telefax: 0xx (38) 3621-2656 SECRETARIA MUNICIPAL DE OBRAS E SERVIÇOS URBANOS | K1: MEDIÇÃO 01 | T1: MEDIÇÃO 02 | AC1: MEDIÇÃO 03 | AL1: MEDIÇÃO FINAL
A8: PLANILHA ORÇAMENTÁRIA DE CUSTOS
A9: PREFEITURA MUNICIPAL DE JANUÁRIA
A10: OBRA:CONSTRUÇÃO DA PRAÇA DA PREVIDÊNCIA | H10: DATA: | I10: 46064
A11: LOCAL: JANUÁRIA - MG | G11: BDI= | H11: 0.2764
A12: REGIÃO/MÊS DE REFERÊNCIA: SETOP REGIÃO NORTE OUTUBRO/2025 - SINAPI DEZEMBRO/2025
A13: PRAZO DE EXECUÇÃO: 3 MESES | K13: FISÍCO | N13: FINANCEIRO | T13: FISÍCO | W13: FINANCEIRO | AC13: FISÍCO | AF13: FINANCEIRO | AL13: FISÍCO | AO13: FINANCEIRO
A14: ITEM | B14: CÓDIGO | D14: DESCRIÇÃO | E14: UNIDADE | F14: QUANTIDADE | G14: VALOR UNIT. | H14: VALOR UNIT. C/ BDI | I14: VALOR TOTAL | K14: ANTERIOR | L14: ATUAL | M14: ACUMULADO | N14: ANTERIOR | O14: ATUAL | P14: ACUMULADO | T14: ANTERIOR | U14: ATUAL | V14: ACUMULADO | W14: ANTERIOR | X14: ATUAL | Y14: ACUMULADO | AC14: ANTERIOR | AD14: ATUAL | AE14: ACUMULADO | AF14: ANTERIOR | AG14: ATUAL | AH14: ACUMULADO | AL14: ANTERIOR | AM14: ATUAL | AN14: ACUMULADO | AO14: ANTERIOR | AP14: ATUAL | AQ14: ACUMULADO
A15: 1 | B15: SERVIÇOS INICIAIS | I15: =SUM(I16:I18) -> 56067.69
A16: 1.1 | B16: ED-28427 | C16: SETOP | D16: FORNECIMENTO E COLOCAÇÃO DE PLACA DE OBRA EM CHAPA GALVANIZADA #26, ESP. 0,45MM, DIMENSÃO (3X1,5)M, PLOTADA COM ADESIVO VINÍLICO, AFIXADA COM REBITES 4,8X40MM, EM ESTRUTURA METÁLICA DE METALON 20X20MM, ESP. 1,25MM,INCLUSIVE SUPORTE EM EUCALIPTO AUTOCLAVADO PINTADO COM TINTA PVA DUAS (2) DEMÃOS | E16: UNID | F16: 1 | G16: 1153.26 | H16: =G16+G16*$H$11 -> 1472.0211 | I16: 1472.02 | L16: =R16 -> 1 | M16: =K16+L16 -> 1 | O16: =L16*H16 -> 1472.0211 | P16: =N16+O16 -> 1472.0211 | Q16: 1 | R16: =ROUND(F16*Q16,2) -> 1 | T16: =L16 -> 1 | U16: =AA16 -> 0 | V16: =T16+U16 -> 1 | W16: =T16*H16 -> 1472.0211 | X16: =U16*H16 -> 0 | Y16: =W16+X16 -> 1472.0211 | Z16: 1 | AA16: =ROUND((F16-M16)*Z16,2) -> 0 | AC16: =V16 -> 1 | AD16: =AJ16 -> 0 | AE16: =AC16+AD16 -> 1 | AF16: =AC16*H16 -> 1472.0211 | AG16: =AD16*H16 -> 0 | AH16: =AF16+AG16 -> 1472.0211 | AI16: 0 | AJ16: =ROUND(F16*AI16,2) -> 0 | AL16: =AE16 -> 1 | AM16: =AS16 -> 0 | AN16: =AL16+AM16 -> 1 | AO16: =AL16*H16 -> 1472.0211 | AP16: =AM16*H16 -> 0 | AQ16: =AO16+AP16 -> 1472.0211 | AR16: 0 | AS16: =ROUND(F16*AR16,2) -> 0
A17: 1.2 | B17: ED-50135 | C17: SETOP | D17: BARRACÃO DE OBRA, EM CHAPA DE COMPENSADO RESINADO,INCLUSIVE INSTALAÇÕES SANITÁRIAS E MOBILIÁRIO - PADRÃO DER-MG | E17: M² | F17: 8 | G17: 640.96 | H17: =G17+G17*$H$11 -> 818.12134 | I17: 6544.96 | L17: =R17 -> 8 | M17: =K17+L17 -> 8 | O17: =L17*H17 -> 6544.9708 | P17: =N17+O17 -> 6544.9708 | Q17: 1 | R17: =ROUND(F17*Q17,2) -> 8 | T17: =L17 -> 8 | U17: =AA17 -> 0 | V17: =T17+U17 -> 8 | W17: =T17*H17 -> 6544.9708 | X17: =U17*H17 -> 0 | Y17: =W17+X17 -> 6544.9708 | Z17: 1 | AA17: =ROUND((F17-M17)*Z17,2) -> 0 | AC17: =V17 -> 8 | AD17: =AJ17 -> 0 | AE17: =AC17+AD17 -> 8 | AF17: =AC17*H17 -> 6544.9708 | AG17: =AD17*H17 -> 0 | AH17: =AF17+AG17 -> 6544.9708 | AI17: 0 | AJ17: =ROUND(F17*AI17,2) -> 0 | AL17: =AE17 -> 8 | AM17: =AS17 -> 0 | AN17: =AL17+AM17 -> 8 | AO17: =AL17*H17 -> 6544.9708 | AP17: =AM17*H17 -> 0 | AQ17: =AO17+AP17 -> 6544.9708 | AR17: 0 | AS17: =ROUND(F17*AR17,2) -> 0
A18: 1.3 | B18: ED-29823 | C18: SETOP | D18: TAPUME FIXO DE PROTEÇÃO PARA FECHAMENTO DE OBRA EM TELHA METÁLICA GALVANIZADA, TIPO TRAPEZOIDAL, ESP. 0,5MM, COM MÓDULO NA DIMENSÃO DE (300X220)CM, COM REAPROVEITAMENTO, EXCLUSIVE PINTURA ESMALTE, INCLUSIVE PONTALETE E FIXAÇÃO( INCLUSO PORTÃO) | E18: M² | F18: 576.77 | G18: 65.27 | H18: =G18+G18*$H$11 -> 83.310628 | I18: 48050.71 | L18: =R18 -> 576.77 | M18: =K18+L18 -> 576.77 | O18: =L18*H18 -> 48051.071 | P18: =N18+O18 -> 48051.071 | Q18: 1 | R18: =ROUND(F18*Q18,2) -> 576.77 | T18: =L18 -> 576.77 | U18: =AA18 -> 0 | V18: =T18+U18 -> 576.77 | W18: =T18*H18 -> 48051.071 | X18: =U18*H18 -> 0 | Y18: =W18+X18 -> 48051.071 | Z18: 1 | AA18: =ROUND((F18-M18)*Z18,2) -> 0 | AC18: =V18 -> 576.77 | AD18: =AJ18 -> 0 | AE18: =AC18+AD18 -> 576.77 | AF18: =AC18*H18 -> 48051.071 | AG18: =AD18*H18 -> 0 | AH18: =AF18+AG18 -> 48051.071 | AI18: 0 | AJ18: =ROUND(F18*AI18,2) -> 0 | AL18: =AE18 -> 576.77 | AM18: =AS18 -> 0 | AN18: =AL18+AM18 -> 576.77 | AO18: =AL18*H18 -> 48051.071 | AP18: =AM18*H18 -> 0 | AQ18: =AO18+AP18 -> 48051.071 | AR18: 0 | AS18: =ROUND(F18*AR18,2) -> 0
A19: 2 | B19: MOVIMENTAÇÃO DE TERRA | I19: =SUM(I20:I24) -> 8030.01 | O19: =SUM(O16:O18) -> 56068.063 | P19: =SUM(P16:P18) -> 56068.063 | W19: =SUM(W16:W18) -> 56068.063 | X19: =SUM(X16:X18) -> 0 | Y19: =W19+X19 -> 56068.063 | AF19: =SUM(AF16:AF18) -> 56068.063 | AG19: =SUM(AG16:AG18) -> 0 | AH19: =AF19+AG19 -> 56068.063 | AO19: =SUM(AO16:AO18) -> 56068.063 | AP19: =SUM(AP16:AP18) -> 0 | AQ19: =AO19+AP19 -> 56068.063
A20: 2.1 | B20: ED-51124 | C20: SETOP | D20: REGULARIZAÇÃO E COMPACTAÇÃO MECÂNICA DE TERRENO COM ROLO VIBRATÓRIO, EXCLUSIVE DESMATAMENTO, DESTOCAMENTO, LIMPEZA/ROÇADA DO TERRENO | E20: M² | F20: 897.66 | G20: 2.75 | H20: =G20+G20*$H$11 -> 3.5101 | I20: 3150.79 | L20: =R20 -> 44.88 | M20: =K20+L20 -> 44.88 | O20: =L20*H20 -> 157.53329 | P20: =N20+O20 -> 157.53329 | Q20: 0.05 | R20: =ROUND(F20*Q20,2) -> 44.88 | T20: =L20 -> 44.88 | U20: =AA20 -> 767.5 | V20: =T20+U20 -> 812.38 | W20: =T20*H20 -> 157.53329 | X20: =U20*H20 -> 2694.0017 | Y20: =W20+X20 -> 2851.535 | Z20: 0.9 | AA20: =ROUND((F20-M20)*Z20,2) -> 767.5 | AC20: =V20 -> 812.38 | AD20: =AJ20 -> 85.28 | AE20: =AC20+AD20 -> 897.66 | AF20: =AC20*H20 -> 2851.535 | AG20: =AD20*H20 -> 299.34133 | AH20: =AF20+AG20 -> 3150.8764 | AI20: 0.095 | AJ20: =ROUND(F20*AI20,2) -> 85.28 | AL20: =AE20 -> 897.66 | AM20: =AS20 -> 0 | AN20: =AL20+AM20 -> 897.66 | AO20: =AL20*H20 -> 3150.8764 | AP20: =AM20*H20 -> 0 | AQ20: =AO20+AP20 -> 3150.8764 | AR20: 0 | AS20: =ROUND(F20*AR20,2) -> 0 | AT20: 1867
A21: 2.2 | B21: ED-51131 | C21: SETOP | D21: CARGA MANUAL DE MATERIAL DE QUALQUER NATUREZA SOBRE CAMINHÃO, EXCLUSIVE TRANSPORTE | E21: m3 | F21: 46.2 | G21: 41.88 | H21: =G21+G21*$H$11 -> 53.455632 | I21: 2469.85
A22: 2.3 | B22: ED-29232 | C22: SETOP | D22: TRANSPORTE DE MATERIAL DE QUALQUER NATUREZA EM CAMINHÃO, DISTÂNCIA MAIOR QUE 5KM E MENOR OU IGUAL A 10KM, DENTRO DO PERÍMETRO URBANO, EXCLUSIVE CARGA, INCLUSIVE DESCARGA | E22: M3xKM | F22: 138.9 | G22: 1.99 | H22: =G22+G22*$H$11 -> 2.540036 | I22: 352.81
A23: 2.4 | B23: ED-51107 | C23: SETOP | D23: ESCAVAÇÃO MANUAL DE VALA COM PROFUNDIDADE MENOR OU IGUAL A 1,5M, INCLUSIVE DESCARGA LATERAL | E23: M³ | F23: 11.28 | G23: 71.42 | H23: =G23+G23*$H$11 -> 91.160488 | I23: 1028.28 | L23: =R23 -> 0.56 | M23: =K23+L23 -> 0.56 | O23: =L23*H23 -> 51.049873 | P23: =N23+O23 -> 51.049873 | Q23: 0.05 | R23: =ROUND(F23*Q23,2) -> 0.56 | T23: =L23 -> 0.56 | U23: =AA23 -> 8.58 | V23: =T23+U23 -> 9.14 | W23: =T23*H23 -> 51.049873 | X23: =U23*H23 -> 782.15699 | Y23: =W23+X23 -> 833.20686 | Z23: 0.8 | AA23: =ROUND((F23-M23)*Z23,2) -> 8.58 | AC23: =V23 -> 9.14 | AD23: =AJ23 -> 2.14 | AE23: =AC23+AD23 -> 11.28 | AF23: =AC23*H23 -> 833.20686 | AG23: =AD23*H23 -> 195.08344 | AH23: =AF23+AG23 -> 1028.2903 | AI23: 0.19 | AJ23: =ROUND(F23*AI23,2) -> 2.14 | AL23: =AE23 -> 11.28 | AM23: =AS23 -> 0 | AN23: =AL23+AM23 -> 11.28 | AO23: =AL23*H23 -> 1028.2903 | AP23: =AM23*H23 -> 0 | AQ23: =AO23+AP23 -> 1028.2903 | AR23: 0 | AS23: =ROUND(F23*AR23,2) -> 0 | AT23: 1867
A24: 2.5 | B24: ED-51120 | C24: SETOP | D24: REATERRO MANUAL DE VALA, INCLUSIVE ESPALHAMENTO E COMPACTAÇÃO MANUAL COM SOQUETE | E24: M³ | F24: 11.28 | G24: 71.42 | H24: =G24+G24*$H$11 -> 91.160488 | I24: 1028.28 | L24: =R24 -> 0.56 | M24: =K24+L24 -> 0.56 | O24: =L24*H24 -> 51.049873 | P24: =N24+O24 -> 51.049873 | Q24: 0.05 | R24: =ROUND(F24*Q24,2) -> 0.56 | T24: =L24 -> 0.56 | U24: =AA24 -> 8.58 | V24: =T24+U24 -> 9.14 | W24: =T24*H24 -> 51.049873 | X24: =U24*H24 -> 782.15699 | Y24: =W24+X24 -> 833.20686 | Z24: 0.8 | AA24: =ROUND((F24-M24)*Z24,2) -> 8.58 | AC24: =V24 -> 9.14 | AD24: =AJ24 -> 2.14 | AE24: =AC24+AD24 -> 11.28 | AF24: =AC24*H24 -> 833.20686 | AG24: =AD24*H24 -> 195.08344 | AH24: =AF24+AG24 -> 1028.2903 | AI24: 0.19 | AJ24: =ROUND(F24*AI24,2) -> 2.14 | AL24: =AE24 -> 11.28 | AM24: =AS24 -> 0 | AN24: =AL24+AM24 -> 11.28 | AO24: =AL24*H24 -> 1028.2903 | AP24: =AM24*H24 -> 0 | AQ24: =AO24+AP24 -> 1028.2903 | AR24: 0 | AS24: =ROUND(F24*AR24,2) -> 0 | AT24: 1867
A25: 3 | B25: PAVIMENTAÇÃO | I25: =SUM(I26:I34) -> 107641.02 | O25: =SUM(O23:O24) -> 102.09975 | P25: =SUM(P23:P24) -> 102.09975 | W25: =SUM(W23:W24) -> 102.09975 | X25: =SUM(X23:X24) -> 1564.314 | Y25: =W25+X25 -> 1666.4137 | AF25: =SUM(AF23:AF24) -> 1666.4137 | AG25: =SUM(AG23:AG24) -> 390.16689 | AH25: =AF25+AG25 -> 2056.5806 | AO25: =SUM(AO23:AO24) -> 2056.5806 | AP25: =SUM(AP23:AP24) -> 0 | AQ25: =AO25+AP25 -> 2056.5806
A26: 3.1 | B26: ED-51145 | C26: SETOP | D26: PASSEIOS DE CONCRETO E = 6 CM, FCK = 10 MPA, JUNTA SECA (RAMPA DE ACESSIBILIDADE) | E26: M² | F26: 27.67 | G26: 67.76 | H26: =G26+G26*$H$11 -> 86.488864 | I26: 2393.18 | L26: =R26 -> 0 | M26: =K26+L26 -> 0 | O26: =L26*H26 -> 0 | P26: =N26+O26 -> 0 | Q26: 0 | R26: =ROUND(F26*Q26,2) -> 0 | T26: =L26 -> 0 | U26: =AA26 -> 22.41 | V26: =T26+U26 -> 22.41 | W26: =T26*H26 -> 0 | X26: =U26*H26 -> 1938.2154 | Y26: =W26+X26 -> 1938.2154 | Z26: 0.81 | AA26: =ROUND((F26-M26)*Z26,2) -> 22.41 | AC26: =V26 -> 22.41 | AD26: =AJ26 -> 5.26 | AE26: =AC26+AD26 -> 27.67 | AF26: =AC26*H26 -> 1938.2154 | AG26: =AD26*H26 -> 454.93142 | AH26: =AF26+AG26 -> 2393.1469 | AI26: 0.19 | AJ26: =ROUND(F26*AI26,2) -> 5.26 | AL26: =AE26 -> 27.67 | AM26: =AS26 -> 0 | AN26: =AL26+AM26 -> 27.67 | AO26: =AL26*H26 -> 2393.1469 | AP26: =AM26*H26 -> 0 | AQ26: =AO26+AP26 -> 2393.1469 | AR26: 0 | AS26: =ROUND(F26*AR26,2) -> 0 | AT26: 1863
A27: 3.2 | B27: ED-8915 | C27: SETOP | D27: EXECUÇÃO DE PAVIMENTO COM PISO INTERTRAVADO, TIPO RETANGULAR, ESP. 6CM, COM FCK DE 35MPA, INCLUSIVE COLCHÃO DE AREIA, ESP. 6CM, PARA ASSENTAMENTO,COMPACTAÇÃO MECANIZADA, CARGA E DESCARGA MECÂNICA EM CAMINHÃO, EXCLUSIVE TRANSPORTE DE PISO INTERTRAVADO | E27: M² | F27: 657 | G27: 89.88 | H27: =G27+G27*$H$11 -> 114.72283 | I27: 75371.04 | L27: =R27 -> 0 | M27: =K27+L27 -> 0 | O27: =L27*H27 -> 0 | P27: =N27+O27 -> 0 | Q27: 0 | R27: =ROUND(F27*Q27,2) -> 0 | T27: =L27 -> 0 | U27: =AA27 -> 0 | V27: =T27+U27 -> 0 | W27: =T27*H27 -> 0 | X27: =U27*H27 -> 0 | Y27: =W27+X27 -> 0 | Z27: 0 | AA27: =ROUND((F27-M27)*Z27,2) -> 0 | AC27: =V27 -> 0 | AD27: =AJ27 -> 657 | AE27: =AC27+AD27 -> 657 | AF27: =AC27*H27 -> 0 | AG27: =AD27*H27 -> 75372.901 | AH27: =AF27+AG27 -> 75372.901 | AI27: 1 | AJ27: =ROUND(F27*AI27,2) -> 657 | AL27: =AE27 -> 657 | AM27: =AS27 -> 0 | AN27: =AL27+AM27 -> 657 | AO27: =AL27*H27 -> 75372.901 | AP27: =AM27*H27 -> 0 | AQ27: =AO27+AP27 -> 75372.901 | AR27: 0 | AS27: =ROUND(F27*AR27,2) -> 0 | AT27: 1867
A28: 3.3 | B28: ED-48212 | C28: SETOP | D28: ALVENARIA DE BLOCO DE CONCRETO CHEIO COM ARMAÇÃO, EM CONCRETO COM FCK 15MPA , ESP. 9CM, PARA REVESTIMENTO,INCLUSIVE ARGAMASSA PARA ASSENTAMENTO (DETALHE D -CADERNO SEDS) | E28: M² | F28: 38.58 | G28: 178.99 | H28: =G28+G28*$H$11 -> 228.46284 | I28: 8813.99
A29: 3.4 | B29: ED-50729 | C29: SETOP | D29: CHAPISCO COM ARGAMASSA, TRAÇO 1:3 (CIMENTO E AREIA), ESP. 5MM, APLICADO EM ALVENARIA COM PENEIRA, INCLUSIVE ARGAMASSA COM PREPARO MECANIZADO | E29: M² | F29: 77.16 | G29: 13.7 | H29: =G29+G29*$H$11 -> 17.48668 | I29: 1349.53 | L29: =R29 -> 7.72 | M29: =K29+L29 -> 7.72 | O29: =L29*H29 -> 134.99717 | P29: =N29+O29 -> 134.99717 | Q29: 0.1 | R29: =ROUND(F29*Q29,2) -> 7.72 | T29: =L29 -> 7.72 | U29: =AA29 -> 55.55 | V29: =T29+U29 -> 63.27 | W29: =T29*H29 -> 134.99717 | X29: =U29*H29 -> 971.38507 | Y29: =W29+X29 -> 1106.3822 | Z29: 0.8 | AA29: =ROUND((F29-M29)*Z29,2) -> 55.55 | AC29: =V29 -> 63.27 | AD29: =AJ29 -> 13.89 | AE29: =AC29+AD29 -> 77.16 | AF29: =AC29*H29 -> 1106.3822 | AG29: =AD29*H29 -> 242.88999 | AH29: =AF29+AG29 -> 1349.2722 | AI29: 0.18 | AJ29: =ROUND(F29*AI29,2) -> 13.89 | AL29: =AE29 -> 77.16 | AM29: =AS29 -> 0 | AN29: =AL29+AM29 -> 77.16 | AO29: =AL29*H29 -> 1349.2722 | AP29: =AM29*H29 -> 0 | AQ29: =AO29+AP29 -> 1349.2722 | AR29: 0 | AS29: =ROUND(F29*AR29,2) -> 0 | AT29: 1863
A30: 3.5 | B30: ED-50761 | C30: SETOP | D30: REBOCO COM ARGAMASSA, TRAÇO 1:2:8 (CIMENTO, CAL E AREIA), ESP. 20MM, APLICAÇÃO MANUAL, INCLUSIVE ARGAMASSA COM PREPARO MECANIZADO, EXCLUSIVE CHAPISCO | E30: M² | F30: 77.16 | G30: 37.78 | H30: =G30+G30*$H$11 -> 48.222392 | I30: 3720.66 | L30: =R30 -> 7.72 | M30: =K30+L30 -> 7.72 | O30: =L30*H30 -> 372.27687 | P30: =N30+O30 -> 372.27687 | Q30: 0.1 | R30: =ROUND(F30*Q30,2) -> 7.72 | T30: =L30 -> 7.72 | U30: =AA30 -> 55.55 | V30: =T30+U30 -> 63.27 | W30: =T30*H30 -> 372.27687 | X30: =U30*H30 -> 2678.7539 | Y30: =W30+X30 -> 3051.0307 | Z30: 0.8 | AA30: =ROUND((F30-M30)*Z30,2) -> 55.55 | AC30: =V30 -> 63.27 | AD30: =AJ30 -> 13.89 | AE30: =AC30+AD30 -> 77.16 | AF30: =AC30*H30 -> 3051.0307 | AG30: =AD30*H30 -> 669.80902 | AH30: =AF30+AG30 -> 3720.8398 | AI30: 0.18 | AJ30: =ROUND(F30*AI30,2) -> 13.89 | AL30: =AE30 -> 77.16 | AM30: =AS30 -> 0 | AN30: =AL30+AM30 -> 77.16 | AO30: =AL30*H30 -> 3720.8398 | AP30: =AM30*H30 -> 0 | AQ30: =AO30+AP30 -> 3720.8398 | AR30: 0 | AS30: =ROUND(F30*AR30,2) -> 0 | AT30: 1863
A31: 3.6 | B31: ED-50459 | C31: SETOP | D31: PINTURA ACRÍLICA PARA PISO EM PASSEIO/SUPERFÍCIE CIMENTADA, DUAS (2) DEMÃOS, COM APLICAÇÃO MANUAL | E31: M² | F31: 833.62 | G31: 12.77 | H31: =G31+G31*$H$11 -> 16.299628 | I31: 13588.01
A32: 3.7 | B32: ED-50381 | C32: SETOP | D32: PEDREIRO COM ENCARGOS COMPLEMENTARES(MEIO FIO) | E32: hora | F32: 33 | G32: 28.61 | H32: =G32+G32*$H$11 -> 36.517804 | I32: 1205.16
A33: 3.8 | B33: ED-50367 | C33: SETOP | D33: SERVENTE COM ENCARGOS COMPLEMENTARES (MEIO FIO) | E33: hora | F33: 33 | G33: 20.94 | H33: =G33+G33*$H$11 -> 26.727816 | I33: 882.09
A34: 3.9 | B34: ED-48306 | C34: SETOP | D34: ARGAMASSA, TRAÇO 1:7 (CIMENTO E AREIA), COM PREPARO MECANIZADO | E34: M³ | F34: 0.5 | G34: 497.27 | H34: =G34+G34*$H$11 -> 634.71543 | I34: 317.36
A35: 4 | B35: INFRAESTRUTURA (PERGOLADO) | I35: =SUM(I36:I47) -> 56830.31 | O35: =SUM(O25:O26) -> 102.09975 | P35: =SUM(P25:P26) -> 102.09975 | W35: =SUM(W25:W26) -> 102.09975 | X35: =SUM(X25:X26) -> 3502.5294 | Y35: =W35+X35 -> 3604.6292 | AF35: =SUM(AF25:AF26) -> 3604.6292 | AG35: =SUM(AG25:AG26) -> 845.09831 | AH35: =AF35+AG35 -> 4449.7275 | AO35: =SUM(AO25:AO26) -> 4449.7275 | AP35: =SUM(AP25:AP26) -> 0 | AQ35: =AO35+AP35 -> 4449.7275
A36: 4.1 | B36: ED-49786 | C36: SETOP | D36: FORNECIMENTO DE CONCRETO ESTRUTURAL, PREPARADO EM OBRA COM BETONEIRA, COM FCK 20MPA, INCLUSIVE LANÇAMENTO, ADENSAMENTO E ACABAMENTO (FUNDAÇÃO) | E36: M³ | F36: 14.73 | G36: 773.51 | H36: =G36+G36*$H$11 -> 987.30816 | I36: 14543.08 | L36: =R36 -> 0.74 | M36: =K36+L36 -> 0.74 | O36: =L36*H36 -> 730.60804 | P36: =N36+O36 -> 730.60804 | Q36: 0.05 | R36: =ROUND(F36*Q36,2) -> 0.74 | T36: =L36 -> 0.74 | U36: =AA36 -> 11.19 | V36: =T36+U36 -> 11.93 | W36: =T36*H36 -> 730.60804 | X36: =U36*H36 -> 11047.978 | Y36: =W36+X36 -> 11778.586 | Z36: 0.8 | AA36: =ROUND((F36-M36)*Z36,2) -> 11.19 | AC36: =V36 -> 11.93 | AD36: =AJ36 -> 2.8 | AE36: =AC36+AD36 -> 14.73 | AF36: =AC36*H36 -> 11778.586 | AG36: =AD36*H36 -> 2764.4629 | AH36: =AF36+AG36 -> 14543.049 | AI36: 0.19 | AJ36: =ROUND(F36*AI36,2) -> 2.8 | AL36: =AE36 -> 14.73 | AM36: =AS36 -> 0 | AN36: =AL36+AM36 -> 14.73 | AO36: =AL36*H36 -> 14543.049 | AP36: =AM36*H36 -> 0 | AQ36: =AO36+AP36 -> 14543.049 | AR36: 0 | AS36: =ROUND(F36*AR36,2) -> 0 | AT36: 1867
A37: 4.2 | B37: ED-48295 | C37: SETOP | D37: CORTE, DOBRA E MONTAGEM DE AÇO CA-50, DIÂMETRO (6,3MM A 12,5MM), INCLUSIVE ESPAÇADOR | E37: KG | F37: 664.38 | G37: 13.2 | H37: =G37+G37*$H$11 -> 16.84848 | I37: 11194.8
A38: 4.3 | B38: ED-49643 | C38: SETOP | D38: FÔRMA E DESFORMA DE TÁBUA E SARRAFO,REAPROVEITAMENTO (3X), EXCLUSIVE ESCORAMENTO | E38: M² | F38: 52.91 | G38: 75.79 | H38: =G38+G38*$H$11 -> 96.738356 | I38: 5118.51
A39: 4.4 | B39: 10749 | C39: SINAPI | D39: LOCACAO DE ESCORA METALICA TELESCOPICA, COM ALTURA REGULAVEL DE*1,80* A *3,20* M, COM CAPACIDADE DE CARGA DE NO MINIMO 1000 KGF (10KN), INCLUSO TRIPE E FORCADO | E39: UNXMES | F39: 96 | G39: 19.52 | H39: =G39+G39*$H$11 -> 24.915328 | I39: 2392.32
A40: 4.5 | B40: ED-50730 | C40: SETOP | D40: CHAPISCO COM ARGAMASSA, TRAÇO 1:2:3 (CIMENTO, AREIA E PEDRISCO), APLICADO COM COLHER, ESP. 5MM, INCLUSIVE ARGAMASSA COM PREPARO MECANIZADO | E40: M² | F40: 128.6 | G40: 14.89 | H40: =G40+G40*$H$11 -> 19.005596 | I40: 2444.69
A41: 4.6 | B41: ED-50761 | C41: SETOP | D41: REBOCO COM ARGAMASSA, TRAÇO 1:2:8 (CIMENTO, CAL E AREIA), ESP. 20MM, APLICAÇÃO MANUAL, INCLUSIVE ARGAMASSA COM PREPARO MECANIZADO, EXCLUSIVE CHAPISCO | E41: M² | F41: 128.6 | G41: 37.78 | H41: =G41+G41*$H$11 -> 48.222392 | I41: 6201.09
A42: 4.7 | B42: ED-27079 | C42: SETOP | D42: LUMINÁRIA COMERCIAL COM ALETAS DE EMBUTIR, PARA DUAS (2) LÂMPADAS TUBULARES LED 2X9W-ØT8, FORNECIMENTO E INSTALAÇÃO, EXCLUSIVE BASE E LÂMPADA | E42: UNID | F42: 6 | G42: 154.3 | H42: =G42+G42*$H$11 -> 196.94852 | I42: 1181.7
A43: 4.8 | B43: ED-49523 | C43: SETOP | D43: RELÉ FOTOELÉTRICO, TENSÃO 120V COM CAPACIDADE DE CARGA 1200VA, INCLUSIVE BASE E INSTALAÇÃO | E43: UNID | F43: 1 | G43: 49.75 | H43: =G43+G43*$H$11 -> 63.5009 | I43: 63.5
A44: 4.9 | B44: ED-48951 | C44: SETOP | D44: CABO ISOLADO DE COBRE FLEXÍVEL, CLASSE 5, ISOLAMENTO TIPO LSHF/ATOX, NÃO HALOGENADO E ANTICHAMA, DIÂMETRO DA SEÇÃO DE 2,5MM2, TEMPERATURA DE TRABALHO 70°C, TENSÃO NOMINAL DE OPERAÇÃO 450/750V | E44: M | F44: 63 | G44: 4.26 | H44: =G44+G44*$H$11 -> 5.437464 | I44: 342.72
A45: 4.10 | B45: ED-17952 | C45: SETOP | D45: ELETRODUTO FLEXÍVEL CORRUGADO, PVC, ANTI-CHAMA, DN 25MM (3/4"), APLICADO EM ALVENARIA, EXCLUSIVE RASGO | E45: M | F45: 31.5 | G45: 5.2 | H45: =G45+G45*$H$11 -> 6.63728 | I45: 209.16
A46: 4.11 | B46: ED-49189 | C46: SETOP | D46: CAIXA DE LIGAÇÃO/PASSAGEM EM PVC RÍGIDO PARA ELETRODUTO, OCTOGONAL COM FUNDO MÓVEL, DIMENSÃO 4"X4 , EMBUTIDA EM LAJE, INCLUSIVE FIXAÇÃO | E46: UNID | F46: 12 | G46: 10.58 | H46: =G46+G46*$H$11 -> 13.504312 | I46: 162
A47: 4.12 | B47: COTAÇÃO | C47: COTAÇÃO | D47: PINTURA ARTÍSTICA COM TEXTURA EFEITO AMADEIRADO,APLICAÇÃO MANUAL | E47: UNID | F47: 1 | G47: 10166.67 | H47: =G47+G47*$H$11 -> 12976.738 | I47: 12976.74
A48: 5 | B48: INFRAESTRUTURA (PÓRTICO) | I48: =SUM(I49:I56) -> 16442.15 | O48: =SUM(O26:O27) -> 0 | P48: =SUM(P26:P27) -> 0 | W48: =SUM(W26:W27) -> 0 | X48: =SUM(X26:X27) -> 1938.2154 | Y48: =W48+X48 -> 1938.2154 | AF48: =SUM(AF26:AF27) -> 1938.2154 | AG48: =SUM(AG26:AG27) -> 75827.832 | AH48: =AF48+AG48 -> 77766.047 | AO48: =SUM(AO26:AO27) -> 77766.047 | AP48: =SUM(AP26:AP27) -> 0 | AQ48: =AO48+AP48 -> 77766.047
A49: 5.1 | B49: ED-51107 | C49: SETOP | D49: ESCAVAÇÃO MANUAL DE VALA COM PROFUNDIDADE MENOR OU IGUAL A 1,5M, INCLUSIVE DESCARGA LATERAL | E49: M³ | F49: 1.51 | G49: 71.42 | H49: =G49+G49*$H$11 -> 91.160488 | I49: 137.65 | L49: =R49 -> 0.08 | M49: =K49+L49 -> 0.08 | O49: =L49*H49 -> 7.292839 | P49: =N49+O49 -> 7.292839 | Q49: 0.05 | R49: =ROUND(F49*Q49,2) -> 0.08 | T49: =L49 -> 0.08 | U49: =AA49 -> 1.14 | V49: =T49+U49 -> 1.22 | W49: =T49*H49 -> 7.292839 | X49: =U49*H49 -> 103.92296 | Y49: =W49+X49 -> 111.2158 | Z49: 0.8 | AA49: =ROUND((F49-M49)*Z49,2) -> 1.14 | AC49: =V49 -> 1.22 | AD49: =AJ49 -> 0.29 | AE49: =AC49+AD49 -> 1.51 | AF49: =AC49*H49 -> 111.2158 | AG49: =AD49*H49 -> 26.436542 | AH49: =AF49+AG49 -> 137.65234 | AI49: 0.19 | AJ49: =ROUND(F49*AI49,2) -> 0.29 | AL49: =AE49 -> 1.51 | AM49: =AS49 -> 0 | AN49: =AL49+AM49 -> 1.51 | AO49: =AL49*H49 -> 137.65234 | AP49: =AM49*H49 -> 0 | AQ49: =AO49+AP49 -> 137.65234 | AR49: 0 | AS49: =ROUND(F49*AR49,2) -> 0 | AT49: 1867
A50: 5.2 | B50: ED-51120 | C50: SETOP | D50: REATERRO MANUAL DE VALA, INCLUSIVE ESPALHAMENTO E COMPACTAÇÃO MANUAL COM SOQUETE | E50: M³ | F50: 1.51 | G50: 71.42 | H50: =G50+G50*$H$11 -> 91.160488 | I50: 137.65 | L50: =R50 -> 0.08 | M50: =K50+L50 -> 0.08 | O50: =L50*H50 -> 7.292839 | P50: =N50+O50 -> 7.292839 | Q50: 0.05 | R50: =ROUND(F50*Q50,2) -> 0.08 | T50: =L50 -> 0.08 | U50: =AA50 -> 1.14 | V50: =T50+U50 -> 1.22 | W50: =T50*H50 -> 7.292839 | X50: =U50*H50 -> 103.92296 | Y50: =W50+X50 -> 111.2158 | Z50: 0.8 | AA50: =ROUND((F50-M50)*Z50,2) -> 1.14 | AC50: =V50 -> 1.22 | AD50: =AJ50 -> 0.29 | AE50: =AC50+AD50 -> 1.51 | AF50: =AC50*H50 -> 111.2158 | AG50: =AD50*H50 -> 26.436542 | AH50: =AF50+AG50 -> 137.65234 | AI50: 0.19 | AJ50: =ROUND(F50*AI50,2) -> 0.29 | AL50: =AE50 -> 1.51 | AM50: =AS50 -> 0 | AN50: =AL50+AM50 -> 1.51 | AO50: =AL50*H50 -> 137.65234 | AP50: =AM50*H50 -> 0 | AQ50: =AO50+AP50 -> 137.65234 | AR50: 0 | AS50: =ROUND(F50*AR50,2) -> 0 | AT50: 1867
A51: 5.3 | B51: ED-49619 | C51: SETOP | D51: FORNECIMENTO DE CONCRETO ESTRUTURAL, PREPARADO EM OBRA, COM FCK 25MPA, INCLUSIVE LANÇAMENTO, ADENSAMENTO E ACABAMENTO | E51: M³ | F51: 8.8 | G51: 824.13 | H51: =G51+G51*$H$11 -> 1051.9195 | I51: 9256.9 | L51: =R51 -> 0.44 | M51: =K51+L51 -> 0.44 | O51: =L51*H51 -> 462.84459 | P51: =N51+O51 -> 462.84459 | Q51: 0.05 | R51: =ROUND(F51*Q51,2) -> 0.44 | T51: =L51 -> 0.44 | U51: =AA51 -> 8.36 | V51: =T51+U51 -> 8.8 | W51: =T51*H51 -> 462.84459 | X51: =U51*H51 -> 8794.0473 | Y51: =W51+X51 -> 9256.8919 | Z51: 1 | AA51: =ROUND((F51-M51)*Z51,2) -> 8.36 | AC51: =V51 -> 8.8 | AD51: =AJ51 -> 0 | AE51: =AC51+AD51 -> 8.8 | AF51: =AC51*H51 -> 9256.8919 | AG51: =AD51*H51 -> 0 | AH51: =AF51+AG51 -> 9256.8919 | AI51: 0 | AJ51: =ROUND(F51*AI51,2) -> 0 | AL51: =AE51 -> 8.8 | AM51: =AS51 -> 0 | AN51: =AL51+AM51 -> 8.8 | AO51: =AL51*H51 -> 9256.8919 | AP51: =AM51*H51 -> 0 | AQ51: =AO51+AP51 -> 9256.8919 | AR51: 0 | AS51: =ROUND(F51*AR51,2) -> 0
A52: 5.4 | B52: ED-48298 | C52: SETOP | D52: CORTE, DOBRA E MONTAGEM DE AÇO CA-50/60, INCLUSIVE ESPAÇADOR | E52: KG | F52: 76.18 | G52: 13.61 | H52: =G52+G52*$H$11 -> 17.371804 | I52: 1323.25 | L52: =R52 -> 3.81 | M52: =K52+L52 -> 3.81 | O52: =L52*H52 -> 66.186573 | P52: =N52+O52 -> 66.186573 | Q52: 0.05 | R52: =ROUND(F52*Q52,2) -> 3.81 | T52: =L52 -> 3.81 | U52: =AA52 -> 72.37 | V52: =T52+U52 -> 76.18 | W52: =T52*H52 -> 66.186573 | X52: =U52*H52 -> 1257.1975 | Y52: =W52+X52 -> 1323.384 | Z52: 1 | AA52: =ROUND((F52-M52)*Z52,2) -> 72.37 | AC52: =V52 -> 76.18 | AD52: =AJ52 -> 0 | AE52: =AC52+AD52 -> 76.18 | AF52: =AC52*H52 -> 1323.384 | AG52: =AD52*H52 -> 0 | AH52: =AF52+AG52 -> 1323.384 | AI52: 0 | AJ52: =ROUND(F52*AI52,2) -> 0 | AL52: =AE52 -> 76.18 | AM52: =AS52 -> 0 | AN52: =AL52+AM52 -> 76.18 | AO52: =AL52*H52 -> 1323.384 | AP52: =AM52*H52 -> 0 | AQ52: =AO52+AP52 -> 1323.384 | AR52: 0 | AS52: =ROUND(F52*AR52,2) -> 0
A53: 5.5 | B53: ED-49643 | C53: SETOP | D53: FÔRMA E DESFORMA DE TÁBUA E SARRAFO, REAPROVEITAMENTO (3X), EXCLUSIVE ESCORAMENTO | E53: M² | F53: 10 | G53: 75.88 | H53: =G53+G53*$H$11 -> 96.853232 | I53: 968.5 | L53: =R53 -> 0.5 | M53: =K53+L53 -> 0.5 | O53: =L53*H53 -> 48.426616 | P53: =N53+O53 -> 48.426616 | Q53: 0.05 | R53: =ROUND(F53*Q53,2) -> 0.5 | T53: =L53 -> 0.5 | U53: =AA53 -> 9.5 | V53: =T53+U53 -> 10 | W53: =T53*H53 -> 48.426616 | X53: =U53*H53 -> 920.1057 | Y53: =W53+X53 -> 968.53232 | Z53: 1 | AA53: =ROUND((F53-M53)*Z53,2) -> 9.5 | AC53: =V53 -> 10 | AD53: =AJ53 -> 0 | AE53: =AC53+AD53 -> 10 | AF53: =AC53*H53 -> 968.53232 | AG53: =AD53*H53 -> 0 | AH53: =AF53+AG53 -> 968.53232 | AI53: 0 | AJ53: =ROUND(F53*AI53,2) -> 0 | AL53: =AE53 -> 10 | AM53: =AS53 -> 0 | AN53: =AL53+AM53 -> 10 | AO53: =AL53*H53 -> 968.53232 | AP53: =AM53*H53 -> 0 | AQ53: =AO53+AP53 -> 968.53232 | AR53: 0 | AS53: =ROUND(F53*AR53,2) -> 0
A54: 5.6 | B54: ED-50729 | C54: SETOP | D54: CHAPISCO COM ARGAMASSA, TRAÇO 1:3 (CIMENTO E AREIA), ESP. 5MM, APLICADO EM ALVENARIA COM PENEIRA, INCLUSIVE ARGAMASSA COM PREPARO MECANIZADO | E54: M² | F54: 30 | G54: 13.7 | H54: =G54+G54*$H$11 -> 17.48668 | I54: 524.7 | L54: =R54 -> 3 | M54: =K54+L54 -> 3 | O54: =L54*H54 -> 52.46004 | P54: =N54+O54 -> 52.46004 | Q54: 0.1 | R54: =ROUND(F54*Q54,2) -> 3 | T54: =L54 -> 3 | U54: =AA54 -> 21.6 | V54: =T54+U54 -> 24.6 | W54: =T54*H54 -> 52.46004 | X54: =U54*H54 -> 377.71229 | Y54: =W54+X54 -> 430.17233 | Z54: 0.8 | AA54: =ROUND((F54-M54)*Z54,2) -> 21.6 | AC54: =V54 -> 24.6 | AD54: =AJ54 -> 5.4 | AE54: =AC54+AD54 -> 30 | AF54: =AC54*H54 -> 430.17233 | AG54: =AD54*H54 -> 94.428072 | AH54: =AF54+AG54 -> 524.6004 | AI54: 0.18 | AJ54: =ROUND(F54*AI54,2) -> 5.4 | AL54: =AE54 -> 30 | AM54: =AS54 -> 0 | AN54: =AL54+AM54 -> 30 | AO54: =AL54*H54 -> 524.6004 | AP54: =AM54*H54 -> 0 | AQ54: =AO54+AP54 -> 524.6004 | AR54: 0 | AS54: =ROUND(F54*AR54,2) -> 0 | AT54: 1863
A55: 5.7 | B55: ED-50761 | C55: SETOP | D55: REBOCO COM ARGAMASSA, TRAÇO 1:2:8 (CIMENTO, CAL E AREIA), ESP. 20MM, APLICAÇÃO MANUAL, INCLUSIVE ARGAMASSA COM PREPARO MECANIZADO, EXCLUSIVE CHAPISCO | E55: M² | F55: 30 | G55: 37.78 | H55: =G55+G55*$H$11 -> 48.222392 | I55: 1446.6 | L55: =R55 -> 3 | M55: =K55+L55 -> 3 | O55: =L55*H55 -> 144.66718 | P55: =N55+O55 -> 144.66718 | Q55: 0.1 | R55: =ROUND(F55*Q55,2) -> 3 | T55: =L55 -> 3 | U55: =AA55 -> 21.6 | V55: =T55+U55 -> 24.6 | W55: =T55*H55 -> 144.66718 | X55: =U55*H55 -> 1041.6037 | Y55: =W55+X55 -> 1186.2708 | Z55: 0.8 | AA55: =ROUND((F55-M55)*Z55,2) -> 21.6 | AC55: =V55 -> 24.6 | AD55: =AJ55 -> 5.4 | AE55: =AC55+AD55 -> 30 | AF55: =AC55*H55 -> 1186.2708 | AG55: =AD55*H55 -> 260.40092 | AH55: =AF55+AG55 -> 1446.6718 | AI55: 0.18 | AJ55: =ROUND(F55*AI55,2) -> 5.4 | AL55: =AE55 -> 30 | AM55: =AS55 -> 0 | AN55: =AL55+AM55 -> 30 | AO55: =AL55*H55 -> 1446.6718 | AP55: =AM55*H55 -> 0 | AQ55: =AO55+AP55 -> 1446.6718 | AR55: 0 | AS55: =ROUND(F55*AR55,2) -> 0 | AT55: 1863
A56: 5.8 | B56: ED-50521 | C56: SETOP | D56: PINTURA COM TEXTURA ACRÍLICA COM ROLO, INCLUSIVE UMA (1)DEMÃO DE SELADOR ACRÍLICO | E56: M² | F56: 76.5 | G56: 27.11 | H56: =G56+G56*$H$11 -> 34.603204 | I56: 2646.9 | L56: =R56 -> 0 | M56: =K56+L56 -> 0 | O56: =L56*H56 -> 0 | P56: =N56+O56 -> 0 | Q56: 0 | R56: =ROUND(F56*Q56,2) -> 0 | T56: =L56 -> 0 | U56: =AA56 -> 0 | V56: =T56+U56 -> 0 | W56: =T56*H56 -> 0 | X56: =U56*H56 -> 0 | Y56: =W56+X56 -> 0 | Z56: 0 | AA56: =ROUND((F56-M56)*Z56,2) -> 0 | AC56: =V56 -> 0 | AD56: =AJ56 -> 0 | AE56: =AC56+AD56 -> 0 | AF56: =AC56*H56 -> 0 | AG56: =AD56*H56 -> 0 | AH56: =AF56+AG56 -> 0 | AI56: 0 | AJ56: =ROUND(F56*AI56,2) -> 0 | AL56: =AE56 -> 0 | AM56: =AS56 -> 76.5 | AN56: =AL56+AM56 -> 76.5 | AO56: =AL56*H56 -> 0 | AP56: =AM56*H56 -> 2647.1451 | AQ56: =AO56+AP56 -> 2647.1451 | AR56: 1 | AS56: =ROUND(F56*AR56,2) -> 76.5 | AT56: 1863
A57: 6 | B57: ILUMINAÇÃO DA PRAÇA | I57: =SUM(I58:I74) -> 49593.35 | O57: =SUM(O54:O56) -> 197.12722 | P57: =SUM(P54:P56) -> 197.12722 | W57: =SUM(W54:W56) -> 197.12722 | X57: =SUM(X54:X56) -> 1419.316 | Y57: =W57+X57 -> 1616.4432 | AF57: =SUM(AF54:AF56) -> 1616.4432 | AG57: =SUM(AG54:AG56) -> 354.82899 | AH57: =AF57+AG57 -> 1971.2722 | AO57: =SUM(AO54:AO56) -> 1971.2722 | AP57: =SUM(AP54:AP56) -> 2647.1451 | AQ57: =AO57+AP57 -> 4618.4173
A58: 6.1 | B58: 11142/ORSE | C58: 11142/ORSE | D58: Poste decorativo com 02 pétalas, em aço galvanizado, difusor em vidro transparente temperado, ref. PT-301/2 da Aladin ou similar, com 3,00m | E58: UNID | F58: 6 | G58: 850.22 | H58: =G58+G58*$H$11 -> 1085.2208 | I58: 6511.32
A59: 6.2 | B59: ED-22378 | C59: SETOP | D59: POSTE DE CONCRETO PARA ILUMINAÇÃO PÚBLICA, ALTURA LIVRE MÍNIMA DE 9M, COM LUMINÁRIA DE LED, POTÊNCIA DE 300W CADA, DOIS (2) BRAÇOS, INCLUSIVE FIAÇÃO, SUPORTE,RELÉ E FUNDAÇÃO | E59: UNID | F59: 4 | G59: 3455.56 | H59: =G59+G59*$H$11 -> 4410.6768 | I59: 17642.72
A60: 6.3 | B60: ED-49197 | C60: SETOP | D60: CAIXA DE INSPEÇÃO EM CONCRETO, TIPO "ZA" PASSEIO, PADRÃO CEMIG, DIMENSÃO (28X28)CM, ALTURA 40CM, COM TAMPA E ARO ARTICULADO EM FERRO FUNDIDO, INCLUSIVE ESCAVAÇÃO, APILOAMENTO, LASTRO DE BRITA, REATERRO E TRANSPORTE E RETIRADA DO MATERIAL ESCAVADO (EM CAÇAMBA) | E60: UNID | F60: 10 | G60: 291.65 | H60: =G60+G60*$H$11 -> 372.26206 | I60: 3722.6 | L60: =R60 -> 0 | M60: =K60+L60 -> 0 | O60: =L60*H60 -> 0 | P60: =N60+O60 -> 0 | Q60: 0 | R60: =ROUND(F60*Q60,2) -> 0 | T60: =L60 -> 0 | U60: =AA60 -> 0 | V60: =T60+U60 -> 0 | W60: =T60*H60 -> 0 | X60: =U60*H60 -> 0 | Y60: =W60+X60 -> 0 | Z60: 0 | AA60: =ROUND((F60-M60)*Z60,2) -> 0 | AC60: =V60 -> 0 | AD60: =AJ60 -> 0 | AE60: =AC60+AD60 -> 0 | AF60: =AC60*H60 -> 0 | AG60: =AD60*H60 -> 0 | AH60: =AF60+AG60 -> 0 | AI60: 0 | AJ60: =ROUND(F60*AI60,2) -> 0 | AL60: =AE60 -> 0 | AM60: =AS60 -> 10 | AN60: =AL60+AM60 -> 10 | AO60: =AL60*H60 -> 0 | AP60: =AM60*H60 -> 3722.6206 | AQ60: =AO60+AP60 -> 3722.6206 | AR60: 1 | AS60: =ROUND(F60*AR60,2) -> 10
A61: 6.4 | B61: ED-49133 | C61: SETOP | D61: CABO DE COBRE NU # 16 MM2, ENTERRADO, EXCLUSIVE ESCAVAÇÃO E REATERRO | E61: M | F61: 5 | G61: 18.11 | H61: =G61+G61*$H$11 -> 23.115604 | I61: 115.6 | L61: =R61 -> 0 | M61: =K61+L61 -> 0 | O61: =L61*H61 -> 0 | P61: =N61+O61 -> 0 | Q61: 0 | R61: =ROUND(F61*Q61,2) -> 0 | T61: =L61 -> 0 | U61: =AA61 -> 0 | V61: =T61+U61 -> 0 | W61: =T61*H61 -> 0 | X61: =U61*H61 -> 0 | Y61: =W61+X61 -> 0 | Z61: 0 | AA61: =ROUND((F61-M61)*Z61,2) -> 0 | AC61: =V61 -> 0 | AD61: =AJ61 -> 0 | AE61: =AC61+AD61 -> 0 | AF61: =AC61*H61 -> 0 | AG61: =AD61*H61 -> 0 | AH61: =AF61+AG61 -> 0 | AI61: 0 | AJ61: =ROUND(F61*AI61,2) -> 0 | AL61: =AE61 -> 0 | AM61: =AS61 -> 5 | AN61: =AL61+AM61 -> 5 | AO61: =AL61*H61 -> 0 | AP61: =AM61*H61 -> 115.57802 | AQ61: =AO61+AP61 -> 115.57802 | AR61: 1 | AS61: =ROUND(F61*AR61,2) -> 5
A62: 6.5 | B62: ED-48998 | C62: SETOP | D62: CABO DE COBRE FLEXÍVEL, CLASSE 5, ISOLAMENTO TIPO EPR/HEPR, NÃO HALOGENADO, ANTICHAMA, TERMOFIXO, UNIPOLAR, SEÇÃO 10 MM2, 90°C, 0,6/1KV - (VERMELHO) | E62: M | F62: 121.94 | G62: 18.2 | H62: =G62+G62*$H$11 -> 23.23048 | I62: 2832.67 | L62: =R62 -> 0 | M62: =K62+L62 -> 0 | O62: =L62*H62 -> 0 | P62: =N62+O62 -> 0 | Q62: 0 | R62: =ROUND(F62*Q62,2) -> 0 | T62: =L62 -> 0 | U62: =AA62 -> 0 | V62: =T62+U62 -> 0 | W62: =T62*H62 -> 0 | X62: =U62*H62 -> 0 | Y62: =W62+X62 -> 0 | Z62: 0 | AA62: =ROUND((F62-M62)*Z62,2) -> 0 | AC62: =V62 -> 0 | AD62: =AJ62 -> 0 | AE62: =AC62+AD62 -> 0 | AF62: =AC62*H62 -> 0 | AG62: =AD62*H62 -> 0 | AH62: =AF62+AG62 -> 0 | AI62: 0 | AJ62: =ROUND(F62*AI62,2) -> 0 | AL62: =AE62 -> 0 | AM62: =AS62 -> 121.94 | AN62: =AL62+AM62 -> 121.94 | AO62: =AL62*H62 -> 0 | AP62: =AM62*H62 -> 2832.7247 | AQ62: =AO62+AP62 -> 2832.7247 | AR62: 1 | AS62: =ROUND(F62*AR62,2) -> 121.94
A63: 6.6 | B63: ED-48998 | C63: SETOP | D63: CABO DE COBRE FLEXÍVEL, CLASSE 5, ISOLAMENTO TIPO EPR/HEPR, NÃO HALOGENADO, ANTICHAMA, TERMOFIXO, UNIPOLAR, SEÇÃO 10 MM2, 90°C, 0,6/1KV - (VERMELHO) | E63: M | F63: 121.94 | G63: 18.2 | H63: =G63+G63*$H$11 -> 23.23048 | I63: 2832.67 | L63: =R63 -> 0 | M63: =K63+L63 -> 0 | O63: =L63*H63 -> 0 | P63: =N63+O63 -> 0 | Q63: 0 | R63: =ROUND(F63*Q63,2) -> 0 | T63: =L63 -> 0 | U63: =AA63 -> 0 | V63: =T63+U63 -> 0 | W63: =T63*H63 -> 0 | X63: =U63*H63 -> 0 | Y63: =W63+X63 -> 0 | Z63: 0 | AA63: =ROUND((F63-M63)*Z63,2) -> 0 | AC63: =V63 -> 0 | AD63: =AJ63 -> 0 | AE63: =AC63+AD63 -> 0 | AF63: =AC63*H63 -> 0 | AG63: =AD63*H63 -> 0 | AH63: =AF63+AG63 -> 0 | AI63: 0 | AJ63: =ROUND(F63*AI63,2) -> 0 | AL63: =AE63 -> 0 | AM63: =AS63 -> 121.94 | AN63: =AL63+AM63 -> 121.94 | AO63: =AL63*H63 -> 0 | AP63: =AM63*H63 -> 2832.7247 | AQ63: =AO63+AP63 -> 2832.7247 | AR63: 1 | AS63: =ROUND(F63*AR63,2) -> 121.94
A64: 6.7 | B64: ED-48998 | C64: SETOP | D64: CABO DE COBRE FLEXÍVEL, CLASSE 5, ISOLAMENTO TIPO EPR/HEPR, NÃO HALOGENADO, ANTICHAMA, TERMOFIXO, UNIPOLAR, SEÇÃO 10 MM2, 90°C, 0,6/1KV - (AZUL) | E64: M | F64: 121.94 | G64: 18.2 | H64: =G64+G64*$H$11 -> 23.23048 | I64: 2832.67 | L64: =R64 -> 0 | M64: =K64+L64 -> 0 | O64: =L64*H64 -> 0 | P64: =N64+O64 -> 0 | Q64: 0 | R64: =ROUND(F64*Q64,2) -> 0 | T64: =L64 -> 0 | U64: =AA64 -> 0 | V64: =T64+U64 -> 0 | W64: =T64*H64 -> 0 | X64: =U64*H64 -> 0 | Y64: =W64+X64 -> 0 | Z64: 0 | AA64: =ROUND((F64-M64)*Z64,2) -> 0 | AC64: =V64 -> 0 | AD64: =AJ64 -> 0 | AE64: =AC64+AD64 -> 0 | AF64: =AC64*H64 -> 0 | AG64: =AD64*H64 -> 0 | AH64: =AF64+AG64 -> 0 | AI64: 0 | AJ64: =ROUND(F64*AI64,2) -> 0 | AL64: =AE64 -> 0 | AM64: =AS64 -> 121.94 | AN64: =AL64+AM64 -> 121.94 | AO64: =AL64*H64 -> 0 | AP64: =AM64*H64 -> 2832.7247 | AQ64: =AO64+AP64 -> 2832.7247 | AR64: 1 | AS64: =ROUND(F64*AR64,2) -> 121.94
A65: 6.8 | B65: ED-48951 | C65: SETOP | D65: CABO ISOLADO DE COBRE FLEXÍVEL, CLASSE 5, ISOLAMENTO TIPO LSHF/ATOX, NÃO HALOGENADO E ANTICHAMA, DIÂMETRO DA SEÇÃO DE 2,5MM2, TEMPERATURA DE TRABALHO 70°C,TENSÃO NOMINAL DE OPERAÇÃO 450/750V | E65: M | F65: 150 | G65: 4.26 | H65: =G65+G65*$H$11 -> 5.437464 | I65: 816 | L65: =R65 -> 0 | M65: =K65+L65 -> 0 | O65: =L65*H65 -> 0 | P65: =N65+O65 -> 0 | Q65: 0 | R65: =ROUND(F65*Q65,2) -> 0 | T65: =L65 -> 0 | U65: =AA65 -> 0 | V65: =T65+U65 -> 0 | W65: =T65*H65 -> 0 | X65: =U65*H65 -> 0 | Y65: =W65+X65 -> 0 | Z65: 0 | AA65: =ROUND((F65-M65)*Z65,2) -> 0 | AC65: =V65 -> 0 | AD65: =AJ65 -> 0 | AE65: =AC65+AD65 -> 0 | AF65: =AC65*H65 -> 0 | AG65: =AD65*H65 -> 0 | AH65: =AF65+AG65 -> 0 | AI65: 0 | AJ65: =ROUND(F65*AI65,2) -> 0 | AL65: =AE65 -> 0 | AM65: =AS65 -> 150 | AN65: =AL65+AM65 -> 150 | AO65: =AL65*H65 -> 0 | AP65: =AM65*H65 -> 815.6196 | AQ65: =AO65+AP65 -> 815.6196 | AR65: 1 | AS65: =ROUND(F65*AR65,2) -> 150
A66: 6.9 | B66: ED-49321 | C66: SETOP | D66: ELETRODUTO DE AÇO GALVANIZADO MÉDIO, DIÂMETRO DE 50MM (2"), INSTALAÇÃO APARENTE OU SOBRE FORRO COM ABRAÇADEIRA METÁLICA DE CUNHA, TIPO "D", INCLUSIVE ACESSÓRIOS PARA FIXAÇÃO E CONEXÕES | E66: M | F66: 121.94 | G66: 42.66 | H66: =G66+G66*$H$11 -> 54.451224 | I66: 6639.63 | L66: =R66 -> 0 | M66: =K66+L66 -> 0 | O66: =L66*H66 -> 0 | P66: =N66+O66 -> 0 | Q66: 0 | R66: =ROUND(F66*Q66,2) -> 0 | T66: =L66 -> 0 | U66: =AA66 -> 0 | V66: =T66+U66 -> 0 | W66: =T66*H66 -> 0 | X66: =U66*H66 -> 0 | Y66: =W66+X66 -> 0 | Z66: 0 | AA66: =ROUND((F66-M66)*Z66,2) -> 0 | AC66: =V66 -> 0 | AD66: =AJ66 -> 0 | AE66: =AC66+AD66 -> 0 | AF66: =AC66*H66 -> 0 | AG66: =AD66*H66 -> 0 | AH66: =AF66+AG66 -> 0 | AI66: 0 | AJ66: =ROUND(F66*AI66,2) -> 0 | AL66: =AE66 -> 0 | AM66: =AS66 -> 121.94 | AN66: =AL66+AM66 -> 121.94 | AO66: =AL66*H66 -> 0 | AP66: =AM66*H66 -> 6639.7823 | AQ66: =AO66+AP66 -> 6639.7823 | AR66: 1 | AS66: =ROUND(F66*AR66,2) -> 121.94
A67: 6.10 | B67: ED-49320 | C67: SETOP | D67: ELETRODUTO DE AÇO GALVANIZADO MÉDIO, DIÂMETRO DE 40MM (1.1/2"), INCLUSIVE ACESSÓRIOS PARA FIXAÇÃO E CONEXÕES | E67: M | F67: 2 | G67: 44.26 | H67: =G67+G67*$H$11 -> 56.493464 | I67: 112.98 | L67: =R67 -> 0 | M67: =K67+L67 -> 0 | O67: =L67*H67 -> 0 | P67: =N67+O67 -> 0 | Q67: 0 | R67: =ROUND(F67*Q67,2) -> 0 | T67: =L67 -> 0 | U67: =AA67 -> 0 | V67: =T67+U67 -> 0 | W67: =T67*H67 -> 0 | X67: =U67*H67 -> 0 | Y67: =W67+X67 -> 0 | Z67: 0 | AA67: =ROUND((F67-M67)*Z67,2) -> 0 | AC67: =V67 -> 0 | AD67: =AJ67 -> 0 | AE67: =AC67+AD67 -> 0 | AF67: =AC67*H67 -> 0 | AG67: =AD67*H67 -> 0 | AH67: =AF67+AG67 -> 0 | AI67: 0 | AJ67: =ROUND(F67*AI67,2) -> 0 | AL67: =AE67 -> 0 | AM67: =AS67 -> 2 | AN67: =AL67+AM67 -> 2 | AO67: =AL67*H67 -> 0 | AP67: =AM67*H67 -> 112.98693 | AQ67: =AO67+AP67 -> 112.98693 | AR67: 1 | AS67: =ROUND(F67*AR67,2) -> 2
A68: 6.11 | B68: ED-20580 | C68: SETOP | D68: ENTRADA DE ENERGIA AÉREA, TIPO B2, PADRÃO CEMIG, CARGA INSTALADA DE 10,1KW ATÉ 15KW, BIFÁSICO, COM SAÍDA SUBTERRÂNEA, INCLUSIVE POSTE, CAIXA PARA MEDIDOR,DISJUNTOR, BARRAMENTO, ATERRAMENTO E ACESSÓRIOS | E68: UNID | F68: 1 | G68: 2431.62 | H68: =G68+G68*$H$11 -> 3103.7198 | I68: 3103.72 | L68: =R68 -> 0 | M68: =K68+L68 -> 0 | O68: =L68*H68 -> 0 | P68: =N68+O68 -> 0 | Q68: 0 | R68: =ROUND(F68*Q68,2) -> 0 | T68: =L68 -> 0 | U68: =AA68 -> 0 | V68: =T68+U68 -> 0 | W68: =T68*H68 -> 0 | X68: =U68*H68 -> 0 | Y68: =W68+X68 -> 0 | Z68: 0 | AA68: =ROUND((F68-M68)*Z68,2) -> 0 | AC68: =V68 -> 0 | AD68: =AJ68 -> 0 | AE68: =AC68+AD68 -> 0 | AF68: =AC68*H68 -> 0 | AG68: =AD68*H68 -> 0 | AH68: =AF68+AG68 -> 0 | AI68: 0 | AJ68: =ROUND(F68*AI68,2) -> 0 | AL68: =AE68 -> 0 | AM68: =AS68 -> 1 | AN68: =AL68+AM68 -> 1 | AO68: =AL68*H68 -> 0 | AP68: =AM68*H68 -> 3103.7198 | AQ68: =AO68+AP68 -> 3103.7198 | AR68: 1 | AS68: =ROUND(F68*AR68,2) -> 1
A69: 6.12 | B69: ED-49343 | C69: SETOP | D69: HASTE PARA ATERRAMENTO COPPERWELD COM NÚCLE DE AÇO,REVESTIMENTO EM COBRE, DIÂMETRO DE 3/4", COMPRIMENTO DE 240CM, TIPO ALTA CAMADA, EXCLUSIVE CAIXA DE INSPEÇÃO COM TAMPA EM FERRO FUNDIDO E GRAMPO PARA HASTE | E69: UNID | F69: 1 | G69: 179.19 | H69: =G69+G69*$H$11 -> 228.71812 | I69: 228.72 | L69: =R69 -> 0 | M69: =K69+L69 -> 0 | O69: =L69*H69 -> 0 | P69: =N69+O69 -> 0 | Q69: 0 | R69: =ROUND(F69*Q69,2) -> 0 | T69: =L69 -> 0 | U69: =AA69 -> 0 | V69: =T69+U69 -> 0 | W69: =T69*H69 -> 0 | X69: =U69*H69 -> 0 | Y69: =W69+X69 -> 0 | Z69: 0 | AA69: =ROUND((F69-M69)*Z69,2) -> 0 | AC69: =V69 -> 0 | AD69: =AJ69 -> 0 | AE69: =AC69+AD69 -> 0 | AF69: =AC69*H69 -> 0 | AG69: =AD69*H69 -> 0 | AH69: =AF69+AG69 -> 0 | AI69: 0 | AJ69: =ROUND(F69*AI69,2) -> 0 | AL69: =AE69 -> 0 | AM69: =AS69 -> 1 | AN69: =AL69+AM69 -> 1 | AO69: =AL69*H69 -> 0 | AP69: =AM69*H69 -> 228.71812 | AQ69: =AO69+AP69 -> 228.71812 | AR69: 1 | AS69: =ROUND(F69*AR69,2) -> 1
A70: 6.13 | B70: 39178 -I | C70: SINAPI | D70: BUCHA EM ALUMINIO, COM ROSCA, DE 1 1/2", PARA ELETRODUTO | E70: UNID | F70: 15 | G70: 2.89 | H70: =G70+G70*$H$11 -> 3.688796 | I70: 55.35 | L70: =R70 -> 0 | M70: =K70+L70 -> 0 | O70: =L70*H70 -> 0 | P70: =N70+O70 -> 0 | Q70: 0 | R70: =ROUND(F70*Q70,2) -> 0 | T70: =L70 -> 0 | U70: =AA70 -> 0 | V70: =T70+U70 -> 0 | W70: =T70*H70 -> 0 | X70: =U70*H70 -> 0 | Y70: =W70+X70 -> 0 | Z70: 0 | AA70: =ROUND((F70-M70)*Z70,2) -> 0 | AC70: =V70 -> 0 | AD70: =AJ70 -> 0 | AE70: =AC70+AD70 -> 0 | AF70: =AC70*H70 -> 0 | AG70: =AD70*H70 -> 0 | AH70: =AF70+AG70 -> 0 | AI70: 0 | AJ70: =ROUND(F70*AI70,2) -> 0 | AL70: =AE70 -> 0 | AM70: =AS70 -> 15 | AN70: =AL70+AM70 -> 15 | AO70: =AL70*H70 -> 0 | AP70: =AM70*H70 -> 55.33194 | AQ70: =AO70+AP70 -> 55.33194 | AR70: 1 | AS70: =ROUND(F70*AR70,2) -> 15
A71: 6.14 | B71: ED-34446 | C71: SETOP | D71: TERMINAL DE COMPRESSÃO DE 1 FURO PARA CABO DE 16MM2 | E71: U | F71: 5 | G71: 4.64 | H71: =G71+G71*$H$11 -> 5.922496 | I71: 29.6 | L71: =R71 -> 0 | M71: =K71+L71 -> 0 | O71: =L71*H71 -> 0 | P71: =N71+O71 -> 0 | Q71: 0 | R71: =ROUND(F71*Q71,2) -> 0 | T71: =L71 -> 0 | U71: =AA71 -> 0 | V71: =T71+U71 -> 0 | W71: =T71*H71 -> 0 | X71: =U71*H71 -> 0 | Y71: =W71+X71 -> 0 | Z71: 0 | AA71: =ROUND((F71-M71)*Z71,2) -> 0 | AC71: =V71 -> 0 | AD71: =AJ71 -> 0 | AE71: =AC71+AD71 -> 0 | AF71: =AC71*H71 -> 0 | AG71: =AD71*H71 -> 0 | AH71: =AF71+AG71 -> 0 | AI71: 0 | AJ71: =ROUND(F71*AI71,2) -> 0 | AL71: =AE71 -> 0 | AM71: =AS71 -> 5 | AN71: =AL71+AM71 -> 5 | AO71: =AL71*H71 -> 0 | AP71: =AM71*H71 -> 29.61248 | AQ71: =AO71+AP71 -> 29.61248 | AR71: 1 | AS71: =ROUND(F71*AR71,2) -> 5
... A74: 6.17 | B74: ED-49523 | C74: SETOP | D74: RELÉ FOTOELÉTRICO, TENSÃO 120V COM CAPACIDADE DE CARGA 1200VA, INCLUSIVE BASE E INSTALAÇÃO | E74: UNID | F74: 28 | G74: 49.75 | H74: =G74+G74*$H$11 -> 63.5009 | I74: 1778 | L74: =R74 -> 0 | M74: =K74+L74 -> 0 | O74: =L74*H74 -> 0 | P74: =N74+O74 -> 0 | Q74: 0 | R74: =ROUND(F74*Q74,2) -> 0 | T74: =L74 -> 0 | U74: =AA74 -> 0 | V74: =T74+U74 -> 0 | W74: =T74*H74 -> 0 | X74: =U74*H74 -> 0 | Y74: =W74+X74 -> 0 | Z74: 0 | AA74: =ROUND((F74-M74)*Z74,2) -> 0 | AC74: =V74 -> 0 | AD74: =AJ74 -> 0 | AE74: =AC74+AD74 -> 0 | AF74: =AC74*H74 -> 0 | AG74: =AD74*H74 -> 0 | AH74: =AF74+AG74 -> 0 | AI74: 0 | AJ74: =ROUND(F74*AI74,2) -> 0 | AL74: =AE74 -> 0 | AM74: =AS74 -> 28 | AN74: =AL74+AM74 -> 28 | AO74: =AL74*H74 -> 0 | AP74: =AM74*H74 -> 1778.0252 | AQ74: =AO74+AP74 -> 1778.0252 | AR74: 1 | AS74: =ROUND(F74*AR74,2) -> 28
A75: 7 | B75: PAISAGISMO | I75: =SUM(I76:I88) -> 39327.43 | O75: =SUM(O58:O74) -> 0 | P75: =SUM(P58:P74) -> 0 | W75: =SUM(W58:W74) -> 0 | X75: =SUM(X58:X74) -> 0 | Y75: =W75+X75 -> 0 | AF75: =SUM(AF58:AF74) -> 0 | AG75: =SUM(AG58:AG74) -> 0 | AH75: =AF75+AG75 -> 0 | AO75: =SUM(AO58:AO74) -> 0 | AP75: =SUM(AP58:AP74) -> 25439.181 | AQ75: =AO75+AP75 -> 25439.181
A76: 7.1 | B76: ED-50436 | C76: SETOP | D76: PLPLANTIO DE GRAMA SÃO CARLOS EM PLACAS, INCLUSIVE TERRA VEGETAL E CONSERVAÇÃO POR TRINTA (30) DIAS | E76: M² | F76: 175 | G76: 36.3 | H76: =G76+G76*$H$11 -> 46.33332 | I76: 8107.75 | L76: =R76 -> 0 | M76: =K76+L76 -> 0 | O76: =L76*H76 -> 0 | P76: =N76+O76 -> 0 | Q76: 0 | R76: =ROUND(F76*Q76,2) -> 0 | T76: =L76 -> 0 | U76: =AA76 -> 150.5 | V76: =T76+U76 -> 150.5 | W76: =T76*H76 -> 0 | X76: =U76*H76 -> 6973.1647 | Y76: =W76+X76 -> 6973.1647 | Z76: 0.86 | AA76: =ROUND((F76-M76)*Z76,2) -> 150.5 | AC76: =V76 -> 150.5 | AD76: =AJ76 -> 24.5 | AE76: =AC76+AD76 -> 175 | AF76: =AC76*H76 -> 6973.1647 | AG76: =AD76*H76 -> 1135.1663 | AH76: =AF76+AG76 -> 8108.331 | AI76: 0.14 | AJ76: =ROUND(F76*AI76,2) -> 24.5 | AL76: =AE76 -> 175 | AM76: =AS76 -> 0 | AN76: =AL76+AM76 -> 175 | AO76: =AL76*H76 -> 8108.331 | AP76: =AM76*H76 -> 0 | AQ76: =AO76+AP76 -> 8108.331 | AR76: 0 | AS76: =ROUND(F76*AR76,2) -> 0
A77: 7.2 | B77: ED-50433 | C77: SETOP | D77: PLANTIO E PREPARO DE COVAS DE ARBUSTOS ORNAMENTAIS EM GERAL, EXCETO FORNECIMENTO DAS MUDAS | E77: UNID | F77: 115 | G77: 11.33 | H77: =G77+G77*$H$11 -> 14.461612 | I77: 1662.9 | L77: =R77 -> 0 | M77: =K77+L77 -> 0 | O77: =L77*H77 -> 0 | P77: =N77+O77 -> 0 | Q77: 0 | R77: =ROUND(F77*Q77,2) -> 0 | T77: =L77 -> 0 | U77: =AA77 -> 0 | V77: =T77+U77 -> 0 | W77: =T77*H77 -> 0 | X77: =U77*H77 -> 0 | Y77: =W77+X77 -> 0 | Z77: 0 | AA77: =ROUND((F77-M77)*Z77,2) -> 0 | AC77: =V77 -> 0 | AD77: =AJ77 -> 0 | AE77: =AC77+AD77 -> 0 | AF77: =AC77*H77 -> 0 | AG77: =AD77*H77 -> 0 | AH77: =AF77+AG77 -> 0 | AI77: 0 | AJ77: =ROUND(F77*AI77,2) -> 0 | AL77: =AE77 -> 0 | AM77: =AS77 -> 115 | AN77: =AL77+AM77 -> 115 | AO77: =AL77*H77 -> 0 | AP77: =AM77*H77 -> 1663.0854 | AQ77: =AO77+AP77 -> 1663.0854 | AR77: 1 | AS77: =ROUND(F77*AR77,2) -> 115
A78: 7.3 | B78: ED-50447 | C78: SETOP | D78: FORNECIMENTO DE ARBUSTO CAMARÁ COM ALTURA MÍNIMA DE 15CM, EXCLUSIVE PLANTIO | E78: UNID | F78: 200 | G78: 9 | H78: =G78+G78*$H$11 -> 11.4876 | I78: 2298
A79: 7.4 | B79: 03587/ORSE | C79: 03587/ORSE | D79: Lixeira em aço inox com aro, Brinox, ref 3033/205, d=30cm, h=60cm, capacidade=40,5 l, ou similar | E79: UNID | F79: 6 | G79: 209.9 | H79: =G79+G79*$H$11 -> 267.91636 | I79: 1607.52 | L79: =R79 -> 0 | M79: =K79+L79 -> 0 | O79: =L79*H79 -> 0 | P79: =N79+O79 -> 0 | Q79: 0 | R79: =ROUND(F79*Q79,2) -> 0 | T79: =L79 -> 0 | U79: =AA79 -> 0 | V79: =T79+U79 -> 0 | W79: =T79*H79 -> 0 | X79: =U79*H79 -> 0 | Y79: =W79+X79 -> 0 | Z79: 0 | AA79: =ROUND((F79-M79)*Z79,2) -> 0 | AC79: =V79 -> 0 | AD79: =AJ79 -> 0 | AE79: =AC79+AD79 -> 0 | AF79: =AC79*H79 -> 0 | AG79: =AD79*H79 -> 0 | AH79: =AF79+AG79 -> 0 | AI79: 0 | AJ79: =ROUND(F79*AI79,2) -> 0 | AL79: =AE79 -> 0 | AM79: =AS79 -> 6 | AN79: =AL79+AM79 -> 6 | AO79: =AL79*H79 -> 0 | AP79: =AM79*H79 -> 1607.4982 | AQ79: =AO79+AP79 -> 1607.4982 | AR79: 1 | AS79: =ROUND(F79*AR79,2) -> 6
A80: 7.5 | B80: MERCADO | C80: MERCADO | D80: BICICLETÁRIO EM U INVERTIDO DE CHUMBAR- 110X78CM | E80: UNID | F80: 5 | G80: 373.92 | H80: =G80+G80*$H$11 -> 477.27149 | I80: 2386.35 | L80: =R80 -> 0 | M80: =K80+L80 -> 0 | O80: =L80*H80 -> 0 | P80: =N80+O80 -> 0 | Q80: 0 | R80: =ROUND(F80*Q80,2) -> 0 | T80: =L80 -> 0 | U80: =AA80 -> 0 | V80: =T80+U80 -> 0 | W80: =T80*H80 -> 0 | X80: =U80*H80 -> 0 | Y80: =W80+X80 -> 0 | Z80: 0 | AA80: =ROUND((F80-M80)*Z80,2) -> 0 | AC80: =V80 -> 0 | AD80: =AJ80 -> 0 | AE80: =AC80+AD80 -> 0 | AF80: =AC80*H80 -> 0 | AG80: =AD80*H80 -> 0 | AH80: =AF80+AG80 -> 0 | AI80: 0 | AJ80: =ROUND(F80*AI80,2) -> 0 | AL80: =AE80 -> 0 | AM80: =AS80 -> 5 | AN80: =AL80+AM80 -> 5 | AO80: =AL80*H80 -> 0 | AP80: =AM80*H80 -> 2386.3574 | AQ80: =AO80+AP80 -> 2386.3574 | AR80: 1 | AS80: =ROUND(F80*AR80,2) -> 5
A81: 7.6 | B81: 40331-I | C81: SINAPI | D81: ASSENTADOR DE MANILHAS (HORISTA) | E81: HR | F81: 78 | G81: 19.03 | H81: =G81+G81*$H$11 -> 24.289892 | I81: 1894.62 | L81: =R81 -> 0 | M81: =K81+L81 -> 0 | O81: =L81*H81 -> 0 | P81: =N81+O81 -> 0 | Q81: 0 | R81: =ROUND(F81*Q81,2) -> 0 | T81: =L81 -> 0 | U81: =AA81 -> 78 | V81: =T81+U81 -> 78 | W81: =T81*H81 -> 0 | X81: =U81*H81 -> 1894.6116 | Y81: =W81+X81 -> 1894.6116 | Z81: 1 | AA81: =ROUND((F81-M81)*Z81,2) -> 78 | AC81: =V81 -> 78 | AD81: =AJ81 -> 0 | AE81: =AC81+AD81 -> 78 | AF81: =AC81*H81 -> 1894.6116 | AG81: =AD81*H81 -> 0 | AH81: =AF81+AG81 -> 1894.6116 | AI81: 0 | AJ81: =ROUND(F81*AI81,2) -> 0 | AL81: =AE81 -> 78 | AM81: =AS81 -> 0 | AN81: =AL81+AM81 -> 78 | AO81: =AL81*H81 -> 1894.6116 | AP81: =AM81*H81 -> 0 | AQ81: =AO81+AP81 -> 1894.6116 | AR81: 0 | AS81: =ROUND(F81*AR81,2) -> 0
A82: 7.7 | B82: ED-15451 | C82: SETOP | D82: BANCO EM CONCRETO APARENTE, TIPO-2, PADRÃO SEE-MG, SEM ENCOSTO, POLIDO COM ACABAMENTO EM VERNIZ, ESP. 5CM, COMPRIMENTO 150CM, LARGURA 40CM, ALTURA 45CM, EXCLUSIVE FIXAÇÃO EM PISO | E82: UNID | F82: 21 | G82: 226.87 | H82: =G82+G82*$H$11 -> 289.57687 | I82: 6081.18 | L82: =R82 -> 0 | M82: =K82+L82 -> 0 | O82: =L82*H82 -> 0 | P82: =N82+O82 -> 0 | Q82: 0 | R82: =ROUND(F82*Q82,2) -> 0 | T82: =L82 -> 0 | U82: =AA82 -> 0 | V82: =T82+U82 -> 0 | W82: =T82*H82 -> 0 | X82: =U82*H82 -> 0 | Y82: =W82+X82 -> 0 | Z82: 0 | AA82: =ROUND((F82-M82)*Z82,2) -> 0 | AC82: =V82 -> 0 | AD82: =AJ82 -> 0 | AE82: =AC82+AD82 -> 0 | AF82: =AC82*H82 -> 0 | AG82: =AD82*H82 -> 0 | AH82: =AF82+AG82 -> 0 | AI82: 0 | AJ82: =ROUND(F82*AI82,2) -> 0 | AL82: =AE82 -> 0 | AM82: =AS82 -> 21 | AN82: =AL82+AM82 -> 21 | AO82: =AL82*H82 -> 0 | AP82: =AM82*H82 -> 6081.1142 | AQ82: =AO82+AP82 -> 6081.1142 | AR82: 1 | AS82: =ROUND(F82*AR82,2) -> 21
A83: 7.8 | B83: ED-50323 | C83: SETOP | D83: TORNEIRA METÁLICA PARA IRRIGAÇÃO/JARDIM, ACABAMENTO CROMADO, APLICAÇÃO DE PAREDE, INCLUSIVE FORNECIMENTO E INSTALAÇÃO | E83: UNID | F83: 1 | G83: 64.73 | H83: =G83+G83*$H$11 -> 82.621372 | I83: 82.62 | L83: =R83 -> 0 | M83: =K83+L83 -> 0 | O83: =L83*H83 -> 0 | P83: =N83+O83 -> 0 | Q83: 0 | R83: =ROUND(F83*Q83,2) -> 0 | T83: =L83 -> 0 | U83: =AA83 -> 0 | V83: =T83+U83 -> 0 | W83: =T83*H83 -> 0 | X83: =U83*H83 -> 0 | Y83: =W83+X83 -> 0 | Z83: 0 | AA83: =ROUND((F83-M83)*Z83,2) -> 0 | AC83: =V83 -> 0 | AD83: =AJ83 -> 0 | AE83: =AC83+AD83 -> 0 | AF83: =AC83*H83 -> 0 | AG83: =AD83*H83 -> 0 | AH83: =AF83+AG83 -> 0 | AI83: 0 | AJ83: =ROUND(F83*AI83,2) -> 0 | AL83: =AE83 -> 0 | AM83: =AS83 -> 1 | AN83: =AL83+AM83 -> 1 | AO83: =AL83*H83 -> 0 | AP83: =AM83*H83 -> 82.621372 | AQ83: =AO83+AP83 -> 82.621372 | AR83: 1 | AS83: =ROUND(F83*AR83,2) -> 1
A84: 7.9 | B84: ED-50019 | C84: SETOP | D84: FORNECIMENTO E ASSENTAMENTO DE TUBO PVC RÍGIDO SOLDÁVEL, ÁGUA FRIA, DN 25 MM (3/4") , INCLUSIVE CONEXÕES | E84: M | F84: 152.79 | G84: 23.29 | H84: =G84+G84*$H$11 -> 29.727356 | I84: 4542.45
A85: 7.10 | B85: 14047/ORSE | C85: ORSE | D85: Aspersor rotor para irrigação 4" ref. 5004 Plus, marca Rain Bird ou similar | E85: UNID | F85: 16 | G85: 73 | H85: =G85+G85*$H$11 -> 93.1772 | I85: 1490.88
A86: 7.11 | B86: ED-15204 | C86: SETOP | D86: KIT CAVALETE PARA MEDIÇÃO DE ÁGUA, EMBUTIDO EM ALVENARIA, EM AÇO GALVANIZADO DN 20MM (1/2") - PADRÃO CONCESSIONÁRIA LOCAL, EXCLUSIVE HIDRÔMETRO | E86: UNID | F86: 1 | G86: 541.66 | H86: =G86+G86*$H$11 -> 691.37482 | I86: 691.37 | L86: =R86 -> 0 | M86: =K86+L86 -> 0 | O86: =L86*H86 -> 0 | P86: =N86+O86 -> 0 | Q86: 0 | R86: =ROUND(F86*Q86,2) -> 0 | T86: =L86 -> 0 | U86: =AA86 -> 0 | V86: =T86+U86 -> 0 | W86: =T86*H86 -> 0 | X86: =U86*H86 -> 0 | Y86: =W86+X86 -> 0 | Z86: 0 | AA86: =ROUND((F86-M86)*Z86,2) -> 0 | AC86: =V86 -> 0 | AD86: =AJ86 -> 0 | AE86: =AC86+AD86 -> 0 | AF86: =AC86*H86 -> 0 | AG86: =AD86*H86 -> 0 | AH86: =AF86+AG86 -> 0 | AI86: 0 | AJ86: =ROUND(F86*AI86,2) -> 0 | AL86: =AE86 -> 0 | AM86: =AS86 -> 1 | AN86: =AL86+AM86 -> 1 | AO86: =AL86*H86 -> 0 | AP86: =AM86*H86 -> 691.37482 | AQ86: =AO86+AP86 -> 691.37482 | AR86: 1 | AS86: =ROUND(F86*AR86,2) -> 1
A87: 7.12 | B87: ED-48359 | C87: SETOP | D87: CONJUNTO DE MESA E BANCOS DE ARDÓSIA | E87: CJ | F87: 3 | G87: 1761.21 | H87: =G87+G87*$H$11 -> 2248.0084 | I87: 6744.03
A88: 7.13 | B88: ED-50737 | C88: SETOP | D88: REVESTIMENTO COM GRANITO, CINZA ANDORINHA, APLICADO EM PAREDE, ESP. 2CM, ASSENTAMENTO COM ARGAMASSA INDUSTRIALIZADA, AMBIENTE INTERNO/EXTERNO, ALTURA MÁXIMA DE 3M PARA APLICAÇÃO DO GRANITO, INCLUSIVE REJUNTAMENTO | E88: M² | F88: 4 | G88: 340.36 | H88: =G88+G88*$H$11 -> 434.4355 | I88: 1737.76
A89: 8 | B89: PLAYGROUND | I89: =SUM(I90:I93) -> 38398.37 | L89: =R89 -> 0 | M89: =K89+L89 -> 0 | O89: =L89*H89 -> 0 | P89: =N89+O89 -> 0 | Q89: 0 | R89: =ROUND(F89*Q89,2) -> 0 | W89: =SUM(W76:W86) -> 0 | X89: =SUM(X76:X86) -> 8867.7762 | Y89: =W89+X89 -> 8867.7762 | AF89: =SUM(AF76:AF86) -> 8867.7762 | AG89: =SUM(AG76:AG86) -> 1135.1663 | AH89: =AF89+AG89 -> 10002.943 | AO89: =SUM(AO76:AO86) -> 10002.943 | AP89: =SUM(AP76:AP86) -> 12512.051 | AQ89: =AO89+AP89 -> 22514.994
A90: 8.1 | B90: MERCADO | C90: MERCADO | D90: CASA TARZAN, FORNECIMENTO E INSTALAÇÃO | E90: UNID | F90: 1 | G90: =COTAÇÕES!B7 -> 20133.333 | H90: =G90+G90*$H$11 -> 25698.187 | I90: 25698.19 | L90: =R90 -> 0 | M90: =K90+L90 -> 0 | O90: =L90*H90 -> 0 | P90: =N90+O90 -> 0 | Q90: 0 | R90: =ROUND(F90*Q90,2) -> 0 | T90: =L90 -> 0 | U90: =AA90 -> 0 | V90: =T90+U90 -> 0 | W90: =T90*H90 -> 0 | X90: =U90*H90 -> 0 | Y90: =W90+X90 -> 0 | Z90: 0 | AA90: =ROUND((F90-M90)*Z90,2) -> 0 | AC90: =V90 -> 0 | AD90: =AJ90 -> 0 | AE90: =AC90+AD90 -> 0 | AF90: =AC90*H90 -> 0 | AG90: =AD90*H90 -> 0 | AH90: =AF90+AG90 -> 0 | AI90: 0 | AJ90: =ROUND(F90*AI90,2) -> 0 | AL90: =AE90 -> 0 | AM90: =AS90 -> 1 | AN90: =AL90+AM90 -> 1 | AO90: =AL90*H90 -> 0 | AP90: =AM90*H90 -> 25698.187 | AQ90: =AO90+AP90 -> 25698.187 | AR90: 1 | AS90: =ROUND(F90*AR90,2) -> 1
A91: 8.2 | B91: MERCADO | C91: MERCADO | D91: GANGORRA DUPLA, FORNECIMENTO E INSTALAÇÃO | E91: UNID | F91: 1 | G91: =COTAÇÕES!B13 -> 2786.6667 | H91: =G91+G91*$H$11 -> 3556.9013 | I91: 3556.9 | L91: =R91 -> 0 | M91: =K91+L91 -> 0 | O91: =L91*H91 -> 0 | P91: =N91+O91 -> 0 | Q91: 0 | R91: =ROUND(F91*Q91,2) -> 0 | T91: =L91 -> 0 | U91: =AA91 -> 0 | V91: =T91+U91 -> 0 | W91: =T91*H91 -> 0 | X91: =U91*H91 -> 0 | Y91: =W91+X91 -> 0 | Z91: 0 | AA91: =ROUND((F91-M91)*Z91,2) -> 0 | AC91: =V91 -> 0 | AD91: =AJ91 -> 0 | AE91: =AC91+AD91 -> 0 | AF91: =AC91*H91 -> 0 | AG91: =AD91*H91 -> 0 | AH91: =AF91+AG91 -> 0 | AI91: 0 | AJ91: =ROUND(F91*AI91,2) -> 0 | AL91: =AE91 -> 0 | AM91: =AS91 -> 1 | AN91: =AL91+AM91 -> 1 | AO91: =AL91*H91 -> 0 | AP91: =AM91*H91 -> 3556.9013 | AQ91: =AO91+AP91 -> 3556.9013 | AR91: 1 | AS91: =ROUND(F91*AR91,2) -> 1
A92: 8.3 | B92: MERCADO | C92: MERCADO | D92: BALANÇO DUPLO, FORNECIMENTO E INSTALAÇÃO | E92: UNID | F92: 1 | G92: =COTAÇÕES!B26 -> 3533.3333 | H92: =G92+G92*$H$11 -> 4509.9467 | I92: 4509.95 | L92: =R92 -> 0 | M92: =K92+L92 -> 0 | O92: =L92*H92 -> 0 | P92: =N92+O92 -> 0 | Q92: 0 | R92: =ROUND(F92*Q92,2) -> 0 | T92: =L92 -> 0 | U92: =AA92 -> 0 | V92: =T92+U92 -> 0 | W92: =T92*H92 -> 0 | X92: =U92*H92 -> 0 | Y92: =W92+X92 -> 0 | Z92: 0 | AA92: =ROUND((F92-M92)*Z92,2) -> 0 | AC92: =V92 -> 0 | AD92: =AJ92 -> 0 | AE92: =AC92+AD92 -> 0 | AF92: =AC92*H92 -> 0 | AG92: =AD92*H92 -> 0 | AH92: =AF92+AG92 -> 0 | AI92: 0 | AJ92: =ROUND(F92*AI92,2) -> 0 | AL92: =AE92 -> 0 | AM92: =AS92 -> 0 | AN92: =AL92+AM92 -> 0 | AO92: =AL92*H92 -> 0 | AP92: =AM92*H92 -> 0 | AQ92: =AO92+AP92 -> 0 | AR92: 0 | AS92: =ROUND(F92*AR92,2) -> 0
A93: 8.4 | B93: MERCADO | C93: MERCADO | D93: ESCADA HORIZONTAL, FORNECIMENTO E INSTALAÇÃO | E93: UNID | F93: 1 | G93: =COTAÇÕES!B19 -> 3630 | H93: =G93+G93*$H$11 -> 4633.332 | I93: 4633.33 | L93: =R93 -> 0 | M93: =K93+L93 -> 0 | O93: =L93*H93 -> 0 | P93: =N93+O93 -> 0 | Q93: 0 | R93: =ROUND(F93*Q93,2) -> 0 | T93: =L93 -> 0 | U93: =AA93 -> 0 | V93: =T93+U93 -> 0 | W93: =T93*H93 -> 0 | X93: =U93*H93 -> 0 | Y93: =W93+X93 -> 0 | Z93: 0 | AA93: =ROUND((F93-M93)*Z93,2) -> 0 | AC93: =V93 -> 0 | AD93: =AJ93 -> 0 | AE93: =AC93+AD93 -> 0 | AF93: =AC93*H93 -> 0 | AG93: =AD93*H93 -> 0 | AH93: =AF93+AG93 -> 0 | AI93: 0 | AJ93: =ROUND(F93*AI93,2) -> 0 | AL93: =AE93 -> 0 | AM93: =AS93 -> 1 | AN93: =AL93+AM93 -> 1 | AO93: =AL93*H93 -> 0 | AP93: =AM93*H93 -> 4633.332 | AQ93: =AO93+AP93 -> 4633.332 | AR93: 1 | AS93: =ROUND(F93*AR93,2) -> 1
A94: 9 | B94: SERVIÇOS FINAIS | I94: =SUM(I95:I96) -> 4054.46 | O94: =SUM(O76:O93) -> 0 | P94: =SUM(P76:P93) -> 0 | W94: =SUM(W90:W93) -> 0 | X94: =SUM(X90:X93) -> 0 | Y94: =W94+X94 -> 0 | AF94: =SUM(AF90:AF93) -> 0 | AG94: =SUM(AG90:AG93) -> 0 | AH94: =AF94+AG94 -> 0 | AO94: =SUM(AO90:AO93) -> 0 | AP94: =SUM(AP90:AP93) -> 33888.42 | AQ94: =AO94+AP94 -> 33888.42
A95: 9.1 | B95: ED-50269 | C95: SETOP | D95: LIMPEZA PERMANENTE DA OBRA - 01 SERVENTE X 8 HORAS DIÁRIAS | E95: MÊS | F95: 0.15 | G95: 4606.8 | H95: =G95+G95*$H$11 -> 5880.1195 | I95: 882.02 | L95: =R95 -> 0 | M95: =K95+L95 -> 0 | O95: =L95*H95 -> 0 | P95: =N95+O95 -> 0 | Q95: 0 | R95: =ROUND(F95*Q95,2) -> 0 | T95: =L95 -> 0 | U95: =AA95 -> 0.05 | V95: =T95+U95 -> 0.05 | W95: =T95*H95 -> 0 | X95: =U95*H95 -> 294.00598 | Y95: =W95+X95 -> 294.00598 | Z95: 0.3 | AA95: =ROUND((F95-M95)*Z95,2) -> 0.05 | AC95: =V95 -> 0.05 | AD95: =AJ95 -> 0 | AE95: =AC95+AD95 -> 0.05 | AF95: =AC95*H95 -> 294.00598 | AG95: =AD95*H95 -> 0 | AH95: =AF95+AG95 -> 294.00598 | AI95: 0 | AJ95: =ROUND(F95*AI95,2) -> 0 | AL95: =AE95 -> 0.05 | AM95: =AS95 -> 0.1 | AN95: =AL95+AM95 -> 0.15 | AO95: =AL95*H95 -> 294.00598 | AP95: =AM95*H95 -> 588.01195 | AQ95: =AO95+AP95 -> 882.01793 | AR95: 0.69 | AS95: =ROUND(F95*AR95,2) -> 0.1
A96: 9.2 | B96: ED-50635 | C96: SETOP | D96: PLACA DE ALUMÍNIO ANODIZADO, DIMENSÃO (70X60)CM, INCLUSIVE FIXAÇÃO | E96: UNID | F96: 1 | G96: 2485.46 | H96: =G96+G96*$H$11 -> 3172.4411 | I96: 3172.44 | L96: =R96 -> 0 | M96: =K96+L96 -> 0 | O96: =L96*H96 -> 0 | P96: =N96+O96 -> 0 | Q96: 0 | R96: =ROUND(F96*Q96,2) -> 0 | T96: =L96 -> 0 | U96: =AA96 -> 0 | V96: =T96+U96 -> 0 | W96: =T96*H96 -> 0 | X96: =U96*H96 -> 0 | Y96: =W96+X96 -> 0 | Z96: 0 | AA96: =ROUND((F96-M96)*Z96,2) -> 0 | AC96: =V96 -> 0 | AD96: =AJ96 -> 0 | AE96: =AC96+AD96 -> 0 | AF96: =AC96*H96 -> 0 | AG96: =AD96*H96 -> 0 | AH96: =AF96+AG96 -> 0 | AI96: 0 | AJ96: =ROUND(F96*AI96,2) -> 0 | AL96: =AE96 -> 0 | AM96: =AS96 -> 1 | AN96: =AL96+AM96 -> 1 | AO96: =AL96*H96 -> 0 | AP96: =AM96*H96 -> 3172.4411 | AQ96: =AO96+AP96 -> 3172.4411 | AR96: 1 | AS96: =ROUND(F96*AR96,2) -> 1
A97: TOTAL | I97: =SUM(I15+I19+I25+I35+I48+I57+I75+I89+I94) -> 376384.79 | O97: =SUM(O95:O96) -> 0 | P97: =SUM(P95:P96) -> 0 | W97: =SUM(W95:W96) -> 0 | X97: =SUM(X95:X96) -> 294.00598 | Y97: =W97+X97 -> 294.00598 | AF97: =SUM(AF95:AF96) -> 294.00598 | AG97: =SUM(AG95:AG96) -> 0 | AH97: =AF97+AG97 -> 294.00598 | AO97: =SUM(AO95:AO96) -> 294.00598 | AP97: =SUM(AP95:AP96) -> 3760.4531 | AQ97: =AO97+AP97 -> 4054.4591
D100: FERNANDA GONÇALVES COSTA ENGENHEIRA CIVIL CREA-MG 247.206/D | H100: FRANCIELLE A. LOPES PIMENTA ARQUITETA E URBANISTA CAU-MG A144799-8
K101: ANTÔNIO HENRIQUE SOUZA SANTANA - SECRETÁRIO MUNICIPAL DE OBRAS E SERVIÇOS URBANOS | M101: FERNANDA GONÇALVES COSTA - ENGENHEIRA CIVIL CREA-MG 247206/D | P101: FRANCIELLE A. LOPES PIMENTA - ARQUITETA E URBANISTA CAU-MG A144799-8
D104: ANTÔNIO HENRIQUE DE SOUZA SANTANA - SECRETÁRIO MUNICIPAL DE OBRAS E SERVIÇOS URBANOS | T104: ANTÔNIO HENRIQUE SOUZA SANTANA - SECRETÁRIO MUNICIPAL DE OBRAS E SERVIÇOS URBANOS | Y104: FERNANDA GONÇALVES COSTA - ENGENHEIRA CIVIL CREA-MG 247206/D | AC104: ANTÔNIO HENRIQUE SOUZA SANTANA - SECRETÁRIO MUNICIPAL DE OBRAS E SERVIÇOS URBANOS | AH104: FERNANDA GONÇALVES COSTA - ENGENHEIRA CIVIL CREA-MG 247206/D | AL104: ANTÔNIO HENRIQUE SOUZA SANTANA - SECRETÁRIO MUNICIPAL DE OBRAS E SERVIÇOS URBANOS | AQ104: FERNANDA GONÇALVES COSTA - ENGENHEIRA CIVIL CREA-MG 247206/D
T111: =#REF!+#REF!+#REF!+#REF! -> #REF!

Sheet CRONOGRAMA
A1: PREFEITURA MUNICIPAL DE JANUÁRIA- MG Avenida Aeroporto, 250. Bairro: Aeroporto - CEP 39480-000 - Januária/MG CNPJ 21.461.546/0001-10 Telefax: 0xx (38) 3621-2656 SECRETARIA MUNICIPAL DE OBRAS E SERVIÇOS URBANOS
A9: CRONOGRAMA FÍSICO FINANCEIRO
A10: PREFEITURA MUNICIPAL DE JANUÁRIA
A11: OBRA:CONSTRUÇÃO DA PRAÇA DA PREVIDÊNCIA | G11: DATA: 11/02/2026
A12: LOCAL: JANUÁRIA - MG | G12: BDI: | H12: 0.27643
A13: ='PANILHA '!A12:I12 -> REGIÃO/MÊS DE REFERÊNCIA: SETOP REGIÃO NORTE OUTUBRO/2025 - SINAPI DEZEMBRO/2025
A14: PRAZO DE EXECUÇÃO: 3 MESES
A15: ITEM | B15: ETAPA | C15: VALOR/ETAPA | D15: PESO(%) | E15: MÊS 1 | F15: MÊS 2 | G15: MÊS 3 | H15: TOTAL (R$)
A16: 1 | B16: ='PANILHA '!B15:H15 -> SERVIÇOS INICIAIS | C16: ='PANILHA '!I15 -> 56067.69 | D16: =C16/C35 -> 0.14896375 | E16: 1 | H16: =SUM(E16) -> 1
E17: =E16*$C$16 -> 56067.69 | H17: =SUM(E17) -> 56067.69
A18: 2 | B18: ='PANILHA '!B19:H19 -> MOVIMENTAÇÃO DE TERRA | C18: ='PANILHA '!I19 -> 8030.01 | D18: =C18/C35 -> 0.021334576 | E18: 1 | H18: =SUM(E18) -> 1
E19: =E18*$C$18 -> 8030.01 | H19: =SUM(E19) -> 8030.01
A20: 3 | B20: ='PANILHA '!B25:H25 -> PAVIMENTAÇÃO | C20: ='PANILHA '!I25 -> 107641.02 | D20: =C20/C35 -> 0.28598664 | E20: 0.5 | F20: 0.25 | G20: 0.25 | H20: =SUM(E20+F20+G20) -> 1
E21: =E20*C20 -> 53820.51 | F21: =F20*$C$20 -> 26910.255 | G21: =G20*$C$20 -> 26910.255 | H21: =SUM(E21:G21) -> 107641.02
A22: 4 | B22: ='PANILHA '!B35:H35 -> INFRAESTRUTURA (PERGOLADO) | C22: ='PANILHA '!I35 -> 56830.31 | D22: =C22/C35 -> 0.15098992 | E22: 0.2 | F22: 0.6 | G22: 0.2 | H22: =SUM(E22:G22) -> 1
E23: =E22*$C$22 -> 11366.062 | F23: =F22*$C$22 -> 34098.186 | G23: =G22*$C$22 -> 11366.062 | H23: =SUM(E23:G23) -> 56830.31
A24: 5 | B24: ='PANILHA '!B48:H48 -> INFRAESTRUTURA (PÓRTICO) | C24: ='PANILHA '!I48 -> 16442.15 | D24: =C24/C35 -> 0.043684417 | F24: 0.5 | G24: 0.5 | H24: =SUM(F24:G24) -> 1
F25: =F24*$C$24 -> 8221.075 | G25: =G24*$C$24 -> 8221.075 | H25: =SUM(F25:G25) -> 16442.15
A26: 6 | B26: ='PANILHA '!B57:H57 -> ILUMINAÇÃO DA PRAÇA | C26: ='PANILHA '!I57 -> 49593.35 | D26: =C26/C35 -> 0.13176236 | F26: 0.5 | G26: 0.5 | H26: =SUM(F26:G26) -> 1
F27: =F26*$C$26 -> 24796.675 | G27: =G26*$C$26 -> 24796.675 | H27: =SUM(F27:G27) -> 49593.35
A28: 7 | B28: ='PANILHA '!B75:H75 -> PAISAGISMO | C28: ='PANILHA '!I75 -> 39327.43 | D28: =C28/C35 -> 0.1044873 | F28: 0.5 | G28: 0.5 | H28: =SUM(F28:G28) -> 1
F29: =F28*C28 -> 19663.715 | G29: =G28*C28 -> 19663.715 | H29: =SUM(F29:G29) -> 39327.43
A30: 8 | B30: ='PANILHA '!B89:H89 -> PLAYGROUND | C30: ='PANILHA '!I89 -> 38398.37 | D30: =C30/C35 -> 0.10201892 | F30: 0.5 | G30: 0.5 | H30: =SUM(F30:G30) -> 1
F31: =F30*C30 -> 19199.185 | G31: =G30*C30 -> 19199.185 | H31: =SUM(F31:G31) -> 38398.37
A32: 9 | B32: ='PANILHA '!B94:H94 -> SERVIÇOS FINAIS | C32: ='PANILHA '!I94 -> 4054.46 | D32: =C32/C35 -> 0.010772114 | G32: 1 | H32: =SUM(G32:G32) -> 1
G33: =C32*G32 -> 4054.46 | H33: =SUM(E33:G33) -> 4054.46
A34: SOMA | C34: =SUM(C16:C33) -> 376384.79 | D34: =SUM(D16:D33) -> 1 | E34: =SUM(E17+E19+E21+E23) -> 129284.27 | F34: =SUM(F21+F23+F25+F27+F29+F31) -> 132889.09 | G34: =SUM(G21+G23+G25+G27+G29+G31+G33) -> 114211.43 | H34: =SUM(H17+H19+H21+H23+H25+H27+H29+H31+H33) -> 376384.79
A35: TOTAL ACUMULADO (R$) | C35: =SUM(C16:C33) -> 376384.79 | E35: =E34 -> 129284.27 | F35: =E35+F34 -> 262173.36 | G35: =F35+G34 -> 376384.79 | H35: 01/01
B40: FERNANDA GONÇALVE COSTA- ENGENHEIRA CIVIL CREA-MG 247.206/D | E40: FRANCIELLE A. LOPES PIMENTA - ARQUITETA E URBANISTA-CAU-MG A144799-8
B42: ANTÔNIO HENRIQUE DE SOUZA SANTANA - SECRETÁRIO MUNICIPAL DE OBRAS E SERVIÇOS URBANOS

Sheet BDI
A1: PREFEITURA MUNICIPAL DE JANUÁRIA- MG Avenida Aeroporto, 250- CEP 39480-000 - Januária/MG CNPJ 21.461.546/0001-10 (38) 3621-2656 QUADRO DE COMPOSIÇÃO DO BDI OBRA: CONSTRUÇÃO DA PRAÇA DA PREVIDÊNCIA ISS: 3% MUNICIPIO: JANUÁRIA / MG
A2: ITENS | B2: SIGLAS | C2: % ADOTADO
A3: Administração Central | B3: AC | C3: 0.04
A4: Seguro e Garantia | B4: SG | C4: 0.008
A5: Risco | B5: R | C5: 0.0127
A6: Despesas Financeiras | B6: DF | C6: 0.0123
A7: Lucro | B7: L | C7: 0.074
A8: Tributos (impostos COFINS 3% e PIS 0,65%) | B8: CP | C8: 0.0365
A9: Tributos (ISS, variável de acordo com o município) | B9: ISS | C9: =B12*B13 -> 0.015
A10: Tributos (Contribuição Previdenciária sobre a Receita Bruta - 0% (sem desoneração) ou 4,5% (com desoneração) | B10: CPRB | C10: 0.045
A11: BDI COM DESONERAÇÃO | B11: BDI DES | C11: =(((1+C3+C4+C5)*(1+C6)*(1+C7))/(1-C8-C9-C10))-1 -> 0.27637394
A12: Conforme legislação tributária municipal, definir estimativa de percentual da base de cálculo para o ISS | B12: 0.5
A13: Sobre a base de cálculo, definir a respectiva alíquota do ISS (entre 2% e 5%) | B13: 0.03
A14: Os valores de BDI foram calculados com o emprego da fórmula:
A15: BDI = ( ( ( 1 +AC + S + R + G ) * ( 1 + DF ) * ( 1 + L ) ) / ( 1 - CP - ISS - CPRB ) ) - 1
A17: Januária - MG, 27 de Novembro de 2025
A21: ____________________________________________
A22: Responsável Técnico
A26: ____________________________________________
A27: Responsável Setor de Tributos - Prefeitura Municipal de Januária - MG

Sheet COTAÇÕES
A2: PLAYGROUND | D2: BICICLETÁRIO
A3: CASINHA TARZAN | D3: MERCADO LIVRE | E3: 382 | F3: https://www.mercadolivre.com.br/bicicletario-paraciclo-u-invertido-para-chumbar-altmayer/up/MLBU1739110580#polycard_client=recommendations_vpp-pdp-v2p-pom&reco_backend=ranker_retrieval_system_vpp_v2p&reco_model=coldstart_high_exposition&reco_client=vpp-pdp-v2p-pom&reco_item_pos=0&reco_backend_type=low_level&reco_id=031d4a48-2d1b-451f-9942-9c3b23c348c3&wid=MLB3658879267&sid=recos
A4: SANTOS E SÁ | B4: 21350 | D4: MERCADO LIVRE | E4: 280 | F4: https://www.mercadolivre.com.br/bicicletario-paraciclo-u-invertido-para-chumbar/up/MLBU3433985656#polycard_client=recommendations_vpp-v2p-pom&reco_backend=ranker_retrieval_system_vpp_v2p&reco_model=ranker_entity_v2_retrieval_system_vpp_v2p&reco_client=vpp-v2p-pom&reco_item_pos=1&reco_backend_type=low_level&reco_id=0eb295d1-f48d-4185-b581-fa29bbf18b2e&wid=MLB4211666701&sid=recos
A5: RECANTO EUCALIPTOS | B5: 18200 | D5: altmayer sport | E5: 459.75 | F5: https://www.altmayer.com.br/produtos/ver/385/bicicletario-u-invertido-p-chumbar-galvanizado-tracking-google-shopping?gad_source=4&gad_campaignid=19279963601&gbraid=0AAAAAoLul3weeheiBZ_kxxyMZ0L6Jw0AV&gclid=EAIaIQobChMIqbKQqYDNkgMVX2pIAB2wwxnzEAQYCiABEgKrefD_BwE
A6: MARCENARIA TELES | B6: 20850 | E6: =AVERAGE(E3:E5) -> 373.91667
B7: =AVERAGE(B4:B6) -> 20133.333
A9: GANGORRA DUPLA | D9: PINTURA TEXTURIZADA
A10: SANTOS E SÁ LDTA | B10: 3150 | D10: PLINIO PINTOR | E10: 9800
A11: RECANTO EUCALIPTOS | B11: 2300 | D11: MATHEUS PINTOR | E11: 10200
A12: MARCENARIA TELES | B12: 2910 | D12: HENRIQUE PINTURAS | E12: 10500
B13: =AVERAGE(B10:B12) -> 2786.6667 | E13: =AVERAGE(E10:E12) -> 10166.667
A15: ESCADA HORIZONTAL
A16: SANTOS E SÁ LDTA | B16: 4250
A17: RECANTO EUCALITOS | B17: 2700
A18: MARCENARIA TELES | B18: 3940
B19: =AVERAGE(B16:B18) -> 3630
A22: BALANÇO DUPLO
A23: RECANTO EUCALIPTOS | B23: 2650
A24: SANTOS E SÁ | B24: 4100
A25: MARCENARIA TELES | B25: 3850
B26: =AVERAGE(B23:B25) -> 3533.3333
